Workbook
Name \a: #REF!
Name \a: #REF!
Name \a: #REF!
Name \b: [1]model!#REF!
Name \b: [1]model!#REF!
Name \B: #REF!
Name \c: [1]model!#REF!
Name \c: [1]model!#REF!
Name \C: #REF!
Name \d: #REF!
Name \d: #REF!
Name \d: #REF!
Name \e: #REF!
Name \e: #REF!
Name \e: #REF!
Name \f: #REF!
Name \f: #REF!
Name \F: #REF!
Name \g: #REF!
Name \g: #REF!
Name \g: #REF!
Name \h: #REF!
Name \h: #REF!
Name \H: #REF!
Name \i: #REF!
Name \i: #REF!
Name \I: #REF!
Name \j: #REF!
Name \j: #REF!
Name \j: #REF!
Name \l: #REF!
Name \l: #REF!
Name \l: #REF!
Name \M: #REF!
Name \n: '[2]P&L'!#REF!
Name \o: #REF!
Name \o: #REF!
Name \O: #REF!
Name \p: #REF!
Name \p: #REF!
Name \P: #REF!
Name \q: #REF!
Name \q: #REF!
Name \q: #REF!
Name \r: #REF!
Name \r: #REF!
Name \r: #REF!
Name \s: #REF!
Name \s: #REF!
Name \S: #REF!
Name \t: #REF!
Name \t: #REF!
Name \T: #REF!
Name \v: #REF!
Name \v: #REF!
Name \v: #REF!
Name \VAL: #REF!
Name \w: #REF!
Name \w: #REF!
Name \w: #REF!

Sheet Dashboard
A2: Bajaj Auto
B4: Lead Analyst | D4: Associate 1
A5: Analyst Name
A6: Contact Number
A7: Email
A9: Sector Name
A11: Financial Year
A13: Valuation Method
E15: =+E17/D17-1 -> #NAME?
D16: CMP | E16: TARGET | F16: RECO | G16: RISK
D17: =+Uploader!E11 -> #NAME? | E17: =' Valuation'!E8 -> 2900 | F17: HOLD | G17: HIGH
A18: BSE Code | B18: 532977
A19: NSE Code | B19: BAJAJAUTO | E19: Mar '18
A20: Bloomberg Code | B20: BJAUT IN
D22: UPDATE HISTORY
D23: Date | E23: Key Changes

Sheet Summary Financials
A2: Company Data
A3: Market cap (Rs mn ) | K3: 860534.11
A4: Market cap (US$ mn ) | K4: =K3/67.5 -> 12748.654
A5: Outstanding equity shares (mn) | K5: =G37 -> 289.36702
A6: Free float (%) | K6: =+_xll.BDP(CONCATENATE(Dashboard!B20," Equity"),"eqy_float") -> #NAME?
A7: Dividend yield (%) | K7: 1.34506
A8: 52-week high/low (Rs) | K8: =+CONCATENATE(ROUND(_xll.BDP(CONCATENATE(Dashboard!B20," Equity"),"high_52week"),0)," / ",ROUND(_xll.BDP(CONCATENATE(Dashboard!B20," Equity"),"low_52week"),0)) -> #NAME?
A9: 2-month average daily volume | K9: =+_xll.BDP(CONCATENATE(Dashboard!B20," Equity"),"volume_avg_40d") -> #NAME?
Q10: Valuation Matrix
A11: Enterprise Value | Q11: (x) | R11: =+D18 -> FY08 | S11: =+E18 -> FY09 | T11: =+F18 -> FY10 | U11: =+G18 -> FY11 | V11: =+H18 -> FY12 | W11: =+I18 -> FY13 | X11: =+J18 -> FY14 | Y11: =+K18 -> FY15 | ... AD11: =+P18 -> FY20E
A12: CMP | K12: 2973.85 | Q12: P/E @ CMP | R12: =+R67 -> 104.46594 | S12: =+S67 -> 127.03956 | T12: =+T67 -> 48.420771 | U12: =+U67 -> 30.380245 | V12: =+V67 -> 28.645799 | W12: =+W67 -> 29.986201 | X12: =+X67 -> 26.279775 | Y12: =+Y67 -> 27.936254 | ... AD12: =+AD67 -> -
A13: Market cap | K13: =+K12*K37 -> 860534.11 | Q13: P/E @ Target | R13: =+Dashboard!$E$17/D38 -> 101.87173 | S13: =+Dashboard!$E$17/E38 -> 123.88477 | T13: =+Dashboard!$E$17/F38 -> 47.218332
A14: Net debt | K14: =-'Bal Sheet'!P36 -> -91905 | Q14: EV/EBITDA | R14: =+R66 -> 62.517619 | S14: =+S66 -> 68.364518 | T14: =+T66 -> 30.047462 | U14: =+U66 -> 24.21474 | V14: =+V66 -> 20.662128 | W14: =+W66 -> 21.127503 | X14: =+X66 -> 18.101022 | Y14: =+Y66 -> 18.446641 | ... AD14: =+AD66 -> 11.517271
A15: Enterprise value | K15: =+K13+K14 -> 768629.11
O16: =(O19/M19)^(1/2)-1 -> 0.18143577
A17: Income statement (Rs mn) | O17: =(O35/M35)^(1/2)-1 -> 0.15371399 | Q17: Balance sheet (Rs mn)
A18: FYE March, Rs mn | B18: FY06 | C18: FY07 | D18: FY08 | E18: FY09 | F18: FY10 | G18: FY11 | H18: FY12 | I18: FY13 | J18: FY14 | K18: FY15 | L18: FY16 | M18: FY17E | N18: FY18E | O18: FY19E | P18: FY20E | Q18: FYE March, Rs mn | R18: =+D18 -> FY08 | S18: =+E18 -> FY09 | T18: =+F18 -> FY10 | U18: =+G18 -> FY11 | V18: =+H18 -> FY12 | W18: =+I18 -> FY13 | X18: =+J18 -> FY14 | Y18: =+K18 -> FY15 | ... AD18: =+P18 -> FY20E
A19: Revenues | B19: - | C19: - | D19: =+'Inc Stmt'!H9 -> 90169.5 | E19: =+'Inc Stmt'!I9 -> 88148.1 | F19: =+'Inc Stmt'!J9 -> 118864.7 | G19: =+'Inc Stmt'!K9 -> 163982.3 | H19: =+'Inc Stmt'!L9 -> 195289.8 | I19: =+'Inc Stmt'!M9 -> 199972.5 | J19: =+'Inc Stmt'!N9 -> 201495.1 | K19: =+'Inc Stmt'!O9 -> 216120.1 | ... P19: =+'Inc Stmt'!T9 -> 352252.66 | Q19: Cash and cash eq | R19: =+'Bal Sheet'!H13 -> 712.4 | S19: =+'Bal Sheet'!I13 -> 1426.4 | T19: =+'Bal Sheet'!J13 -> 1014.1 | U19: =+'Bal Sheet'!K13 -> 5564.9 | V19: =+'Bal Sheet'!L13 -> 16538.3 | W19: =+'Bal Sheet'!M13 -> 5588.5 | X19: =+'Bal Sheet'!N13 -> 4862.8 | Y19: =+'Bal Sheet'!O13 -> 5750.7 | ... AD19: =+'Bal Sheet'!T13 -> 33834
A20: Growth (%) | B20: - | C20: - | D20: - | E20: =+(E19/D19-1)*100 -> -2.241778 | F20: =+(F19/E19-1)*100 -> 34.846582 | G20: =+(G19/F19-1)*100 -> 37.957106 | H20: =+(H19/G19-1)*100 -> 19.092 | I20: =+(I19/H19-1)*100 -> 2.3978211 | J20: =+(J19/I19-1)*100 -> 0.76140469 | K20: =+(K19/J19-1)*100 -> 7.258241 | L20: =+(L19/K19-1)*100 -> 4.5091132 | ... P20: =+(P19/O19-1)*100 -> 15.942287 | Q20: Accounts receivable | R20: =+'Bal Sheet'!H10 -> 2528.5 | S20: =+'Bal Sheet'!I10 -> 2809.4 | T20: =+'Bal Sheet'!J10 -> 2728.4 | U20: =+'Bal Sheet'!K10 -> 3627.6 | V20: =+'Bal Sheet'!L10 -> 4227.9 | W20: =+'Bal Sheet'!M10 -> 7675.8 | X20: =+'Bal Sheet'!N10 -> 7962.1 | Y20: =+'Bal Sheet'!O10 -> 7169.6 | ... AD20: =+'Bal Sheet'!T10 -> 9650.7579
A21: EBITDA | B21: - | C21: - | D21: =+'Inc Stmt'!H21 -> 12294.6 | E21: =+'Inc Stmt'!I21 -> 11243.1 | F21: =+'Inc Stmt'!J21 -> 25580.5 | G21: =+'Inc Stmt'!K21 -> 31742.2 | H21: =+'Inc Stmt'!L21 -> 37199.9 | I21: =+'Inc Stmt'!M21 -> 36380.5 | J21: =+'Inc Stmt'!N21 -> 42463.3 | K21: =+'Inc Stmt'!O21 -> 41667.7 | ... P21: =+'Inc Stmt'!T21 -> 66737.086 | Q21: Inventories | R21: =+'Bal Sheet'!H9 -> 3661.3 | S21: =+'Bal Sheet'!I9 -> 3717.6 | T21: =+'Bal Sheet'!J9 -> 4462.1 | U21: =+'Bal Sheet'!K9 -> 5472.8 | V21: =+'Bal Sheet'!L9 -> 6785.3 | W21: =+'Bal Sheet'!M9 -> 6362.8 | X21: =+'Bal Sheet'!N9 -> 6397.2 | Y21: =+'Bal Sheet'!O9 -> 8141.5 | ... AD21: =+'Bal Sheet'!T9 -> 10669.878
A22: Growth (%) | B22: - | C22: - | D22: - | E22: =+(E21/D21-1)*100 -> -8.5525353 | F22: =+(F21/E21-1)*100 -> 127.52177 | G22: =+(G21/F21-1)*100 -> 24.087489 | H22: =+(H21/G21-1)*100 -> 17.19383 | I22: =+(I21/H21-1)*100 -> -2.2026941 | J22: =+(J21/I21-1)*100 -> 16.719946 | K22: =+(K21/J21-1)*100 -> -1.8736179 | L22: =+(L21/K21-1)*100 -> 14.763714 | ... P22: =+(P21/O21-1)*100 -> 10.38179 | Q22: Others current assets | R22: =+'Bal Sheet'!H12+'Bal Sheet'!H11 -> 9778.3 | S22: =+'Bal Sheet'!I12+'Bal Sheet'!I11 -> 15065.8 | T22: =+'Bal Sheet'!J12+'Bal Sheet'!J11 -> 21804.9 | U22: =+'Bal Sheet'!K12+'Bal Sheet'!K11 -> 14060.6 | V22: =+'Bal Sheet'!L12+'Bal Sheet'!L11 -> 19197.3 | W22: =+'Bal Sheet'!M12+'Bal Sheet'!M11 -> 19874.8 | X22: =+'Bal Sheet'!N12+'Bal Sheet'!N11 -> 21164.6 | Y22: =+'Bal Sheet'!O12+'Bal Sheet'!O11 -> 21195.2 | ... AD22: =+'Bal Sheet'!T12+'Bal Sheet'!T11 -> 23826.781
A23: Depreciation & amortisation | B23: - | C23: - | D23: =+'Inc Stmt'!H23+'Inc Stmt'!H24 -> 1746.1 | E23: =+'Inc Stmt'!I23+'Inc Stmt'!I24 -> 1306.2 | F23: =+'Inc Stmt'!J23+'Inc Stmt'!J24 -> 1364.5 | G23: =+'Inc Stmt'!K23+'Inc Stmt'!K24 -> 1228.4 | H23: =+'Inc Stmt'!L23+'Inc Stmt'!L24 -> 1456.2 | I23: =+'Inc Stmt'!M23+'Inc Stmt'!M24 -> 1667.7 | J23: =+'Inc Stmt'!N23+'Inc Stmt'!N24 -> 1796.1 | K23: =+'Inc Stmt'!O23+'Inc Stmt'!O24 -> 2674 | ... P23: =+'Inc Stmt'!T23+'Inc Stmt'!T24 -> 3983.175 | Q23: Investments | R23: =+'Bal Sheet'!H17 -> 15632.6 | S23: =+'Bal Sheet'!I17 -> 14231.9 | T23: =+'Bal Sheet'!J17 -> 40215.2 | U23: =+'Bal Sheet'!K17 -> 47952 | V23: =+'Bal Sheet'!L17 -> 48828.4 | W23: =+'Bal Sheet'!M17 -> 64304.9 | X23: =+'Bal Sheet'!N17 -> 85588.3 | Y23: =+'Bal Sheet'!O17 -> 91644 | ... AD23: =+'Bal Sheet'!T17 -> 170126.6
A24: EBIT | B24: - | C24: - | D24: =+'Inc Stmt'!H25 -> 10548.5 | E24: =+'Inc Stmt'!I25 -> 9936.9 | F24: =+'Inc Stmt'!J25 -> 24216 | G24: =+'Inc Stmt'!K25 -> 30513.8 | H24: =+'Inc Stmt'!L25 -> 35743.7 | I24: =+'Inc Stmt'!M25 -> 34712.8 | J24: =+'Inc Stmt'!N25 -> 40667.2 | K24: =+'Inc Stmt'!O25 -> 38993.7 | ... P24: =+'Inc Stmt'!T25 -> 62753.911 | Q24: Gross fixed assets | R24: =+'Bal Sheet'!H86 -> 29895.5 | S24: =+'Bal Sheet'!I86 -> 33395.1 | T24: =+'Bal Sheet'!J86 -> 33792.5 | U24: =+'Bal Sheet'!K86 -> 33908.8 | V24: =+'Bal Sheet'!L86 -> 33939.2 | W24: =+'Bal Sheet'!M86 -> 38288.5 | X24: =+'Bal Sheet'!N86 -> 40770.4 | Y24: =+'Bal Sheet'!O86 -> 41009.1 | ... AD24: =+'Bal Sheet'!T86 -> 58902.5
A25: Growth (%) | B25: - | C25: - | D25: - | E25: =+(E24/D24-1)*100 -> -5.7979808 | F25: =+(F24/E24-1)*100 -> 143.69773 | G25: =+(G24/F24-1)*100 -> 26.006772 | H25: =+(H24/G24-1)*100 -> 17.139458 | I25: =+(I24/H24-1)*100 -> -2.8841446 | J25: =+(J24/I24-1)*100 -> 17.153327 | K25: =+(K24/J24-1)*100 -> -4.11511 | L25: =+(L24/K24-1)*100 -> 14.756486 | ... P25: =+(P24/O24-1)*100 -> 10.462869 | Q25: Net fixed assets | R25: =+'Bal Sheet'!H88 -> 12627.6 | S25: =+'Bal Sheet'!I88 -> 15301.2 | T25: =+'Bal Sheet'!J88 -> 14795.9 | U25: =+'Bal Sheet'!K88 -> 14784.3 | V25: =+'Bal Sheet'!L88 -> 14795.9 | W25: =+'Bal Sheet'!M88 -> 18044.3 | X25: =+'Bal Sheet'!N88 -> 20060.4 | Y25: =+'Bal Sheet'!O88 -> 19172.4 | ... AD25: =+'Bal Sheet'!T88 -> 21176.08
A26: Interest | B26: - | C26: - | D26: =+'Inc Stmt'!H27 -> 51.6 | E26: =+'Inc Stmt'!I27 -> 218.9 | F26: =+'Inc Stmt'!J27 -> 59.8 | G26: =+'Inc Stmt'!K27 -> 16.9 | H26: =+'Inc Stmt'!L27 -> 222.4 | I26: =+'Inc Stmt'!M27 -> 5.4 | J26: =+'Inc Stmt'!N27 -> 5.4 | K26: =+'Inc Stmt'!O27 -> 64.9 | ... P26: =+'Inc Stmt'!T27 -> 10 | Q26: CWIP | R26: =+'Bal Sheet'!H89 -> 347.4 | S26: =+'Bal Sheet'!I89 -> 220.6 | T26: =+'Bal Sheet'!J89 -> 415.2 | U26: =+'Bal Sheet'!K89 -> 698.6 | V26: =+'Bal Sheet'!L89 -> 416.5 | W26: =+'Bal Sheet'!M89 -> 2935.5 | X26: =+'Bal Sheet'!N89 -> 1440.6 | Y26: =+'Bal Sheet'!O89 -> 2549.4 | ... AD26: =+'Bal Sheet'!T89 -> 522.4
A27: Other income | B27: - | C27: - | D27: =+'Inc Stmt'!H28+'Inc Stmt'!H29 -> 446.9 | E27: =+'Inc Stmt'!I28+'Inc Stmt'!I29 -> -832 | F27: =+'Inc Stmt'!J28+'Inc Stmt'!J29 -> -44.9 | G27: =+'Inc Stmt'!K28+'Inc Stmt'!K29 -> 13010.6 | H27: =+'Inc Stmt'!L28+'Inc Stmt'!L29 -> 4740.4 | I27: =+'Inc Stmt'!M28+'Inc Stmt'!M29 -> 5472 | J27: =+'Inc Stmt'!N28+'Inc Stmt'!N29 -> 6118.2 | K27: =+'Inc Stmt'!O28+'Inc Stmt'!O29 -> 2324.9 | ... P27: =+'Inc Stmt'!T28+'Inc Stmt'!T29 -> 14193.775 | Q27: Intangible assets | R27: =+'Bal Sheet'!H16 -> 105.3 | S27: =+'Bal Sheet'!I16 -> 162.6 | T27: =+'Bal Sheet'!J16 -> 0 | U27: =+'Bal Sheet'!K16 -> 42.8 | V27: =+'Bal Sheet'!L16 -> 21.4 | W27: =+'Bal Sheet'!M16 -> 0 | X27: =+'Bal Sheet'!N16 -> 0 | Y27: =+'Bal Sheet'!O16 -> 0 | ... AD27: =+'Bal Sheet'!T16 -> 0
A28: EBT | B28: - | C28: - | D28: =+'Inc Stmt'!H30 -> 10943.8 | E28: =+'Inc Stmt'!I30 -> 8886 | F28: =+'Inc Stmt'!J30 -> 24111.3 | G28: =+'Inc Stmt'!K30 -> 43507.5 | H28: =+'Inc Stmt'!L30 -> 40261.7 | I28: =+'Inc Stmt'!M30 -> 40179.4 | J28: =+'Inc Stmt'!N30 -> 46780 | K28: =+'Inc Stmt'!O30 -> 41253.7 | ... P28: =+'Inc Stmt'!T30 -> 76937.686 | Q28: Deferred tax assets, net | R28: =+'Bal Sheet'!H18 -> -109.8 | S28: =+'Bal Sheet'!I18 -> 221.7 | T28: =+'Bal Sheet'!J18 -> -16.9 | U28: =+'Bal Sheet'!K18 -> -297.1 | V28: =+'Bal Sheet'!L18 -> -484.4 | W28: =+'Bal Sheet'!M18 -> -1151 | X28: =+'Bal Sheet'!N18 -> -1431.8 | Y28: =+'Bal Sheet'!O18 -> -1415.8 | ... AD28: =+'Bal Sheet'!T18 -> -1882.5
A29: Income taxes | B29: - | C29: - | D29: =+'Inc Stmt'!H32 -> 3684.2 | E29: =+'Inc Stmt'!I32 -> 2888.8 | F29: =+'Inc Stmt'!J32 -> 7075 | G29: =+'Inc Stmt'!K32 -> 10110.2 | H29: =+'Inc Stmt'!L32 -> 10221.2 | I29: =+'Inc Stmt'!M32 -> 12226.6 | J29: =+'Inc Stmt'!N32 -> 13901 | K29: =+'Inc Stmt'!O32 -> 12710.5 | ... P29: =+'Inc Stmt'!T32 -> 22311.929 | Q29: Other assets | R29: =+'Bal Sheet'!H20+'Bal Sheet'!H19 -> 3258.1 | S29: =+'Bal Sheet'!I20+'Bal Sheet'!I19 -> 5505.3 | T29: =+'Bal Sheet'!J20+'Bal Sheet'!J19 -> 0 | U29: =+'Bal Sheet'!K20+'Bal Sheet'!K19 -> 0 | V29: =+'Bal Sheet'!L20+'Bal Sheet'!L19 -> 0 | W29: =+'Bal Sheet'!M20+'Bal Sheet'!M19 -> 0 | X29: =+'Bal Sheet'!N20+'Bal Sheet'!N19 -> 0 | Y29: =+'Bal Sheet'!O20+'Bal Sheet'!O19 -> 0.4 | ... AD29: =+'Bal Sheet'!T20+'Bal Sheet'!T19 -> 0
A30: Effective tax rate (%) | B30: - | C30: - | D30: =+D29/D28% -> 33.664723 | E30: =+E29/E28% -> 32.509566 | F30: =+F29/F28% -> 29.343088 | G30: =+G29/G28% -> 23.237833 | H30: =+H29/H28% -> 25.386906 | I30: =+I29/I28% -> 30.430021 | J30: =+J29/J28% -> 29.71569 | K30: =+K29/K28% -> 30.81057 | ... P30: =+P29/P28% -> 29 | Q30: Total assets | R30: =+SUM(R19:R29)-R24 -> 48541.7 | S30: =+SUM(S19:S29)-S24 -> 58662.5 | T30: =+SUM(T19:T29)-T24 -> 85418.9 | U30: =+SUM(U19:U29)-U24 -> 91906.5 | V30: =+SUM(V19:V29)-V24 -> 110326.6 | W30: =+SUM(W19:W29)-W24 -> 123635.6 | X30: =+SUM(X19:X29)-X24 -> 146044.2 | Y30: =+SUM(Y19:Y29)-Y24 -> 154207.4 | ... AD30: =+SUM(AD19:AD29)-AD24 -> 267924
A31: Extra-ordinary items | B31: - | C31: - | D31: =+'Inc Stmt'!H33 -> 0 | E31: =+'Inc Stmt'!I33 -> 0 | F31: =+'Inc Stmt'!J33 -> 0 | G31: =+'Inc Stmt'!K33 -> 0 | H31: =+'Inc Stmt'!L33 -> 0 | I31: =+'Inc Stmt'!M33 -> 2482.9 | J31: =+'Inc Stmt'!N33 -> -446.3 | K31: =+'Inc Stmt'!O33 -> -405.8 | ... P31: =+'Inc Stmt'!T33 -> 0 | Q31: Accounts payable | R31: =+'Bal Sheet'!H135 -> 9509.1 | S31: =+'Bal Sheet'!I135 -> 12339.5 | T31: =+'Bal Sheet'!J135 -> 15712 | U31: =+'Bal Sheet'!K135 -> 19430.8 | V31: =+'Bal Sheet'!L135 -> 17240.8 | W31: =+'Bal Sheet'!M135 -> 19796.1 | X31: =+'Bal Sheet'!N135 -> 21114 | Y31: =+'Bal Sheet'!O135 -> 17997.5 | ... AD31: =+'Bal Sheet'!T135 -> 19990.002
A32: Min int / inc from assoc | B32: - | C32: - | D32: =+'Inc Stmt'!H34+'Inc Stmt'!H35 -> 223 | E32: =+'Inc Stmt'!I34+'Inc Stmt'!I35 -> -626.9 | F32: =+'Inc Stmt'!J34+'Inc Stmt'!J35 -> 0 | G32: =+'Inc Stmt'!K34+'Inc Stmt'!K35 -> 0 | H32: =+'Inc Stmt'!L34+'Inc Stmt'!L35 -> 0 | I32: =+'Inc Stmt'!M34+'Inc Stmt'!M35 -> 0 | J32: =+'Inc Stmt'!N34+'Inc Stmt'!N35 -> 0 | K32: =+'Inc Stmt'!O34+'Inc Stmt'!O35 -> 0 | ... P32: =+'Inc Stmt'!T34+'Inc Stmt'!T35 -> 0 | Q32: Other current liabilities | R32: =+'Bal Sheet'!H140-'Bal Sheet'!H135 -> 987.9 | S32: =+'Bal Sheet'!I140-'Bal Sheet'!I135 -> 0 | T32: =+'Bal Sheet'!J140-'Bal Sheet'!J135 -> 4550.5 | U32: =+'Bal Sheet'!K140-'Bal Sheet'!K135 -> 4835.7 | V32: =+'Bal Sheet'!L140-'Bal Sheet'!L135 -> 9951.1 | W32: =+'Bal Sheet'!M140-'Bal Sheet'!M135 -> 6682.2 | X32: =+'Bal Sheet'!N140-'Bal Sheet'!N135 -> 8535.7 | Y32: =+'Bal Sheet'!O140-'Bal Sheet'!O135 -> 8250.02 | ... AD32: =+'Bal Sheet'!T140-'Bal Sheet'!T135 -> 0
A33: Reported net income | B33: - | C33: - | D33: =+'Inc Stmt'!H36 -> 7495.6 | E33: =+'Inc Stmt'!I36 -> 5379.3 | F33: =+'Inc Stmt'!J36 -> 17036.3 | G33: =+'Inc Stmt'!K36 -> 33397.3 | H33: =+'Inc Stmt'!L36 -> 30040.5 | I33: =+'Inc Stmt'!M36 -> 30435.7 | J33: =+'Inc Stmt'!N36 -> 32432.7 | K33: =+'Inc Stmt'!O36 -> 28137.4 | ... P33: =+'Inc Stmt'!T36 -> 54625.757 | Q33: Provisions | R33: =+'Bal Sheet'!H24 -> 8341.3 | S33: =+'Bal Sheet'!I24 -> 12241.5 | T33: =+'Bal Sheet'!J24 -> 22487.2 | U33: =+'Bal Sheet'!K24 -> 15286.3 | V33: =+'Bal Sheet'!L24 -> 21748.9 | W33: =+'Bal Sheet'!M24 -> 17424.7 | X33: =+'Bal Sheet'!N24 -> 19736.9 | Y33: =+'Bal Sheet'!O24 -> 19920.1 | ... AD33: =+'Bal Sheet'!T24 -> 27340.856
A34: Adjustments | B34: - | C34: - | D34: =+'Inc Stmt'!H38 -> -446.7412 | E34: =+'Inc Stmt'!I38 -> -1992.07 | F34: =+'Inc Stmt'!J38 -> -1051.005 | G34: =+'Inc Stmt'!K38 -> 7245.5 | H34: =+'Inc Stmt'!L38 -> 0 | I34: =+'Inc Stmt'!M38 -> 2482.9 | J34: =+'Inc Stmt'!N38 -> -446.3 | K34: =+'Inc Stmt'!O38 -> -3808.7 | ... P34: =+'Inc Stmt'!T38 -> 0 | Q34: Debt funds | R34: =+'Bal Sheet'!H25+'Bal Sheet'!H26 -> 13463.8 | S34: =+'Bal Sheet'!I25+'Bal Sheet'!I26 -> 15953.6 | T34: =+'Bal Sheet'!J25+'Bal Sheet'!J26 -> 13385.6 | U34: =+'Bal Sheet'!K25+'Bal Sheet'!K26 -> 3251.5 | V34: =+'Bal Sheet'!L25+'Bal Sheet'!L26 -> 974.8 | W34: =+'Bal Sheet'!M25+'Bal Sheet'!M26 -> 712.7 | X34: =+'Bal Sheet'!N25+'Bal Sheet'!N26 -> 577.4 | Y34: =+'Bal Sheet'!O25+'Bal Sheet'!O26 -> 1118.28 | ... AD34: =+'Bal Sheet'!T25+'Bal Sheet'!T26 -> 1624.8
A35: Adjusted net income | B35: - | C35: - | D35: =+'Inc Stmt'!H40 -> 7942.3412 | E35: =+'Inc Stmt'!I40 -> 6773.749 | F35: =+'Inc Stmt'!J40 -> 17772.003 | G35: =+'Inc Stmt'!K40 -> 28325.45 | H35: =+'Inc Stmt'!L40 -> 30040.5 | I35: =+'Inc Stmt'!M40 -> 28697.67 | J35: =+'Inc Stmt'!N40 -> 32745.11 | K35: =+'Inc Stmt'!O40 -> 30803.49 | ... P35: =+'Inc Stmt'!T40 -> 54625.757 | Q35: Other liabilities | R35: =+'Bal Sheet'!H27+'Bal Sheet'!H28 -> 4.2 | S35: =+'Bal Sheet'!I27+'Bal Sheet'!I28 -> 0 | T35: =+'Bal Sheet'!J27+'Bal Sheet'!J28 -> 0 | U35: =+'Bal Sheet'!K27+'Bal Sheet'!K28 -> 0 | V35: =+'Bal Sheet'!L27+'Bal Sheet'!L28 -> 0 | W35: =+'Bal Sheet'!M27+'Bal Sheet'!M28 -> 0 | X35: =+'Bal Sheet'!N27+'Bal Sheet'!N28 -> 0 | Y35: =+'Bal Sheet'!O27+'Bal Sheet'!O28 -> 0 | ... AD35: =+'Bal Sheet'!T27+'Bal Sheet'!T28 -> 0
A36: Growth (%) | B36: - | C36: - | D36: - | E36: =+(E35/D35-1)*100 -> -14.713447 | F36: =+(F35/E35-1)*100 -> 162.36584 | G36: =+(G35/F35-1)*100 -> 59.382424 | H36: =+(H35/G35-1)*100 -> 6.0548023 | I36: =+(I35/H35-1)*100 -> -4.4700654 | J36: =+(J35/I35-1)*100 -> 14.103723 | K36: =+(K35/J35-1)*100 -> -5.929496 | L36: =+(L35/K35-1)*100 -> 27.572233 | ... P36: =+(P35/O35-1)*100 -> 7.2208242 | Q36: Equity capital | R36: =+'Bal Sheet'!H173+'Bal Sheet'!H177 -> 2893.6702 | S36: =+'Bal Sheet'!I173+'Bal Sheet'!I177 -> 2893.6702 | T36: =+'Bal Sheet'!J173+'Bal Sheet'!J177 -> 2893.6702 | U36: =+'Bal Sheet'!K173+'Bal Sheet'!K177 -> 2893.6702 | V36: =+'Bal Sheet'!L173+'Bal Sheet'!L177 -> 2893.6702 | W36: =+'Bal Sheet'!M173+'Bal Sheet'!M177 -> 2893.6702 | X36: =+'Bal Sheet'!N173+'Bal Sheet'!N177 -> 2893.6702 | Y36: =+'Bal Sheet'!O173+'Bal Sheet'!O177 -> 2893.7 | ... AD36: =+'Bal Sheet'!T173+'Bal Sheet'!T177 -> 2893.6702
A37: Shares outstanding (mn) | B37: - | C37: - | D37: =+'Inc Stmt'!H45 -> 289.36702 | E37: =+'Inc Stmt'!I45 -> 289.36702 | F37: =+'Inc Stmt'!J45 -> 289.36702 | G37: =+'Inc Stmt'!K45 -> 289.36702 | H37: =+'Inc Stmt'!L45 -> 289.36702 | I37: =+'Inc Stmt'!M45 -> 289.36702 | J37: =+'Inc Stmt'!N45 -> 289.36702 | K37: =+'Inc Stmt'!O45 -> 289.36702 | ... P37: =+'Inc Stmt'!T45 -> 289.36702 | Q37: Reserves & surplus | R37: =+'Bal Sheet'!H186-'Bal Sheet'!H177 -> 13342.065 | S37: =+'Bal Sheet'!I186-'Bal Sheet'!I177 -> 15234.265 | T37: =+'Bal Sheet'!J186-'Bal Sheet'!J177 -> 26389.865 | U37: =+'Bal Sheet'!K186-'Bal Sheet'!K177 -> 46208.5 | V37: =+'Bal Sheet'!L186-'Bal Sheet'!L177 -> 57517 | W37: =+'Bal Sheet'!M186-'Bal Sheet'!M177 -> 76125.8 | X37: =+'Bal Sheet'!N186-'Bal Sheet'!N177 -> 93186.5 | Y37: =+'Bal Sheet'!O186-'Bal Sheet'!O177 -> 104027.8 | ... AD37: =+'Bal Sheet'!T186-'Bal Sheet'!T177 -> 235067.33
A38: EPS (Rs) | B38: - | C38: - | D38: =+'Inc Stmt'!H57 -> 28.467173 | E38: =+'Inc Stmt'!I57 -> 23.408849 | F38: =+'Inc Stmt'!J57 -> 61.416825 | G38: =+'Inc Stmt'!K57 -> 97.887624 | H38: =+'Inc Stmt'!L57 -> 103.81453 | I38: =+'Inc Stmt'!M57 -> 99.173949 | J38: =+'Inc Stmt'!N57 -> 113.16117 | K38: =+'Inc Stmt'!O57 -> 106.45128 | ... P38: =+'Inc Stmt'!T57 -> 0 | Q38: Shareholder's funds | R38: =+R37+R36 -> 16235.735 | S38: =+S37+S36 -> 18127.935 | T38: =+T37+T36 -> 29283.535 | U38: =+U37+U36 -> 49102.17 | V38: =+V37+V36 -> 60410.67 | W38: =+W37+W36 -> 79019.47 | X38: =+X37+X36 -> 96080.17 | Y38: =+Y37+Y36 -> 106921.5 | ... AD38: =+AD37+AD36 -> 237961
A39: Growth (%) | B39: - | C39: - | D39: - | E39: =+(E38/D38-1)*100 -> -17.76897 | F39: =+(F38/E38-1)*100 -> 162.36584 | G39: =+(G38/F38-1)*100 -> 59.382424 | H39: =+(H38/G38-1)*100 -> 6.0548023 | I39: =+(I38/H38-1)*100 -> -4.4700654 | J39: =+(J38/I38-1)*100 -> 14.103723 | K39: =+(K38/J38-1)*100 -> -5.929496 | L39: =+(L38/K38-1)*100 -> 27.572233 | ... P39: =+(P38/O38-1)*100 -> #DIV/0! | Q39: Total liabilities | R39: =+R38+SUM(R31:R35) -> 48542.035 | S39: =+S38+SUM(S31:S35) -> 58662.535 | T39: =+T38+SUM(T31:T35) -> 85418.835 | U39: =+U38+SUM(U31:U35) -> 91906.47 | V39: =+V38+SUM(V31:V35) -> 110326.27 | W39: =+W38+SUM(W31:W35) -> 123635.17 | X39: =+X38+SUM(X31:X35) -> 146044.17 | Y39: =+Y38+SUM(Y31:Y35) -> 154207.4 | ... AD39: =+AD38+SUM(AD31:AD35) -> 286916.66
A40: DPS (Rs) | B40: - | C40: - | D40: =+'Inc Stmt'!H62 -> 10 | E40: =+'Inc Stmt'!I62 -> 11 | F40: =+'Inc Stmt'!J62 -> 19.99986 | G40: =+'Inc Stmt'!K62 -> 40.000066 | H40: =+'Inc Stmt'!L62 -> 44.999945 | I40: =+'Inc Stmt'!M62 -> 45 | J40: =+'Inc Stmt'!N62 -> 50 | K40: =+'Inc Stmt'!O62 -> 50 | ... P40: =+'Inc Stmt'!T62 -> 75 | Q40: BVPS (Rs) | R40: =+'Ratio Sheet'!H62 -> 56.107759 | S40: =+'Ratio Sheet'!I62 -> 62.64686 | T40: =+'Ratio Sheet'!J62 -> 101.19859 | U40: =+'Ratio Sheet'!K62 -> 169.6882 | V40: =+'Ratio Sheet'!L62 -> 208.76833 | W40: =+'Ratio Sheet'!M62 -> 273.07697 | X40: =+'Ratio Sheet'!N62 -> 332.03566 | Y40: =+'Ratio Sheet'!O62 -> 369.50133 | ... AD40: =+'Ratio Sheet'!T62 -> 0
A42: CPS | E42: =(S19-S34+SUM('Bal Sheet'!I109:I112))/'Summary Financials'!E37 -> -12.323104 | F42: =(T19-T34+SUM('Bal Sheet'!J109:J112))/'Summary Financials'!F37 -> 68.276267 | G42: =(U19-U34+SUM('Bal Sheet'!K109:K112))/'Summary Financials'!G37 -> 141.02402 | H42: =(V19-V34+SUM('Bal Sheet'!L109:L112))/'Summary Financials'!H37 -> 187.48785 | I42: =(W19-W34+SUM('Bal Sheet'!M109:M112))/'Summary Financials'!I37 -> 201.84056 | J42: =(X19-X34+SUM('Bal Sheet'!N109:N112))/'Summary Financials'!J37 -> 275.36552 | K42: =(Y19-Y34+SUM('Bal Sheet'!O109:O112))/'Summary Financials'!K37 -> 297.49216 | L42: =(Z19-Z34+SUM('Bal Sheet'!P109:P112))/'Summary Financials'!L37 -> 317.60703 | ... P42: =(AD19-AD34+SUM('Bal Sheet'!T109:T112))/'Summary Financials'!P37 -> 664.01416 | Q42: Cash CHECK | S42: =+IF(ROUND(S19-E60,0)<>0,"Error",0) -> 0 | T42: =+IF(ROUND(T19-F60,0)<>0,"Error",0) -> 0 | U42: =+IF(ROUND(U19-G60,0)<>0,"Error",0) -> 0 | V42: =+IF(ROUND(V19-H60,0)<>0,"Error",0) -> 0 | W42: =+IF(ROUND(W19-I60,0)<>0,"Error",0) -> 0 | X42: =+IF(ROUND(X19-J60,0)<>0,"Error",0) -> 0 | Y42: =+IF(ROUND(Y19-K60,0)<>0,"Error",0) -> 0 | Z42: =+IF(ROUND(Z19-L60,0)<>0,"Error",0) -> 0 | ... AD42: =+IF(ROUND(AD19-P60,0)<>0,"Error",0) -> Error
A43: CEPS | E43: =E47/E37 -> 23.103877 | F43: =F47/F37 -> 62.474293 | G43: =G47/G37 -> 119.66015 | H43: =H47/H37 -> 114.822 | I43: =I47/I37 -> 78.078697 | J43: =J47/J37 -> 98.687473 | K43: =K47/K37 -> 99.846555 | L43: =L47/L37 -> 109.31584 | ... P43: =P47/P37 -> 153.49074 | Q43: Balance CHECK | R43: =+IF(ROUND(R30-R39,0)<>0,"Error",0) -> 0 | S43: =+IF(ROUND(S30-S39,0)<>0,"Error",0) -> 0 | T43: =+IF(ROUND(T30-T39,0)<>0,"Error",0) -> 0 | U43: =+IF(ROUND(U30-U39,0)<>0,"Error",0) -> 0 | V43: =+IF(ROUND(V30-V39,0)<>0,"Error",0) -> 0 | W43: =+IF(ROUND(W30-W39,0)<>0,"Error",0) -> 0 | X43: =+IF(ROUND(X30-X39,0)<>0,"Error",0) -> 0 | Y43: =+IF(ROUND(Y30-Y39,0)<>0,"Error",0) -> 0 | ... AD43: =+IF(ROUND(AD30-AD39,0)<>0,"Error",0) -> Error
A45: Cash flow statement(Rs mn) | Q45: Ratio analysis
A46: FYE March, Rs mn | B46: =+B18 -> FY06 | C46: =+C18 -> FY07 | D46: =+D18 -> FY08 | E46: =+E18 -> FY09 | F46: =+F18 -> FY10 | G46: =+G18 -> FY11 | H46: =+H18 -> FY12 | I46: =+I18 -> FY13 | ... P46: =+P18 -> FY20E | Q46: FYE March | R46: =+D46 -> FY08 | S46: =+E46 -> FY09 | T46: =+F46 -> FY10 | U46: =+G46 -> FY11 | V46: =+H46 -> FY12 | W46: =+I46 -> FY13 | X46: =+J46 -> FY14 | Y46: =+K46 -> FY15 | ... AD46: =+P46 -> FY20E
A47: Net income + Depreciation (Ex-Other Income) | B47: - | C47: - | D47: - | E47: =+Cashflow!I63+Cashflow!I64+Cashflow!I65 -> 6685.5 | F47: =+Cashflow!J63+Cashflow!J64+Cashflow!J65 -> 18078 | G47: =+Cashflow!K63+Cashflow!K64+Cashflow!K65 -> 34625.7 | H47: =+Cashflow!L63+Cashflow!L64+Cashflow!L65 -> 33225.7 | I47: =+Cashflow!M63+Cashflow!M64+Cashflow!M65 -> 22593.4 | J47: =+Cashflow!N63+Cashflow!N64+Cashflow!N65 -> 28556.9 | K47: =+Cashflow!O63+Cashflow!O64+Cashflow!O65 -> 28892.3 | L47: =+Cashflow!P63+Cashflow!P64+Cashflow!P65 -> 31632.4 | ... P47: =+Cashflow!T63+Cashflow!T64+Cashflow!T65 -> 44415.157 | Q47: Profitability & Return ratios
A48: Non-cash adjustments | B48: - | C48: - | D48: - | E48: =+Cashflow!I67 -> -697.5 | F48: =+Cashflow!J67 -> 1151.3 | G48: =+Cashflow!K67 -> -6817.9 | H48: =+Cashflow!L67 -> -1591.4 | I48: =+Cashflow!M67 -> 5.4 | J48: =+Cashflow!N67 -> 5.4 | K48: =+Cashflow!O67 -> 64.9 | L48: =+Cashflow!P67 -> 10.5 | ... P48: =+Cashflow!T67 -> 10 | Q48: EBITDA margin (%) | R48: =(+'Ratio Sheet'!H69)*100 -> 13.634987 | S48: =(+'Ratio Sheet'!I69)*100 -> 12.754784 | T48: =(+'Ratio Sheet'!J69)*100 -> 21.520687 | U48: =(+'Ratio Sheet'!K69)*100 -> 19.357089 | V48: =(+'Ratio Sheet'!L69)*100 -> 19.048563 | W48: =(+'Ratio Sheet'!M69)*100 -> 18.192752 | X48: =(+'Ratio Sheet'!N69)*100 -> 21.07411 | Y48: =(+'Ratio Sheet'!O69)*100 -> 19.279882 | ... AD48: =(+'Ratio Sheet'!T69)*100 -> 0
A49: Changes in working capital | B49: - | C49: - | D49: - | E49: =+Cashflow!I66 -> -2161.9 | F49: =+Cashflow!J66 -> 8679.1 | G49: =+Cashflow!K66 -> -4029.4 | H49: =+Cashflow!L66 -> 988.7 | I49: =+Cashflow!M66 -> -8074.1 | J49: =+Cashflow!N66 -> 4153.9 | K49: =+Cashflow!O66 -> -4217.38 | L49: =+Cashflow!P66 -> -11117.42 | ... P49: =+Cashflow!T66 -> -5733.9128 | Q49: EBIT margin (%) | R49: =(+'Ratio Sheet'!H70)*100 -> 11.698523 | S49: =(+'Ratio Sheet'!I70)*100 -> 11.27296 | T49: =(+'Ratio Sheet'!J70)*100 -> 20.372743 | U49: =(+'Ratio Sheet'!K70)*100 -> 18.607984 | V49: =(+'Ratio Sheet'!L70)*100 -> 18.302902 | W49: =(+'Ratio Sheet'!M70)*100 -> 17.358787 | X49: =(+'Ratio Sheet'!N70)*100 -> 20.182724 | Y49: =(+'Ratio Sheet'!O70)*100 -> 18.042607 | ... AD49: =(+'Ratio Sheet'!T70)*100 -> 0
A50: Cashflow from operations | B50: - | C50: - | D50: - | E50: =+Cashflow!I68 -> 3826.1 | F50: =+Cashflow!J68 -> 27908.4 | G50: =+Cashflow!K68 -> 23778.4 | H50: =+Cashflow!L68 -> 32623 | I50: =+Cashflow!M68 -> 14524.7 | J50: =+Cashflow!N68 -> 32716.2 | K50: =+Cashflow!O68 -> 24739.82 | L50: =+Cashflow!P68 -> 20525.48 | ... P50: =+Cashflow!T68 -> 38691.244 | Q50: Net profit margin (%) | R50: =(+'Ratio Sheet'!H72)*100 -> 8.8082347 | S50: =(+'Ratio Sheet'!I72)*100 -> 7.6845094 | T50: =(+'Ratio Sheet'!J72)*100 -> 14.951456 | U50: =(+'Ratio Sheet'!K72)*100 -> 17.27348 | V50: =(+'Ratio Sheet'!L72)*100 -> 15.382524 | W50: =(+'Ratio Sheet'!M72)*100 -> 14.350808 | X50: =(+'Ratio Sheet'!N72)*100 -> 16.25107 | Y50: =(+'Ratio Sheet'!O72)*100 -> 14.25295 | ... AD50: =(+'Ratio Sheet'!T72)*100 -> 0
A51: Capital expenditure | B51: - | C51: - | D51: - | E51: =+Cashflow!I70 -> -3862.9 | F51: =+Cashflow!J70 -> -1078.2 | G51: =+Cashflow!K70 -> -1614.2 | H51: =+Cashflow!L70 -> -860.1 | I51: =+Cashflow!M70 -> -7413.7 | J51: =+Cashflow!N70 -> -2317.3 | K51: =+Cashflow!O70 -> -2894.8 | L51: =+Cashflow!P70 -> -2128.9 | ... P51: =+Cashflow!T70 -> -4000 | Q51: ROE (%) | R51: - | S51: =(+'Ratio Sheet'!I85)*100 -> 39.423897 | T51: =(+'Ratio Sheet'!J85)*100 -> 74.969215 | U51: =(+'Ratio Sheet'!K85)*100 -> 72.271978 | V51: =(+'Ratio Sheet'!L85)*100 -> 54.86206 | W51: =(+'Ratio Sheet'!M85)*100 -> 41.164227 | X51: =(+'Ratio Sheet'!N85)*100 -> 37.401687 | Y51: =(+'Ratio Sheet'!O85)*100 -> 30.348016 | Z51: =(+'Ratio Sheet'!P85)*100 -> 34.195118 | ... AD51: =(+'Ratio Sheet'!T85)*100 -> 0
A52: Change in investments | B52: - | C52: - | D52: - | E52: =+Cashflow!I71 -> 1272 | F52: =+Cashflow!J71 -> -21510.1 | G52: =+Cashflow!K71 -> -8918.6 | H52: =+Cashflow!L71 -> -6556.7 | I52: =+Cashflow!M71 -> -15476.5 | J52: =+Cashflow!N71 -> -21283.4 | K52: =+Cashflow!O71 -> -6055.7 | L52: =+Cashflow!P71 -> -3482.6 | ... P52: =+Cashflow!T71 -> 0 | Q52: ROCE (%) | R52: - | S52: =(+'Ratio Sheet'!I84)*100 -> 21.694602 | T52: =(+'Ratio Sheet'!J84)*100 -> 46.420779 | U52: =(+'Ratio Sheet'!K84)*100 -> 59.645748 | V52: =(+'Ratio Sheet'!L84)*100 -> 53.117113 | W52: =(+'Ratio Sheet'!M84)*100 -> 40.677432 | X52: =(+'Ratio Sheet'!N84)*100 -> 37.132438 | Y52: =(+'Ratio Sheet'!O84)*100 -> 30.140492 | Z52: =(+'Ratio Sheet'!P84)*100 -> 33.798215 | ... AD52: =(+'Ratio Sheet'!T84)*100 -> 0
A53: Other investing cashflow | B53: - | C53: - | D53: - | E53: =+Cashflow!I72 -> 102.8 | F53: =+Cashflow!J72 -> 355 | G53: =+Cashflow!K72 -> -4091.7 | H53: =+Cashflow!L72 -> -284 | I53: =+Cashflow!M72 -> 5472 | J53: =+Cashflow!N72 -> 6118.2 | K53: =+Cashflow!O72 -> 5727.8 | L53: =+Cashflow!P72 -> 10735.9 | ... P53: =+Cashflow!T72 -> 14193.775 | Q53: Working capital & Liquidity ratios
A54: Cashflow from investing | B54: - | C54: - | D54: - | E54: =+Cashflow!I73 -> -2488.1 | F54: =+Cashflow!J73 -> -22233.3 | G54: =+Cashflow!K73 -> -14624.5 | H54: =+Cashflow!L73 -> -7700.8 | I54: =+Cashflow!M73 -> -17418.2 | J54: =+Cashflow!N73 -> -17482.5 | K54: =+Cashflow!O73 -> -3222.7 | L54: =+Cashflow!P73 -> 5124.4 | ... P54: =+Cashflow!T73 -> 10193.775 | Q54: Receivables (days) | R54: - | S54: =+'Ratio Sheet'!I129 -> 11.051478 | T54: =+'Ratio Sheet'!J129 -> 8.5025117 | U54: =+'Ratio Sheet'!K129 -> 7.0737513 | V54: =+'Ratio Sheet'!L129 -> 7.3410324 | W54: =+'Ratio Sheet'!M129 -> 10.86362 | X54: =+'Ratio Sheet'!N129 -> 14.163703 | Y54: =+'Ratio Sheet'!O129 -> 12.777781 | Z54: =+'Ratio Sheet'!P129 -> 11.59397 | ... AD54: =+'Ratio Sheet'!T129 -> 0
A55: Issue of equity | B55: - | C55: - | D55: - | E55: =+Cashflow!I77 -> 0 | F55: =+Cashflow!J77 -> 0 | G55: =+Cashflow!K77 -> 0 | H55: =+Cashflow!L77 -> 0 | I55: =+Cashflow!M77 -> 0 | J55: =+Cashflow!N77 -> 0 | K55: =+Cashflow!O77 -> 0.0298 | L55: =+Cashflow!P77 -> -0.0298 | ... P55: =+Cashflow!T77 -> 0 | Q55: Inventory (days) | R55: - | S55: =+'Ratio Sheet'!I128 -> 20.840899 | T55: =+'Ratio Sheet'!J128 -> 18.497074 | U55: =+'Ratio Sheet'!K128 -> 15.366967 | V55: =+'Ratio Sheet'!L128 -> 15.863123 | W55: =+'Ratio Sheet'!M128 -> 16.655791 | X55: =+'Ratio Sheet'!N128 -> 16.781404 | Y55: =+'Ratio Sheet'!O128 -> 17.867667 | Z55: =+'Ratio Sheet'!P128 -> 18.583732 | ... AD55: =+'Ratio Sheet'!T128 -> 0
A56: Issue/repay debt | B56: - | C56: - | D56: - | E56: =+Cashflow!I78 -> 2489.8 | F56: =+Cashflow!J78 -> -2355.3 | G56: =+Cashflow!K78 -> -2232.8 | H56: =+Cashflow!L78 -> -1578.4 | I56: =+Cashflow!M78 -> -262.1 | J56: =+Cashflow!N78 -> -135.3 | K56: =+Cashflow!O78 -> 540.88 | L56: =+Cashflow!P78 -> 506.52 | ... P56: =+Cashflow!T78 -> 0 | Q56: Payables (days) | R56: - | S56: =+'Ratio Sheet'!I130 -> 61.708989 | T56: =+'Ratio Sheet'!J130 -> 63.433948 | U56: =+'Ratio Sheet'!K130 -> 54.357694 | V56: =+'Ratio Sheet'!L130 -> 47.456465 | W56: =+'Ratio Sheet'!M130 -> 46.917721 | X56: =+'Ratio Sheet'!N130 -> 53.803205 | Y56: =+'Ratio Sheet'!O130 -> 48.066969 | Z56: =+'Ratio Sheet'!P130 -> 46.383454 | ... AD56: =+'Ratio Sheet'!T130 -> 0
A57: Dividends paid | B57: - | C57: - | D57: - | E57: =+Cashflow!I79 -> -3376.8 | F57: =+Cashflow!J79 -> -3715.5 | G57: =+Cashflow!K79 -> -6737 | H57: =+Cashflow!L79 -> -13420.3 | I57: =+Cashflow!M79 -> -15235.174 | J57: =+Cashflow!N79 -> -16927.971 | K57: =+Cashflow!O79 -> -16927.971 | L57: =+Cashflow!P79 -> -18620.768 | ... P57: =+Cashflow!T79 -> -25391.956 | Q57: Current ratio (x) | R57: =+'Ratio Sheet'!H116 -> 1.5890731 | S57: =+'Ratio Sheet'!I116 -> 1.8654889 | T57: =+'Ratio Sheet'!J116 -> 1.4810364 | U57: =+'Ratio Sheet'!K116 -> 1.1837677 | V57: =+'Ratio Sheet'!L116 -> 1.7192179 | W57: =+'Ratio Sheet'!M116 -> 1.4918594 | X57: =+'Ratio Sheet'!N116 -> 1.3621285 | Y57: =+'Ratio Sheet'!O116 -> 1.6099426 | ... AD57: =+'Ratio Sheet'!T116 -> 0
A58: Other financing cashflow | B58: - | C58: - | D58: - | E58: =+Cashflow!I80 -> 263.2 | F58: =+Cashflow!J80 -> 41.1 | G58: =+Cashflow!K80 -> 366.8 | H58: =+Cashflow!L80 -> -422.7 | I58: =+Cashflow!M80 -> -5.4 | J58: =+Cashflow!N80 -> -5.4 | K58: =+Cashflow!O80 -> -64.9 | L58: =+Cashflow!P80 -> -10.5 | ... P58: =+Cashflow!T80 -> -10 | Q58: Quick ratio (x) | R58: =+'Ratio Sheet'!H117 -> 0.30778318 | S58: =+'Ratio Sheet'!I117 -> 0.22767535 | T58: =+'Ratio Sheet'!J117 -> 0.13465268 | U58: =+'Ratio Sheet'!K117 -> 0.14949004 | V58: =+'Ratio Sheet'!L117 -> 0.1554838 | W58: =+'Ratio Sheet'!M117 -> 0.28989021 | X58: =+'Ratio Sheet'!N117 -> 0.26853897 | Y58: =+'Ratio Sheet'!O117 -> 0.27315343 | ... AD58: =+'Ratio Sheet'!T117 -> 0
A59: Change in cash & cash eq | B59: - | C59: - | D59: - | E59: =+Cashflow!I83 -> 714.2 | F59: =+Cashflow!J83 -> -354.6 | G59: =+Cashflow!K83 -> 550.9 | H59: =+Cashflow!L83 -> 9500.8 | I59: =+Cashflow!M83 -> -10950.5 | J59: =+Cashflow!N83 -> -639.6 | K59: =+Cashflow!O83 -> 887.5 | L59: =+Cashflow!P83 -> 2424.8 | ... P59: =+Cashflow!T83 -> 23483.063 | Q59: Turnover & Leverage ratios
A60: Closing cash & cash eq | B60: - | C60: - | D60: - | E60: =+Cashflow!I85 -> 1426.6 | F60: =+Cashflow!J85 -> 1013.7 | G60: =+Cashflow!K85 -> 5564.6 | H60: =+Cashflow!L85 -> 16538.2 | I60: =+Cashflow!M85 -> 5588.5 | J60: =+Cashflow!N85 -> 4862.8 | K60: =+Cashflow!O85 -> 5750.3 | L60: =+Cashflow!P85 -> 8595.2 | ... P60: =+Cashflow!T85 -> 27434.534 | Q60: Gross asset turnover (x) | R60: - | S60: =+'Ratio Sheet'!I123 -> 2.7855037 | T60: =+'Ratio Sheet'!J123 -> 3.5382928 | U60: =+'Ratio Sheet'!K123 -> 4.8442881 | V60: =+'Ratio Sheet'!L123 -> 5.7566855 | W60: =+'Ratio Sheet'!M123 -> 5.53728 | X60: =+'Ratio Sheet'!N123 -> 5.0973413 | Y60: =+'Ratio Sheet'!O123 -> 5.2854346 | Z60: =+'Ratio Sheet'!P123 -> 5.3200081 | ... AD60: =+'Ratio Sheet'!T123 -> 0
Q61: Total asset turnover (x) | R61: - | S61: =+'Ratio Sheet'!I125 -> 1.6444897 | T61: =+'Ratio Sheet'!J125 -> 1.6499659 | U61: =+'Ratio Sheet'!K125 -> 1.8495072 | V61: =+'Ratio Sheet'!L125 -> 1.9313337 | W61: =+'Ratio Sheet'!M125 -> 1.7094428 | X61: =+'Ratio Sheet'!N125 -> 1.4943285 | Y61: =+'Ratio Sheet'!O125 -> 1.4395933 | Z61: =+'Ratio Sheet'!P125 -> 1.4616633 | ... AD61: =+'Ratio Sheet'!T125 -> 0
A62: Economic Value Added (EVA) Analysis | Q62: Interest coverage ratio (x) | R62: =+'Ratio Sheet'!H110 -> 204.42829 | S62: =+'Ratio Sheet'!I110 -> 45.394701 | T62: =+'Ratio Sheet'!J110 -> 404.94983 | U62: =+'Ratio Sheet'!K110 -> 1805.5503 | V62: =+'Ratio Sheet'!L110 -> 160.71808 | W62: =+'Ratio Sheet'!M110 -> 6428.2963 | X62: =+'Ratio Sheet'!N110 -> 7530.963 | Y62: =+'Ratio Sheet'!O110 -> 600.82743 | ... AD62: =+'Ratio Sheet'!T110 -> 0
A63: FYE March | B63: FY06 | C63: FY07 | D63: FY08 | E63: FY09 | F63: FY10E | G63: FY11E | H63: FY12E | I63: FY13 | J63: FY14E | K63: FY15E | L63: FY16E | M63: FY17E | N63: FY18E | O63: =O46 -> FY19E | P63: =P46 -> FY20E | Q63: Adjusted debt/equity (x) | R63: =+'Ratio Sheet'!H107 -> 0.8292695 | S63: =+'Ratio Sheet'!I107 -> 0.88005611 | T63: =+'Ratio Sheet'!J107 -> 0.45710328 | U63: =+'Ratio Sheet'!K107 -> 0.066219069 | V63: =+'Ratio Sheet'!L107 -> 0.016136222 | W63: =+'Ratio Sheet'!M107 -> 0.0090192961 | X63: =+'Ratio Sheet'!N107 -> 0.0060095647 | Y63: =+'Ratio Sheet'!O107 -> 0.010458888 | ... AD63: =+'Ratio Sheet'!T107 -> 0
A64: WACC (%) | Q64: Valuation ratios
A65: ROIC (%) | Q65: EV/Sales (x) | R65: =+$K$15/D19 -> 8.5242694 | S65: =+$K$15/E19 -> 8.7197468 | T65: =+$K$15/F19 -> 6.4664203 | U65: =+$K$15/G19 -> 4.6872688 | V65: =+$K$15/H19 -> 3.9358385 | W65: =+$K$15/I19 -> 3.8436741 | X65: =+$K$15/J19 -> 3.8146293 | Y65: =+$K$15/K19 -> 3.5564906 | ... AD65: =+$K$15/P19 -> 2.1820392
A66: Invested capital (Rs mn) | Q66: EV/EBITDA (x) | R66: =+$K$15/D21 -> 62.517619 | S66: =+$K$15/E21 -> 68.364518 | T66: =+$K$15/F21 -> 30.047462 | U66: =+$K$15/G21 -> 24.21474 | V66: =+$K$15/H21 -> 20.662128 | W66: =+$K$15/I21 -> 21.127503 | X66: =+$K$15/J21 -> 18.101022 | Y66: =+$K$15/K21 -> 18.446641 | ... AD66: =+$K$15/P21 -> 11.517271
A67: EVA (Rs mn) | Q67: P/E (x) | R67: =+IF(D38<=0,"-",$K$12/D38) -> 104.46594 | S67: =+IF(E38<=0,"-",$K$12/E38) -> 127.03956 | T67: =+IF(F38<=0,"-",$K$12/F38) -> 48.420771 | U67: =+IF(G38<=0,"-",$K$12/G38) -> 30.380245 | V67: =+IF(H38<=0,"-",$K$12/H38) -> 28.645799 | W67: =+IF(I38<=0,"-",$K$12/I38) -> 29.986201 | X67: =+IF(J38<=0,"-",$K$12/J38) -> 26.279775 | Y67: =+IF(K38<=0,"-",$K$12/K38) -> 27.936254 | ... AD67: =+IF(P38<=0,"-",$K$12/P38) -> -
A68: EVA spread (%) | Q68: P/BV (x) | R68: =+IF(R40<=0,"-",$K$12/R40) -> 53.002473 | S68: =+IF(S40<=0,"-",$K$12/S40) -> 47.470057 | T68: =+IF(T40<=0,"-",$K$12/T40) -> 29.386278 | U68: =+IF(U40<=0,"-",$K$12/U40) -> 17.525378 | V68: =+IF(V40<=0,"-",$K$12/V40) -> 14.244737 | W68: =+IF(W40<=0,"-",$K$12/W40) -> 10.890153 | X68: =+IF(X40<=0,"-",$K$12/X40) -> 8.9564174 | Y68: =+IF(Y40<=0,"-",$K$12/Y40) -> 8.0482795 | ... AD68: =+IF(AD40<=0,"-",$K$12/AD40) -> -
A72: Financial Highlights | Q72: Profitability and Return Ratios
A73: (Rs mn) | B73: =+B63 -> FY06 | C73: =+C63 -> FY07 | D73: =+D63 -> FY08 | E73: =+E63 -> FY09 | F73: =+F63 -> FY10E | G73: =+G63 -> FY11E | H73: =+H63 -> FY12E | I73: =+I63 -> FY13 | ... P73: =+P63 -> FY20E | Q73: (%) | R73: =+D73 -> FY08 | S73: =+E73 -> FY09 | T73: =+F73 -> FY10E | U73: =+G73 -> FY11E | V73: =+H73 -> FY12E | W73: =+I73 -> FY13 | X73: =+J73 -> FY14E | Y73: =+K73 -> FY15E | ... AD73: =+P73 -> FY20E
A74: Revenue | B74: =+B19 -> - | C74: =+C19 -> - | D74: =+D19 -> 90169.5 | E74: =+E19 -> 88148.1 | F74: =+F19 -> 118864.7 | G74: =+G19 -> 163982.3 | H74: =+H19 -> 195289.8 | I74: =+I19 -> 199972.5 | ... P74: =+P19 -> 352252.66 | Q74: EBITDA margin | R74: =+R48 -> 13.634987 | S74: =+S48 -> 12.754784 | T74: =+T48 -> 21.520687 | U74: =+U48 -> 19.357089 | V74: =+V48 -> 19.048563 | W74: =+W48 -> 18.192752 | X74: =+X48 -> 21.07411 | Y74: =+Y48 -> 19.279882 | ... AD74: =+AD48 -> 0
A75: Growth (%) | B75: =+B20 -> - | C75: =+C20 -> - | D75: =+D20 -> - | E75: =+E20 -> -2.241778 | F75: =+F20 -> 34.846582 | G75: =+G20 -> 37.957106 | H75: =+H20 -> 19.092 | I75: =+I20 -> 2.3978211 | ... P75: =+P20 -> 15.942287 | Q75: EBIT margin | R75: =+R49 -> 11.698523 | S75: =+S49 -> 11.27296 | T75: =+T49 -> 20.372743 | U75: =+U49 -> 18.607984 | V75: =+V49 -> 18.302902 | W75: =+W49 -> 17.358787 | X75: =+X49 -> 20.182724 | Y75: =+Y49 -> 18.042607 | ... AD75: =+AD49 -> 0
A76: Adj. Net Income | B76: =B35 -> - | C76: =C35 -> - | D76: =D35 -> 7942.3412 | E76: =E35 -> 6773.749 | F76: =F35 -> 17772.003 | G76: =G35 -> 28325.45 | H76: =H35 -> 30040.5 | I76: =I35 -> 28697.67 | ... P76: =P35 -> 54625.757 | Q76: Adj PAT margin | R76: =+R50 -> 8.8082347 | S76: =+S50 -> 7.6845094 | T76: =+T50 -> 14.951456 | U76: =+U50 -> 17.27348 | V76: =+V50 -> 15.382524 | W76: =+W50 -> 14.350808 | X76: =+X50 -> 16.25107 | Y76: =+Y50 -> 14.25295 | ... AD76: =+AD50 -> 0
A77: Growth (%) | B77: =B36 -> - | C77: =C36 -> - | D77: =D36 -> - | E77: =E36 -> -14.713447 | F77: =F36 -> 162.36584 | G77: =G36 -> 59.382424 | H77: =H36 -> 6.0548023 | I77: =I36 -> -4.4700654 | ... P77: =P36 -> 7.2208242 | Q77: ROE | R77: =+R51 -> - | S77: =+S51 -> 39.423897 | T77: =+T51 -> 74.969215 | U77: =+U51 -> 72.271978 | V77: =+V51 -> 54.86206 | W77: =+W51 -> 41.164227 | X77: =+X51 -> 37.401687 | Y77: =+Y51 -> 30.348016 | ... AD77: =+AD51 -> 0
A78: EPS (Rs) | B78: =+B38 -> - | C78: =+C38 -> - | D78: =+D38 -> 28.467173 | E78: =+E38 -> 23.408849 | F78: =+F38 -> 61.416825 | G78: =+G38 -> 97.887624 | H78: =+H38 -> 103.81453 | I78: =+I38 -> 99.173949 | ... P78: =+P38 -> 0 | Q78: ROIC | R78: =+D65 -> 0 | S78: ='Ratio Sheet'!I89*100 -> 23.099309 | T78: ='Ratio Sheet'!J89*100 -> 51.684875 | U78: ='Ratio Sheet'!K89*100 -> 83.87018 | V78: ='Ratio Sheet'!L89*100 -> 103.59514 | W78: ='Ratio Sheet'!M89*100 -> 73.241129 | X78: ='Ratio Sheet'!N89*100 -> 77.069218 | Y78: ='Ratio Sheet'!O89*100 -> 70.17457 | Z78: ='Ratio Sheet'!P89*100 -> 84.016535 | ... AD78: ='Ratio Sheet'!T89*100 -> 0
A79: Growth (%) | B79: =+B39 -> - | C79: =+C39 -> - | D79: =+D39 -> - | E79: =+E39 -> -17.76897 | F79: =+F39 -> 162.36584 | G79: =+G39 -> 59.382424 | H79: =+H39 -> 6.0548023 | I79: =+I39 -> -4.4700654 | ... P79: =+P39 -> #DIV/0! | Q79: ROCE | R79: =+R52 -> - | S79: =+S52 -> 21.694602 | T79: =+T52 -> 46.420779 | U79: =+U52 -> 59.645748 | V79: =+V52 -> 53.117113 | W79: =+W52 -> 40.677432 | X79: =+X52 -> 37.132438 | Y79: =+Y52 -> 30.140492 | ... AD79: =+AD52 -> 0
A82: Du Pont Analysis
A83: (%) | B83: =+B63 -> FY06 | C83: =+C63 -> FY07 | D83: =+D63 -> FY08 | E83: =+E63 -> FY09 | F83: =+F63 -> FY10E | G83: =+G63 -> FY11E | H83: =+H63 -> FY12E | I83: =+I63 -> FY13 | ... P83: =+P63 -> FY20E
A84: Tax burden (Net income/PBT) | B84: =(+'Ratio Sheet'!F149)*100 -> 71.122836 | C84: =(+'Ratio Sheet'!G149)*100 -> 74.471791 | D84: =(+'Ratio Sheet'!H149)*100 -> 72.573888 | E84: =(+'Ratio Sheet'!I149)*100 -> 76.229451 | F84: =(+'Ratio Sheet'!J149)*100 -> 73.708193 | G84: =(+'Ratio Sheet'!K149)*100 -> 65.104752 | H84: =(+'Ratio Sheet'!L149)*100 -> 74.613094 | I84: =(+'Ratio Sheet'!M149)*100 -> 71.423839 | ... P84: =(+'Ratio Sheet'!T149)*100 -> 0
A85: Interest burden (PBT/EBIT) | B85: =(+'Ratio Sheet'!F150)*100 -> 127.65014 | C85: =(+'Ratio Sheet'!G150)*100 -> 133.01389 | D85: =(+'Ratio Sheet'!H150)*100 -> 103.74745 | E85: =(+'Ratio Sheet'!I150)*100 -> 89.424267 | F85: =(+'Ratio Sheet'!J150)*100 -> 99.567641 | G85: =(+'Ratio Sheet'!K150)*100 -> 142.58303 | H85: =(+'Ratio Sheet'!L150)*100 -> 112.63999 | I85: =(+'Ratio Sheet'!M150)*100 -> 115.74808 | ... P85: =(+'Ratio Sheet'!T150)*100 -> 0
A86: EBIT margin (EBIT/Revenues) | B86: =(+'Ratio Sheet'!F151)*100 -> 15.997111 | C86: =(+'Ratio Sheet'!G151)*100 -> 13.542629 | D86: =(+'Ratio Sheet'!H151)*100 -> 11.698523 | E86: =(+'Ratio Sheet'!I151)*100 -> 11.27296 | F86: =(+'Ratio Sheet'!J151)*100 -> 20.372743 | G86: =(+'Ratio Sheet'!K151)*100 -> 18.607984 | H86: =(+'Ratio Sheet'!L151)*100 -> 18.302902 | I86: =(+'Ratio Sheet'!M151)*100 -> 17.358787 | ... P86: =(+'Ratio Sheet'!T151)*100 -> 0
A87: Asset Turnover (Revenues/Avg TA) | B87: =(+'Ratio Sheet'!F152)*100 -> 86.308378 | C87: =(+'Ratio Sheet'!G152)*100 -> 90.178932 | D87: =(+'Ratio Sheet'!H152)*100 -> 110.32175 | E87: =(+'Ratio Sheet'!I152)*100 -> 164.44897 | F87: =(+'Ratio Sheet'!J152)*100 -> 164.99659 | G87: =(+'Ratio Sheet'!K152)*100 -> 184.95072 | H87: =(+'Ratio Sheet'!L152)*100 -> 193.13337 | I87: =(+'Ratio Sheet'!M152)*100 -> 170.94428 | ... P87: =(+'Ratio Sheet'!T152)*100 -> 0
A88: Leverage (Avg TA/Avg equtiy) | B88: =(+'Ratio Sheet'!F153)*100 -> 201.43452 | C88: =(+'Ratio Sheet'!G153)*100 -> 206.45281 | D88: =(+'Ratio Sheet'!H153)*100 -> 228.3721 | E88: =(+'Ratio Sheet'!I153)*100 -> 311.96959 | F88: =(+'Ratio Sheet'!J153)*100 -> 303.89566 | G88: =(+'Ratio Sheet'!K153)*100 -> 226.2216 | H88: =(+'Ratio Sheet'!L153)*100 -> 184.66611 | I88: =(+'Ratio Sheet'!M153)*100 -> 167.79887 | ... P88: =(+'Ratio Sheet'!T153)*100 -> 0
A89: Return on equity (%) | B89: =(+'Ratio Sheet'!F155)*100 -> 25.249849 | C89: =(+'Ratio Sheet'!G155)*100 -> 24.975699 | D89: =(+'Ratio Sheet'!H155)*100 -> 22.191829 | E89: =(+'Ratio Sheet'!I155)*100 -> 39.423897 | F89: =(+'Ratio Sheet'!J155)*100 -> 74.969215 | G89: =(+'Ratio Sheet'!K155)*100 -> 72.271978 | H89: =(+'Ratio Sheet'!L155)*100 -> 54.86206 | I89: =(+'Ratio Sheet'!M155)*100 -> 41.164227 | ... P89: =(+'Ratio Sheet'!T155)*100 -> 0
A92: Quarterly Trend
A93: FYE March, Rs mn | B93: Q1FY08 | C93: Q2FY08 | D93: Q3FY08 | E93: Q4FY08 | F93: Q1FY09 | G93: Q2FY09 | H93: Q3FY09 | I93: Q3FY09 | J93: Q3FY09 | K93: Q3FY09 | L93: Q3FY09 | M93: Q3FY09 | N93: Q3FY09 | Q93: Q1FY10 | R93: Q4FY10
A94: Revenues
A95: YoY growth (%)
A96: QoQ growth (%)
A97: EBITDA
A98: EBITDA margin (%)
A99: Adjusted net profit
A100: YoY growth (%)
A101: QoQ growth (%)
A104: Shareholding Pattern
A105: (%) | B105: 39508 | C105: 39600 | D105: 39692 | E105: 39790 | F105: 39873 | G105: 39965 | H105: 40057 | I105: 40057 | J105: 40057 | K105: 40057 | L105: 40057 | M105: 40057 | N105: 40057 | Q105: 40238
A106: Promoters | B106: 50.28 | C106: 50.28 | D106: 50.5 | E106: 50.27 | F106: 49.6 | G106: 49.6 | H106: 49.6 | I106: 49.6 | J106: 49.6 | K106: 49.6 | L106: 49.6 | M106: 49.6 | N106: 49.6 | Q106: 49.6
A107: FIIs | D107: 12.2 | E107: 13.58 | F107: 13.8 | G107: 16.3 | H107: 16.5 | I107: 16.5 | J107: 16.5 | K107: 16.5 | L107: 16.5 | M107: 16.5 | N107: 16.5 | Q107: 17.8
A108: Banks & Fis | D108: 10.6 | E108: =6.66+2.95 -> 9.61 | F108: 9.9 | G108: 7.6 | H108: 7.6 | I108: 7.6 | J108: 7.6 | K108: 7.6 | L108: 7.6 | M108: 7.6 | N108: 7.6 | Q108: 6.5
A109: Public | B109: =100-B106-B107-B108 -> 49.72 | C109: =100-C106-C107-C108 -> 49.72 | D109: =100-D106-D107-D108 -> 26.7 | E109: =100-E106-E107-E108 -> 26.54 | F109: =100-F106-F107-F108 -> 26.7 | G109: =100-G106-G107-G108 -> 26.5 | H109: =100-H106-H107-H108 -> 26.3 | I109: =100-I106-I107-I108 -> 26.3 | ... N109: =100-N106-N107-N108 -> 26.3 | Q109: 26.1
A110: CHECK | B110: =+IF(SUM(B106:B109)=100,0,"Error") -> 0 | C110: =+IF(SUM(C106:C109)=100,0,"Error") -> 0 | D110: =+IF(SUM(D106:D109)=100,0,"Error") -> 0 | E110: =+IF(SUM(E106:E109)=100,0,"Error") -> 0 | F110: =+IF(SUM(F106:F109)=100,0,"Error") -> 0 | G110: =+IF(SUM(G106:G109)=100,0,"Error") -> 0 | H110: =+IF(SUM(H106:H109)=100,0,"Error") -> 0 | I110: =+IF(SUM(I106:I109)=100,0,"Error") -> 0 | ... N110: =+IF(SUM(N106:N109)=100,0,"Error") -> 0
A112: Free float (%) | B112: =100-B106 -> 49.72 | C112: =100-C106 -> 49.72 | D112: =100-D106 -> 49.5 | E112: =100-E106 -> 49.73 | Q112: =100-Q106 -> 50.4
A116: Diluted no. of shares | B116: ='Inc Stmt'!F48 -> 101.18351 | C116: ='Inc Stmt'!G48 -> 101.18351 | D116: ='Inc Stmt'!H48 -> 289.36702 | E116: ='Inc Stmt'!I48 -> 289.36702 | F116: ='Inc Stmt'!J48 -> 289.36702 | G116: ='Inc Stmt'!K48 -> 289.36702 | H116: ='Inc Stmt'!L48 -> 289.36702 | I116: ='Inc Stmt'!M48 -> 289.36702 | ... N116: ='Inc Stmt'!R48 -> 289.36702

Sheet DCF
B2: Discounted cash flow analysis, FY 2018- FY 2025
B3: (All figures in Rs mn, unless specified) | C3: FY12A | D3: FY13E | E3: FY14E | F3: FY15E | G3: FY16E | H3: FY17E | I3: FY18E | J3: FY19E | K3: FY20E | L3: FY21E | M3: FY22E | N3: FY23E | O3: FY24E | P3: FY25E
B4: Key financial data | R4: 7 year CAGR
B5: Volumes ('000) | C5: =+'Driver Sheet'!H59/1000 -> 4349.56 | D5: =+'Driver Sheet'!I59/1000 -> 4237.151 | E5: =+'Driver Sheet'!J59/1000 -> 3870.077 | F5: =+'Driver Sheet'!K59/1000 -> 3811.201 | G5: =+'Driver Sheet'!L59/1000 -> 3872.025 | H5: =+'Driver Sheet'!M59/1000 -> 3639.81 | I5: =+'Driver Sheet'!N59/1000 -> 4095.2643 | J5: =I5*(1+J6/100) -> 4504.7908 | K5: =J5*(1+K6/100) -> 4955.2698 | L5: =K5*(1+L6/100) -> 5450.7968 | M5: =L5*(1+M6/100) -> 5995.8765 | N5: =M5*(1+N6/100) -> 6595.4642 | O5: =N5*(1+O6/100) -> 7255.0106 | P5: =O5*(1+P6/100) -> 7980.5116 | Q5: Calculation here | R5: =((P5/I5)^(1/10)-1)*100 -> 6.8993045
B6: % YoY | D6: =+(D5/C5-1)*100 -> -2.5843764 | E6: =+(E5/D5-1)*100 -> -8.6632268 | F6: =+(F5/E5-1)*100 -> -1.5213134 | G6: =+(G5/F5-1)*100 -> 1.5959274 | H6: =+(H5/G5-1)*100 -> -5.9972495 | I6: =+(I5/H5-1)*100 -> 12.513135 | J6: 10 | K6: 10 | L6: 10 | M6: 10 | N6: 10 | O6: 10 | P6: 10 | Q6: Assumptions here
B7: Avg. realisation | C7: =+C9*10^3/C5 -> 44898.748 | D7: =+D9*10^3/D5 -> 47195.037 | E7: =+E9*10^3/E5 -> 52064.881 | F7: =+F9*10^3/F5 -> 56706.56 | G7: =+G9*10^3/G5 -> 58332.578 | H7: =+H9*10^3/H5 -> 59801.693 | I7: =+I9*10^3/I5 -> 64065.127 | J7: =I7*(1+J8/100) -> 65987.081 | K7: =J7*(1+K8/100) -> 67966.693 | L7: =K7*(1+L8/100) -> 70005.694 | M7: =L7*(1+M8/100) -> 72105.865 | N7: =M7*(1+N8/100) -> 74269.041 | O7: =N7*(1+O8/100) -> 76497.112 | P7: =O7*(1+P8/100) -> 78792.025 | Q7: Calculation here
B8: % YoY | D8: =+(D7/C7-1)*100 -> 5.1143721 | E8: =+(E7/D7-1)*100 -> 10.318551 | F8: =+(F7/E7-1)*100 -> 8.9151823 | G8: =+(G7/F7-1)*100 -> 2.8674238 | H8: =+(H7/G7-1)*100 -> 2.5185155 | I8: =+(I7/H7-1)*100 -> 7.1292864 | J8: 3 | K8: 3 | L8: 3 | M8: 3 | N8: 3 | O8: 3 | P8: 3 | Q8: Assumptions here
B9: Revenues | C9: =+'Inc Stmt'!L9 -> 195289.8 | D9: =+'Inc Stmt'!M9 -> 199972.5 | E9: =+'Inc Stmt'!N9 -> 201495.1 | F9: =+'Inc Stmt'!O9 -> 216120.1 | G9: =+'Inc Stmt'!P9 -> 225865.2 | H9: =+'Inc Stmt'!Q9 -> 217666.8 | I9: =+'Inc Stmt'!R9 -> 262363.63 | J9: =+J7*J5/10^3 -> 297257.99 | K9: =+K7*K5/10^3 -> 336793.3 | L9: =+L7*L5/10^3 -> 381586.81 | M9: =+M7*M5/10^3 -> 432337.86 | N9: =+N7*N5/10^3 -> 489838.8 | O9: =+O7*O5/10^3 -> 554987.36 | P9: =+P7*P5/10^3 -> 628800.67
B10: % YoY | D10: =+(D9/C9-1)*100 -> 2.3978211 | E10: =+(E9/D9-1)*100 -> 0.76140469 | F10: =+(F9/E9-1)*100 -> 7.258241 | G10: =+(G9/F9-1)*100 -> 4.5091132 | H10: =+(H9/G9-1)*100 -> -3.6297756 | I10: =+(I9/H9-1)*100 -> 20.534518 | J10: =+(J9/I9-1)*100 -> 13.3 | K10: =+(K9/J9-1)*100 -> 13.3 | ... P10: =+(P9/O9-1)*100 -> 13.3
B11: EBITDA | C11: =+'Inc Stmt'!L21 -> 37199.9 | D11: =+'Inc Stmt'!M21 -> 36380.5 | E11: =+'Inc Stmt'!N21 -> 42463.3 | F11: =+'Inc Stmt'!O21 -> 41667.7 | G11: =+'Inc Stmt'!P21 -> 47819.4 | H11: =+'Inc Stmt'!Q21 -> 44223.5 | I11: =+'Inc Stmt'!R21 -> 51977.351 | J11: =J12*J9 -> 56479.018 | K11: =K12*K9 -> 63990.728 | L11: =L12*L9 -> 68685.627 | M11: =M12*M9 -> 77820.815 | N11: =N12*N9 -> 88170.983 | O11: =O12*O9 -> 99897.724 | P11: =P12*P9 -> 113184.12 | Q11: Calculation here
B12: EBITDA margin | C12: =C11/C9 -> 0.19048563 | D12: =D11/D9 -> 0.18192752 | E12: =E11/E9 -> 0.2107411 | F12: =F11/F9 -> 0.19279882 | G12: =G11/G9 -> 0.21171655 | H12: =H11/H9 -> 0.20317063 | I12: =I11/I9 -> 0.19811188 | J12: 0.19 | K12: =J12 -> 0.19 | L12: 0.18 | M12: 0.18 | N12: 0.18 | O12: 0.18 | P12: 0.18 | Q12: Assumptions here
B13: Gross Block | C13: =+'Bal Sheet'!L86 -> 33939.2 | D13: =+'Bal Sheet'!M86 -> 38288.5 | E13: =+'Bal Sheet'!N86 -> 40770.4 | F13: =+'Bal Sheet'!O86 -> 41009.1 | G13: =+'Bal Sheet'!P14+'Bal Sheet'!P18 -> 38939.2 | H13: =+'Bal Sheet'!Q14+'Bal Sheet'!Q18 -> 33755.97 | I13: =+'Bal Sheet'!R14+'Bal Sheet'!R18 -> 36523.445 | J13: =I13+5000 -> 41523.445 | K13: =J13+K14 -> 47523.445 | L13: =K13+L14 -> 54523.445 | M13: =L13+M14 -> 62523.445 | N13: =M13+N14 -> 71523.445 | O13: =N13+O14 -> 81523.445 | P13: =O13+P14 -> 92523.445 | Q13: Calculation here
B14: Capex | C14: =-'Fixed Assets'!M70 -> -14795.9 | D14: =-'Fixed Assets'!N70 -> -18044.3 | E14: =-'Fixed Assets'!O70 -> -20060.4 | F14: =-'Fixed Assets'!P70 -> -19172.4 | G14: =-'Fixed Assets'!Q70 -> -20256.7 | H14: =-'Fixed Assets'!R70 -> -20183.8 | I14: =I28 -> -4000 | J14: 5000 | K14: =J14+1000 -> 6000 | L14: =K14+1000 -> 7000 | M14: =L14+1000 -> 8000 | N14: =M14+1000 -> 9000 | O14: =N14+1000 -> 10000 | P14: =O14+1000 -> 11000 | Q14: Assumptions here
B15: Depreciation and amortization | C15: =+'Inc Stmt'!L12 -> 0 | D15: =+'Inc Stmt'!M12 -> 0 | E15: =+'Inc Stmt'!N12 -> 0 | F15: =+'Inc Stmt'!O12 -> 0 | G15: =+'Inc Stmt'!P12 -> 0 | H15: =+H7*0.046 -> 2750.8779 | I15: =+I13*0.046 -> 1680.0784 | J15: =J13*4.6% -> 1910.0784 | K15: =K13*4.6% -> 2186.0784 | L15: =L13*4.6% -> 2508.0784 | M15: =M13*4.6% -> 2876.0784 | N15: =N13*4.6% -> 3290.0784 | O15: =O13*4.6% -> 3750.0784 | P15: =P13*4.6% -> 4256.0784 | Q15: Assumption with Calculation here
B16: EBIT | C16: =+'Inc Stmt'!L25 -> 35743.7 | D16: =+'Inc Stmt'!M25 -> 34712.8 | E16: =+'Inc Stmt'!N25 -> 40667.2 | F16: =+'Inc Stmt'!O25 -> 38993.7 | G16: =+G11-G26 -> 44747.8 | H16: =+H11-H26 -> 42670.725 | I16: =+I11-I15 -> 50297.273 | J16: =J11-J15 -> 54568.94 | K16: =K11-K15 -> 61804.649 | L16: =L11-L15 -> 66177.548 | M16: =M11-M15 -> 74944.736 | N16: =N11-N15 -> 84880.905 | O16: =O11-O15 -> 96147.646 | P16: =P11-P15 -> 108928.04 | Q16: Calculation here
B17: EBIT margin | C17: =C16/C9 -> 0.18302902 | D17: =D16/D9 -> 0.17358787 | E17: =E16/E9 -> 0.20182724 | F17: =F16/F9 -> 0.18042607 | G17: =G16/G9 -> 0.19811728 | H17: =H16/H9 -> 0.1960369 | I17: =I16/I9 -> 0.19170825
B18: Net income | C18: =+'Inc Stmt'!L40 -> 30040.5 | D18: =+'Inc Stmt'!M40 -> 28697.67 | E18: =+'Inc Stmt'!N40 -> 32745.11 | F18: =+'Inc Stmt'!O40 -> 30803.49 | G18: =+'Inc Stmt'!P40 -> 39296.7
B19: Cash & cash equivalent | C19: =+'Bal Sheet'!L13+'Bal Sheet'!L17 -> 65366.7 | D19: =+'Bal Sheet'!M13+'Bal Sheet'!M17 -> 69893.4 | E19: =+'Bal Sheet'!N13+'Bal Sheet'!N17 -> 90451.1 | F19: =+'Bal Sheet'!O13+'Bal Sheet'!O17 -> 97394.7 | G19: =+'Bal Sheet'!P13+'Bal Sheet'!P17 -> 103721.8
B20: Tax Rate | C20: =+'Inc Stmt'!L29 -> 0 | D20: =+'Inc Stmt'!M29 -> 0 | E20: =+'Inc Stmt'!N29 -> 0 | F20: =+'Inc Stmt'!O29 -> -3402.9 | G20: =+G15-G30 -> -1 | H20: =+H15-H30 -> 2749.8779 | I20: 0.33 | J20: =I20 -> 0.33 | K20: =J20 -> 0.33 | L20: =K20 -> 0.33 | M20: =L20 -> 0.33 | N20: =M20 -> 0.33 | O20: =N20 -> 0.33 | P20: =O20 -> 0.33 | Q20: Calculation here
B21: Debt
B22: Shareholder’s equity | C22: =+'Bal Sheet'!L29 -> 60410.67 | D22: =+'Bal Sheet'!M29 -> 79019.47 | E22: =+'Bal Sheet'!N29 -> 96080.17 | F22: =+'Bal Sheet'!O29 -> 106921.5 | G22: =+'Bal Sheet'!P29 -> 122916.57
B24: Free cash flow (FCF) analysis
B25: NOPLAT | C25: =C16*(1-$N$58) -> 23948.279 | D25: =D16*(1-$N$58) -> 23257.576 | E25: =E16*(1-$N$58) -> 27247.024 | F25: =F16*(1-$N$58) -> 26125.779 | G25: =G16*(1-$N$58) -> 29981.026 | H25: =H16*(1-$N$58) -> 28589.386 | I25: =I16*(1-$I$20) -> 33699.173 | J25: =J16*(1-J20) -> 36561.19 | K25: =K16*(1-K20) -> 41409.115 | L25: =L16*(1-L20) -> 44338.957 | M25: =M16*(1-M20) -> 50212.973 | N25: =N16*(1-N20) -> 56870.206 | O25: =O16*(1-O20) -> 64418.922 | P25: =P16*(1-P20) -> 72981.789 | Q25: Calculation here
B26: Depreciation and amortization | C26: =+'Inc Stmt'!L23 -> 1456.2 | D26: =+'Inc Stmt'!M23 -> 1667.7 | E26: =+'Inc Stmt'!N23 -> 1796.1 | F26: =+'Inc Stmt'!O23 -> 2674 | G26: =+'Inc Stmt'!P23 -> 3071.6 | H26: =+H13*0.046 -> 1552.7746 | I26: =+I13*0.046 -> 1680.0784 | J26: =+J13*0.046 -> 1910.0784 | K26: =+K13*0.046 -> 2186.0784 | L26: =+L13*0.046 -> 2508.0784 | M26: =+M13*0.046 -> 2876.0784 | N26: =+N13*0.046 -> 3290.0784 | O26: =+O13*0.046 -> 3750.0784 | P26: =+P13*0.046 -> 4256.0784 | Q26: From above
B27: Change in working capital | C27: =+Cashflow!L26 -> 988.7 | D27: =+Cashflow!M26 -> -5011.3 | E27: =+Cashflow!N26 -> 4318.5 | F27: =+Cashflow!O26 -> -5825.2 | G27: =+Cashflow!P26 -> 5302.3 | H27: =-H9*0.005 -> -1088.334 | I27: =-I9*0.005 -> -1311.8181 | J27: =J9*0.5% -> 1486.29 | K27: =K9*0.5% -> 1683.9665 | L27: =L9*0.5% -> 1907.9341 | M27: =M9*0.5% -> 2161.6893 | N27: =N9*0.5% -> 2449.194 | O27: =O9*0.5% -> 2774.9368 | P27: =P9*0.5% -> 3144.0034 | Q27: Assumption with Calculation here
B28: Capex | C28: =-'Fixed Assets'!M84 -> -30.4 | D28: =-'Fixed Assets'!N84 -> -4349.3 | E28: =-'Fixed Assets'!O84 -> -2481.9 | F28: =-'Fixed Assets'!P84 -> -238.7 | G28: =-'Fixed Assets'!Q84 -> -2893.4 | H28: =-'Fixed Assets'!R84 -> -3000 | I28: =-'Fixed Assets'!S84 -> -4000 | J28: =J14 -> 5000 | K28: =K14 -> 6000 | L28: =L14 -> 7000 | M28: =M14 -> 8000 | N28: =N14 -> 9000 | O28: =O14 -> 10000 | P28: =P14 -> 11000 | Q28: From above
B29: FCF | C29: =SUM(C25:C28) -> 26362.779 | D29: =SUM(D25:D28) -> 15564.676 | E29: =SUM(E25:E28) -> 30879.724 | F29: =SUM(F25:F28) -> 22735.879 | G29: =SUM(G25:G28) -> 35461.526 | H29: =SUM(H25:H28) -> 26053.827 | I29: =SUM(I25:I28) -> 30067.433 | J29: =SUM(J25:J28) -> 44957.558 | ... P29: =SUM(P25:P28) -> 91381.87
B30: Discount factor | D30: =1/(1+$P$35)^D39 -> 1 | E30: =1/(1+$P$35)^E39 -> 1 | F30: =1/(1+$P$35)^F39 -> 1 | G30: =1/(1+$P$35)^G39 -> 1 | H30: =1/(1+$P$35)^H39 -> 1 | I30: =1/(1+$P$35)^I39 -> 0.88727205 | J30: =1/(1+$P$35)^J39 -> 0.7872517 | K30: =1/(1+$P$35)^K39 -> 0.69850643 | ... P30: =1/(1+$P$35)^P39 -> 0.38410895 | Q30: Calculation here
B31: PV of FCF | D31: =D29*D30 -> 15564.676 | E31: =E29*E30 -> 30879.724 | F31: =F29*F30 -> 22735.879 | G31: =G29*G30 -> 35461.526 | H31: =H29*H30 -> 26053.827 | I31: =I29*I30 -> 26677.993 | J31: =J29*J30 -> 35392.914 | K31: =K29*K30 -> 35818.823 | ... P31: =P29*P30 -> 35100.594
B34: Terminal Growth Rate | P34: 0.04
B35: WACC | P35: =N61 -> 0.12705004 | Q35: Coming from below
B38: Valuation date | C38: 42826 | D38: 41364 | E38: 41729 | F38: 42094 | G38: 42460 | H38: 42825 | I38: 43190 | J38: 43555 | K38: 43921 | L38: 44286 | M38: 44651 | N38: 45016 | O38: 45382 | P38: 45747
B39: Year fraction | C39: =YEARFRAC(C40,C38) -> 111.725 | D39: 0 | E39: 0 | F39: 0 | G39: 0 | H39: 0 | I39: =1+H39 -> 1 | J39: =1+I39 -> 2 | K39: =1+J39 -> 3 | L39: =1+K39 -> 4 | M39: =1+L39 -> 5 | N39: =1+M39 -> 6 | O39: =1+N39 -> 7 | P39: =1+O39 -> 8
B40: Valuation year | C40: 2018
B41: ROIC in FY16 | P41: 0.75
B43: Terminal cash flow calculation | L43: Assumptions
B44: Terminal Growth Rate | I44: 0.04 | J44: Assumption here | L44: Debt Premium | N44: 0
B45: Continuing Value - Last FCF | I45: =P29 -> 91381.87 | L45: Debt in FY 2012 | N45: =+'Bal Sheet'!L25 -> 974.8
B46: FCF - Next Year | I46: =I45*(1+I44) -> 95037.145 | J46: Formula here | L46: share price - Rs | N46: 2197
B47: Terminal Value | I47: =I46/(P35-I44) -> 1091753.1 | J47: Formula here | L47: No. Shares (mn) | N47: 289.36702
B48: Discounted Terminal Value | I48: =I47*P30 -> 419352.12 | J48: Formula here | L48: Market cap - Rs mn | N48: =(N46*N47) -> 635739.34
L49: Total Equity Rs mn | N49: =+'Bal Sheet'!L29 -> 60410.67
Q50: Expected market return = | S50: 0.12
B51: DCF valuation | L51: WACC
L52: Risk free rate | N52: 0.066452 | O52: From NSE Website
B53: Sum of Present Value of UFCF | I53: =SUM(I31:P31) -> 272307.43 | L53: Market Return | N53: ='Market Return and Beta'!E3 -> 0.13997877 | O53: From tab “Market Return and Beta”
B54: Present Value of Terminal Value | I54: =I48 -> 419352.12 | L54: Beta | N54: ='Market Return and Beta'!M5 -> 0.83380052 | O54: From tab “Market Return and Beta”
B55: Enterprise value | I55: =I53+I54 -> 691659.55 | L55: Cost of Equity | N55: =N52+N54*(N53-N52) -> 0.12775866 | O55: Using CAPM
B56: less: debt | I56: =-1625 -> -1625
B57: less: retirement liabilities | L57: Marginal cost of Debt | N57: 0.088 | O57: Data here
B58: less : minority interest and other provisions | L58: Marginal Tax rate | N58: 0.33 | O58: Data here
B59: add: cash equivalents and investments | I59: ='Bal Sheet'!Q81 -> 5567.4985 | L59: Tax adj cost of Debt | N59: =N57*(1-N58) -> 0.05896 | O59: Calculate here
B60: add: non-core investments
B61: Net equity value | I61: =SUM(I55:I60) -> 695602.05 | L61: WACC | N61: =1.03%*(N59)+98.97%*N55 -> 0.12705004 | O61: Calculate here | P61: Flowing above to Cell P35
B62: No. of share (Cr) | I62: ='Inc Stmt'!Q49 -> 289.36702
B63: 12-month fair value (Rs/share) | I63: =I61/I62 -> 2403.8747
L64: Terminal Growth Rate | N64: 0.04
B65: Current market price (US$) | I65: 2040 | L65: WACC | N65: =I74 -> 0.12765333
B66: Upside/(Downside) | I66: =I63/I65-1 -> 0.17836994
B69: DCF sensitivity analysis of share price (INR)
I70: Terminal Growth Rate
B71: WACC | I71: =I63 -> 2403.8747 | J71: =K71-0.5% -> 0.03 | K71: =L71-0.5% -> 0.035 | L71: 0.04 | M71: =L71+0.5% -> 0.045 | N71: =M71+0.5% -> 0.05
I72: =I73+0.5% -> 0.13765333 | J72: 1623.2986 | K72: 1659.1116 | L72: 1699.0548 | M72: 1743.8863 | N72: 1794.5619
I73: =I74+0.5% -> 0.13265333 | J73: 1707.8239 | K73: 1749.7165 | L73: 1796.736 | M73: 1849.8849 | N73: 1910.4453
I74: =(N59*(N45/(N45+N48)))+(N55*(N48/(N48+N45))) -> 0.12765333 | J74: 1802.792 | K74: 1852.1164 | L74: 1907.8707 | M74: 1971.3998 | N74: 2044.4518
I75: =I74-0.5% -> 0.12265333 | J75: 1910.1653 | K75: 1968.6649 | L75: 2035.322 | M75: 2111.971 | N75: 2201.0405
I76: =I75-0.5% -> 0.11765333 | J76: 2032.4218 | K76: 2102.3756 | L76: 2182.8155 | M76: 2276.2901 | N76: 2386.2473

Sheet KTM
A2: KTM
A3: Total Investment (Euro mn) | B3: 198.1
A4: Total Investment (Rs mn) | B4: =B3*80 -> 15848
A5: Value/Share (Rs) | B5: =B4/'Inc Stmt'!O49 -> 54.767817
A6: Stake held (% | B6: 0.48
A8: KTM Financials | B8: CY 2013 | C8: CY 2014 | D8: CY 2015 | E8: YoY %
A9: Volumes | B9: 123859 | C9: 158760 | E9: =+C9/B9-1 -> 0.28178009
A10: Revenues (Euro mn) | B10: 716.4 | C10: 864.6 | E10: =+C10/B10-1 -> 0.20686767
A11: PAT | B11: 36.5 | C11: 57.2 | E11: =+C11/B11-1 -> 0.56712329
A12: Dividend/Share (Euro) | B12: 1 | C12: 1.5 | E12: =+C12/B12-1 -> 0.5
A13: Bajaj' Share | B13: =B11*48% -> 17.52 | C13: =C11*48% -> 27.456 | E13: =+C13/B13-1 -> 0.56712329
A15: Bajaj Sales of KTM Bikes | B15: FY14 | C15: FY15 | D15: FY16 | E15: YoY %
A16: KTM Bikes Made in India | B16: 36047 | C16: 73101 | D16: 69532 | E16: =+D16/C16-1 -> -0.048822862
A17: Sold through Pro-Biking | B17: 11050 | C17: 22627 | D17: 30362 | E17: =+D17/C17-1 -> 0.34184823
A18: Exported to KTM | B18: 24016 | C18: 51009 | D18: 38926 | E18: =+D18/C18-1 -> -0.23687977
A20: KTM Mcap | B20: FY14 | C20: FY15 | D20: FY16 | E20: YoY %
A21: (Euro mn) | B21: 818 | C21: 1359 | D21: 1329 | E21: =+D21/C21-1 -> -0.022075055

Sheet  Valuation
B1: EPS
B2: FY15EPS | C2: FY16EPS | D2: FY17EPS | E2: FY18 EPS | F2: FY19 EPS
A3: EPS | B3: ='Inc Stmt'!O57 -> 106.45128 | C3: ='Inc Stmt'!P57 -> 135.80228 | D3: ='Inc Stmt'!Q57 -> 132.27354 | E3: ='Inc Stmt'!R57 -> 0 | F3: ='Inc Stmt'!S57 -> 0
A4: # of months | B4: 0 | C4: 0 | D4: 0 | E4: 0 | F4: 12
A6: Target Multiple | E6: 17
A7: Target Price | E7: =((E3*E4/12)+(F3*F4/12))*E6 -> 0
A8: Rounded Off | E8: 2900
B10: FY15E | C10: FY16E | D10: FY17E | E10: FY18E
A11: EBITDA | B11: ='Inc Stmt'!O21 -> 41667.7 | C11: ='Inc Stmt'!P21 -> 47819.4 | D11: ='Inc Stmt'!Q21 -> 44223.5 | E11: ='Inc Stmt'!R21 -> 51977.351
A12: Net Cash | B12: ='Bal Sheet'!O36 -> 86084.42 | C12: ='Bal Sheet'!P36 -> 91905 | D12: ='Bal Sheet'!Q36 -> 128877.3 | E12: ='Bal Sheet'!R36 -> 148671.8
A13: Target EV/EBITDA (x) | B13: 10 | C13: 10 | D13: 10 | E13: 10
A14: Mcap | C14: =(C11*C13)+C12 -> 570099 | D14: =(D11*D13)+D12 -> 571112.3 | E14: =(E11*E13)+E12 -> 668445.31
A15: Target Price | E15: =E14/'Inc Stmt'!R49 -> 2310.0259
A19: KTM
A20: Total Investment (Euro mn) | B20: 198.1
A21: Total Investment (Rs mn) | B21: =B20*75 -> 14857.5
A22: Value/Share (Rs) | B22: =B21/'Inc Stmt'!O49 -> 51.344828
A23: Stake held (%) | B23: 0.48
E27: 2810
E28: 2650
E29: =+E28/E27-1 -> -0.056939502

Sheet Uploader
F1: =IF(F3=12,"CY"&TEXT(F2,"YY"),"FY"&TEXT(F2,"YY")) -> FY96 | G1: =IF(G3=12,"CY"&TEXT(G2,"YY"),"FY"&TEXT(G2,"YY")) -> FY97 | H1: =IF(H3=12,"CY"&TEXT(H2,"YY"),"FY"&TEXT(H2,"YY")) -> FY98 | I1: =IF(I3=12,"CY"&TEXT(I2,"YY"),"FY"&TEXT(I2,"YY")) -> FY99 | J1: =IF(J3=12,"CY"&TEXT(J2,"YY"),"FY"&TEXT(J2,"YY")) -> FY00 | K1: =IF(K3=12,"CY"&TEXT(K2,"YY"),"FY"&TEXT(K2,"YY")) -> FY01 | L1: =IF(L3=12,"CY"&TEXT(L2,"YY"),"FY"&TEXT(L2,"YY")) -> FY02 | M1: =IF(M3=12,"CY"&TEXT(M2,"YY"),"FY"&TEXT(M2,"YY")) -> FY03 | ... AD1: =IF(AD3=12,"CY"&TEXT(AD2,"YY"),"FY"&TEXT(AD2,"YY")) -> FY20 | AF1: Q1FY07 | AG1: Q2FY07 | AH1: Q3FY07 | AI1: Q4FY07 | AJ1: Q1FY08 | AK1: Q2FY08 | AL1: Q3FY08 | AM1: Q4FY08 | AN1: Q1FY09 | AO1: Q2FY09 | AP1: Q3FY09 | AQ1: Q4FY09 | AR1: Q1FY10 | AS1: Q2FY10 | AT1: Q3FY10 | AU1: Q4FY10 | AV1: Q1FY11 | AW1: Q2FY11 | AX1: Q3FY11 | AY1: Q4FY11 | AZ1: Q1FY12 | BA1: Q2FY12 | BB1: Q3FY12 | BC1: Q4FY12 | BD1: Q1FY13 | BE1: Q2FY13 | BF1: Q3FY13 | BG1: Q4FY13 | BH1: Q1FY14 | BI1: Q2FY14 | BJ1: Q3FY14 | BK1: Q4FY14 | BL1: Q1FY15 | BM1: Q2FY15 | BN1: Q3FY15 | BO1: Q4FY15 | BP1: Q1FY16 | BQ1: Q2FY16 | BR1: Q3FY16 | BS1: Q4FY16 | BT1: Q1FY17 | BU1: Q2FY17 | BV1: Q3FY17 | BW1: Q4FY17
C2: Full balance date (don't use text format) | F2: 35155 | G2: 35520 | H2: 35885 | I2: 36250 | J2: 36616 | K2: 36981 | L2: 37346 | M2: 37711 | N2: 38077 | O2: 38442 | P2: 38807 | Q2: 39172 | R2: 39538 | S2: 39903 | T2: 40268 | U2: 40633 | V2: 40999 | W2: 41364 | X2: 41729 | Y2: 42094 | Z2: 42460 | AA2: 42825 | AB2: 43190 | AC2: 43555 | AD2: 43921 | AF2: 38898 | AG2: 38990 | AH2: 39082 | AI2: 39172 | AJ2: 39263 | AK2: 39355 | AL2: 39447 | AM2: 39538 | AN2: 39629 | AO2: 39721 | AP2: 39813 | AQ2: 39903 | AR2: 39994 | AS2: 40086 | AT2: 40178 | AU2: 40268 | AV2: 40359 | AW2: 40451 | AX2: 40543 | AY2: 40633 | AZ2: 40724 | BA2: 40816 | BB2: 40908 | BC2: 40999 | BD2: 41090 | BE2: 41182 | BF2: 41274 | BG2: 41364 | BH2: 41455 | BI2: 41547 | BJ2: 41639 | BK2: 41729 | BL2: 41820 | BM2: 41912 | BN2: 42004 | BO2: 42094 | BP2: 42185 | BQ2: 42277 | BR2: 42369 | BS2: 42460 | BT2: 42551 | BU2: 42643 | BV2: 42734 | BW2: 42825
C3: Year end | D3: Mar | F3: =MONTH(F2) -> 3 | G3: =MONTH(G2) -> 3 | H3: =MONTH(H2) -> 3 | I3: =MONTH(I2) -> 3 | J3: =MONTH(J2) -> 3 | K3: =MONTH(K2) -> 3 | L3: =MONTH(L2) -> 3 | M3: =MONTH(M2) -> 3 | ... X3: =MONTH(X2) -> 3 | Y3: 3 | Z3: 3 | AA3: 3 | AB3: 3 | AC3: 3 | AD3: 3 | AF3: =MONTH(AF2) -> 6 | AG3: =MONTH(AG2) -> 9 | AH3: =MONTH(AH2) -> 12 | AI3: =MONTH(AI2) -> 3 | AJ3: =MONTH(AJ2) -> 6 | AK3: =MONTH(AK2) -> 9 | AL3: =MONTH(AL2) -> 12 | AM3: =MONTH(AM2) -> 3 | ... BW3: =MONTH(BW2) -> 3
C4: Number of months in year | F4: 12 | G4: 12 | H4: 12 | I4: 12 | J4: 12 | K4: 12 | L4: 12 | M4: 12 | N4: 12 | O4: 12 | P4: 12 | Q4: 12 | R4: 12 | S4: 12 | T4: 12 | U4: 12 | V4: 12 | W4: 12 | X4: 12 | Y4: 12 | Z4: 12 | AA4: 12 | AB4: 12 | AC4: 12 | AD4: 12 | AF4: 3 | AG4: 3 | AH4: 3 | AI4: 3 | AJ4: 3 | AK4: 3 | AL4: 3 | AM4: 3 | AN4: 3 | AO4: 3 | AP4: 3 | AQ4: 3 | AR4: 3 | AS4: 3 | AT4: 3 | AU4: 3 | AV4: 3 | AW4: 3 | AX4: 3 | AY4: 3 | AZ4: 3 | BA4: 3 | BB4: 3 | BC4: 3 | BD4: 3 | BE4: 3 | BF4: 3 | BG4: 3 | BH4: 3 | BI4: 3 | BJ4: 3 | BK4: 3 | BL4: =BK4 -> 3 | BM4: =BL4 -> 3 | BN4: =BM4 -> 3 | BO4: =BN4 -> 3 | BP4: =BO4 -> 3 | BQ4: =BP4 -> 3 | BR4: =BQ4 -> 3 | BS4: =BR4 -> 3 | ... BW4: =BV4 -> 3
C5: Actual/Estimate | F5: =IF(F2<=$E$16,"Actual","Estimate") -> Actual | G5: =IF(G2<=$E$16,"Actual","Estimate") -> Actual | H5: =IF(H2<=$E$16,"Actual","Estimate") -> Actual | I5: =IF(I2<=$E$16,"Actual","Estimate") -> Actual | J5: =IF(J2<=$E$16,"Actual","Estimate") -> Actual | K5: =IF(K2<=$E$16,"Actual","Estimate") -> Actual | L5: =IF(L2<=$E$16,"Actual","Estimate") -> Actual | M5: =IF(M2<=$E$16,"Actual","Estimate") -> Actual | ... AD5: =IF(AD2<=$E$16,"Actual","Estimate") -> Estimate | AF5: =IF(AF2<=$E$16,"Actual","Estimate") -> Actual | AG5: =IF(AG2<=$E$16,"Actual","Estimate") -> Actual | AH5: =IF(AH2<=$E$16,"Actual","Estimate") -> Actual | AI5: =IF(AI2<=$E$16,"Actual","Estimate") -> Actual | AJ5: =IF(AJ2<=$E$16,"Actual","Estimate") -> Actual | AK5: =IF(AK2<=$E$16,"Actual","Estimate") -> Actual | AL5: =IF(AL2<=$E$16,"Actual","Estimate") -> Actual | AM5: =IF(AM2<=$E$16,"Actual","Estimate") -> Actual | ... BW5: =IF(BW2<=$E$16,"Actual","Estimate") -> Actual
C7: COMPANY DATA
C8: Bloomberg code | D8: bbt | E8: BJAUT IB
C9: Company Name | D9: fullname | E9: =_xll.GETCOMPANYDATA(E8,"fullname") -> #NAME?
C10: Sector | D10: sector | E10: =_xll.GETCOMPANYDATA(E8,"sector") -> #NAME?
C11: CMP | D11: cmp | E11: =_xll.GETMARKETDATA("cmp",E8) -> #NAME?
C12: Target | D12: target | E12: =+Dashboard!E17 -> 2900
C13: Target Date | D13: targetdt | E13: =+Dashboard!E19 -> Mar '18
C14: Recommendation | D14: rec | E14: =+Dashboard!F17 -> HOLD
C15: Standalone/Consolidated | D15: type | E15: Standalone
C16: Date of results | D16: resultdt | E16: 42874
C18: Segment Names
C19: Segment Name 1 | D19: seg1
C20: Segment Name 2 | D20: seg2
C21: Segment Name 3 | D21: seg3
C22: Segment Name 4 | D22: seg4
C23: Segment Name 5 | D23: seg5
C25: Face Value
C32: ANNUAL FINANCIALS
C34: Income Statement (Rs mn)
B35: gsl | C35: Gross Sales | M35: =+'Inc Stmt'!C9 -> 43169.178 | N35: =+'Inc Stmt'!D9 -> 49876.86 | O35: =+'Inc Stmt'!E9 -> 59485.318 | P35: =+'Inc Stmt'!F9 -> 77409.6 | Q35: =+'Inc Stmt'!G9 -> 95928.2 | R35: =+'Inc Stmt'!H9 -> 90169.5 | S35: =+'Inc Stmt'!I9 -> 88148.1 | T35: =+'Inc Stmt'!J9 -> 118864.7 | ... AD35: =+'Inc Stmt'!T9 -> 352252.66 | AF35: =Quarterly!C11 -> 25053.6 | AG35: =Quarterly!D11 -> 27751.4 | AH35: =Quarterly!E11 -> 29267 | AI35: =Quarterly!F11 -> 26270.7 | AJ35: =Quarterly!G11 -> 22885.9 | AK35: =Quarterly!H11 -> 25197.3 | AL35: =Quarterly!I11 -> 26957.3 | AM35: =Quarterly!J11 -> 21859 | ... BW35: =Quarterly!AT11 -> 51205.4
B36: excise | C36: Less: Excise Duty | AF36: =Quarterly!C12 -> 3027 | AG36: =Quarterly!D12 -> 3391.7 | AH36: =Quarterly!E12 -> 3584.7 | AI36: =Quarterly!F12 -> 3135.2 | AJ36: =Quarterly!G12 -> 2524.9 | AK36: =Quarterly!H12 -> 2756 | AL36: =Quarterly!I12 -> 2971.3 | AM36: =Quarterly!J12 -> 2014.4 | ... BW36: =Quarterly!AT12 -> 3155.1
B37: nsl | C37: Net Sales | F37: =F35-F36 -> 0 | G37: =G35-G36 -> 0 | H37: =H35-H36 -> 0 | I37: =I35-I36 -> 0 | J37: =J35-J36 -> 0 | K37: =K35-K36 -> 0 | M37: =M35-M36 -> 43169.178 | N37: =N35-N36 -> 49876.86 | O37: =O35-O36 -> 59485.318 | P37: =P35-P36 -> 77409.6 | Q37: =Q35-Q36 -> 95928.2 | R37: =R35-R36 -> 90169.5 | S37: =S35-S36 -> 88148.1 | T37: =T35-T36 -> 118864.7 | ... AD37: =AD35-AD36 -> 352252.66 | AF37: =AF35-AF36 -> 22026.6 | AG37: =AG35-AG36 -> 24359.7 | AH37: =AH35-AH36 -> 25682.3 | AI37: =AI35-AI36 -> 23135.5 | AJ37: =AJ35-AJ36 -> 20361 | AK37: =AK35-AK36 -> 22441.3 | AL37: =AL35-AL36 -> 23986 | AM37: =AM35-AM36 -> 19844.6 | ... BW37: =BW35-BW36 -> 48050.3
B38: gt | C38: Growth (%) | F38: =IF(E37<0,"n.a.",((F37*12/F$4)/(E37*12/E$4)-1))*100 -> #DIV/0! | G38: =IF(F37<0,"n.a.",((G37*12/G$4)/(F37*12/F$4)-1))*100 -> #DIV/0! | H38: =IF(G37<0,"n.a.",((H37*12/H$4)/(G37*12/G$4)-1))*100 -> #DIV/0! | I38: =IF(H37<0,"n.a.",((I37*12/I$4)/(H37*12/H$4)-1))*100 -> #DIV/0! | J38: =IF(I37<0,"n.a.",((J37*12/J$4)/(I37*12/I$4)-1))*100 -> #DIV/0! | K38: =IF(J37<0,"n.a.",((K37*12/K$4)/(J37*12/J$4)-1))*100 -> #DIV/0! | M38: =IF(L37<0,"n.a.",((M37*12/M$4)/(L37*12/L$4)-1))*100 -> #DIV/0! | N38: =IF(M37<0,"n.a.",((N37*12/N$4)/(M37*12/M$4)-1))*100 -> 15.538128 | O38: =IF(N37<0,"n.a.",((O37*12/O$4)/(N37*12/N$4)-1))*100 -> 19.26436 | P38: =IF(O37<0,"n.a.",((P37*12/P$4)/(O37*12/O$4)-1))*100 -> 30.132279 | Q38: =IF(P37<0,"n.a.",((Q37*12/Q$4)/(P37*12/P$4)-1))*100 -> 23.922873 | R38: =IF(Q37<0,"n.a.",((R37*12/R$4)/(Q37*12/Q$4)-1))*100 -> -6.0031357 | S38: =IF(R37<0,"n.a.",((S37*12/S$4)/(R37*12/R$4)-1))*100 -> -2.241778 | T38: =IF(S37<0,"n.a.",((T37*12/T$4)/(S37*12/S$4)-1))*100 -> 34.846582 | ... AD38: =IF(AC37<0,"n.a.",((AD37*12/AD$4)/(AC37*12/AC$4)-1))*100 -> 15.942287 | AF38: =IF(AE37<0,"n.a.",((AF37*12/AF$4)/(AE37*12/AE$4)-1))*100 -> #DIV/0! | AG38: =IF(AF37<0,"n.a.",((AG37*12/AG$4)/(AF37*12/AF$4)-1))*100 -> 10.592193 | AH38: =IF(AG37<0,"n.a.",((AH37*12/AH$4)/(AG37*12/AG$4)-1))*100 -> 5.4294593 | AI38: =IF(AH37<0,"n.a.",((AI37*12/AI$4)/(AH37*12/AH$4)-1))*100 -> -9.9165573 | AJ38: =IF(AI37<0,"n.a.",((AJ37*12/AJ$4)/(AI37*12/AI$4)-1))*100 -> -11.992393 | AK38: =IF(AJ37<0,"n.a.",((AK37*12/AK$4)/(AJ37*12/AJ$4)-1))*100 -> 10.217082 | AL38: =IF(AK37<0,"n.a.",((AL37*12/AL$4)/(AK37*12/AK$4)-1))*100 -> 6.8832911 | AM38: =IF(AL37<0,"n.a.",((AM37*12/AM$4)/(AL37*12/AL$4)-1))*100 -> -17.265905 | ... BW38: =IF(BV37<0,"n.a.",((BW37*12/BW$4)/(BV37*12/BV$4)-1))*100 -> -3.4273529
B39: ooi | C39: Other operating income | AF39: =Quarterly!C13 -> 0 | AG39: =Quarterly!D13 -> 0 | AH39: =Quarterly!E13 -> 0 | AI39: =Quarterly!F13 -> 0 | AJ39: =Quarterly!G13 -> 725.5 | AK39: =Quarterly!H13 -> 1176.9 | AL39: =Quarterly!I13 -> 1026.5 | AM39: =Quarterly!J13 -> 899.9 | ... BW39: =Quarterly!AT13 -> 922.9
B40: toi | C40: Total Revenue | F40: =F37+F39 -> 0 | G40: =G37+G39 -> 0 | H40: =H37+H39 -> 0 | I40: =I37+I39 -> 0 | J40: =J37+J39 -> 0 | K40: =K37+K39 -> 0 | M40: =M37+M39 -> 43169.178 | N40: =N37+N39 -> 49876.86 | O40: =O37+O39 -> 59485.318 | P40: =P37+P39 -> 77409.6 | Q40: =Q37+Q39 -> 95928.2 | R40: =R37+R39 -> 90169.5 | S40: =S37+S39 -> 88148.1 | T40: =T37+T39 -> 118864.7 | ... AD40: =AD37+AD39 -> 352252.66 | AF40: =AF37+AF39 -> 22026.6 | AG40: =AG37+AG39 -> 24359.7 | AH40: =AH37+AH39 -> 25682.3 | AI40: =AI37+AI39 -> 23135.5 | AJ40: =AJ37+AJ39 -> 21086.5 | AK40: =AK37+AK39 -> 23618.2 | AL40: =AL37+AL39 -> 25012.5 | AM40: =AM37+AM39 -> 20744.5 | ... BW40: =BW37+BW39 -> 48973.2
B41: gth | C41: Growth (%) | F41: =IF(E40<0,"n.a.",((F40*12/F$4)/(E40*12/E$4)-1))*100 -> #DIV/0! | G41: =IF(F40<0,"n.a.",((G40*12/G$4)/(F40*12/F$4)-1))*100 -> #DIV/0! | H41: =IF(G40<0,"n.a.",((H40*12/H$4)/(G40*12/G$4)-1))*100 -> #DIV/0! | I41: =IF(H40<0,"n.a.",((I40*12/I$4)/(H40*12/H$4)-1))*100 -> #DIV/0! | J41: =IF(I40<0,"n.a.",((J40*12/J$4)/(I40*12/I$4)-1))*100 -> #DIV/0! | K41: =IF(J40<0,"n.a.",((K40*12/K$4)/(J40*12/J$4)-1))*100 -> #DIV/0! | M41: =IF(L40<0,"n.a.",((M40*12/M$4)/(L40*12/L$4)-1))*100 -> #DIV/0! | N41: =IF(M40<0,"n.a.",((N40*12/N$4)/(M40*12/M$4)-1))*100 -> 15.538128 | O41: =IF(N40<0,"n.a.",((O40*12/O$4)/(N40*12/N$4)-1))*100 -> 19.26436 | P41: =IF(O40<0,"n.a.",((P40*12/P$4)/(O40*12/O$4)-1))*100 -> 30.132279 | Q41: =IF(P40<0,"n.a.",((Q40*12/Q$4)/(P40*12/P$4)-1))*100 -> 23.922873 | R41: =IF(Q40<0,"n.a.",((R40*12/R$4)/(Q40*12/Q$4)-1))*100 -> -6.0031357 | S41: =IF(R40<0,"n.a.",((S40*12/S$4)/(R40*12/R$4)-1))*100 -> -2.241778 | T41: =IF(S40<0,"n.a.",((T40*12/T$4)/(S40*12/S$4)-1))*100 -> 34.846582 | ... AD41: =IF(AC40<0,"n.a.",((AD40*12/AD$4)/(AC40*12/AC$4)-1))*100 -> 15.942287 | AF41: =IF(AE40<0,"n.a.",((AF40*12/AF$4)/(AE40*12/AE$4)-1))*100 -> #DIV/0! | AG41: =IF(AF40<0,"n.a.",((AG40*12/AG$4)/(AF40*12/AF$4)-1))*100 -> 10.592193 | AH41: =IF(AG40<0,"n.a.",((AH40*12/AH$4)/(AG40*12/AG$4)-1))*100 -> 5.4294593 | AI41: =IF(AH40<0,"n.a.",((AI40*12/AI$4)/(AH40*12/AH$4)-1))*100 -> -9.9165573 | AJ41: =IF(AI40<0,"n.a.",((AJ40*12/AJ$4)/(AI40*12/AI$4)-1))*100 -> -8.8565192 | AK41: =IF(AJ40<0,"n.a.",((AK40*12/AK$4)/(AJ40*12/AJ$4)-1))*100 -> 12.00626 | AL41: =IF(AK40<0,"n.a.",((AL40*12/AL$4)/(AK40*12/AK$4)-1))*100 -> 5.9034981 | AM41: =IF(AL40<0,"n.a.",((AM40*12/AM$4)/(AL40*12/AL$4)-1))*100 -> -17.063468 | ... BW41: =IF(BV40<0,"n.a.",((BW40*12/BW$4)/(BV40*12/BV$4)-1))*100 -> -3.3466288
B42: opex | C42: Total Expenditure | F42: =F43+F47+F66+F69 -> 0 | G42: =G43+G47+G66+G69 -> 0 | H42: =H43+H47+H66+H69 -> 0 | I42: =I43+I47+I66+I69 -> 0 | J42: =J43+J47+J66+J69 -> 0 | K42: =K43+K47+K66+K69 -> 0 | M42: =M43+M47+M66+M69 -> 35204.089 | N42: =N43+N47+N66+N69 -> 40639.788 | O42: =O43+O47+O66+O69 -> 50136.831 | P42: =P43+P47+P66+P69 -> 63116.3 | Q42: =Q43+Q47+Q66+Q69 -> 81034.4 | R42: =R43+R47+R66+R69 -> 77874.9 | S42: =S43+S47+S66+S69 -> 76905 | T42: =T43+T47+T66+T69 -> 93284.2 | ... AD42: =AD43+AD47+AD66+AD69 -> 285515.58 | AF42: =AF43+AF47+AF66+AF69 -> 18419.7 | AG42: =AG43+AG47+AG66+AG69 -> 20707.8 | AH42: =AH43+AH47+AH66+AH69 -> 22046.1 | AI42: =AI43+AI47+AI66+AI69 -> 19872.6 | AJ42: =AJ43+AJ47+AJ66+AJ69 -> 18337.5 | AK42: =AK43+AK47+AK66+AK69 -> 19837.7 | AL42: =AL43+AL47+AL66+AL69 -> 21342.7 | AM42: =AM43+AM47+AM66+AM69 -> 18128.8 | ... BW42: =BW43+BW47+BW66+BW69 -> 39913.4
B43: mcd | C43: Raw-Materials | F43: =SUM(F44:F46) -> 0 | G43: =SUM(G44:G46) -> 0 | H43: =SUM(H44:H46) -> 0 | I43: =SUM(I44:I46) -> 0 | J43: =SUM(J44:J46) -> 0 | K43: =SUM(K44:K46) -> 0 | M43: =SUM(M44:M46) -> 26883.081 | N43: =SUM(N44:N46) -> 31992.219 | O43: =SUM(O44:O46) -> 41020.847 | P43: =SUM(P44:P46) -> 53246 | Q43: =SUM(Q44:Q46) -> 69010.1 | R43: =SUM(R44:R46) -> 66192.9 | S43: =SUM(S44:S46) -> 64615.7 | T43: =SUM(T44:T46) -> 80704.4 | ... AD43: =SUM(AD44:AD46) -> 243406.59 | AF43: =SUM(AF44:AF46) -> 15543.9 | AG43: =SUM(AG44:AG46) -> 17691.8 | AH43: =SUM(AH44:AH46) -> 18855.8 | AI43: =SUM(AI44:AI46) -> 16918.6 | AJ43: =SUM(AJ44:AJ46) -> 15260.2 | AK43: =SUM(AK44:AK46) -> 17066.7 | AL43: =SUM(AL44:AL46) -> 18636.5 | AM43: =SUM(AM44:AM46) -> 15240.3 | ... BW43: =SUM(BW44:BW46) -> 33202.7
B44: rms | C44: Raw Material Consumed | M44: =+'Inc Stmt'!C10 -> 26883.081 | N44: =+'Inc Stmt'!D10 -> 31992.219 | O44: =+'Inc Stmt'!E10 -> 41020.847 | P44: =+'Inc Stmt'!F10 -> 53246 | Q44: =+'Inc Stmt'!G10 -> 69010.1 | R44: =+'Inc Stmt'!H10 -> 66192.9 | S44: =+'Inc Stmt'!I10 -> 64615.7 | T44: =+'Inc Stmt'!J10 -> 80704.4 | ... AD44: =+'Inc Stmt'!T10 -> 243406.59 | AF44: =Quarterly!C18 -> 15543.9 | AG44: =Quarterly!D18 -> 17691.8 | AH44: =Quarterly!E18 -> 18855.8 | AI44: =Quarterly!F18 -> 16918.6 | AJ44: =Quarterly!G18 -> 15260.2 | AK44: =Quarterly!H18 -> 17066.7 | AL44: =Quarterly!I18 -> 18636.5 | AM44: =Quarterly!J18 -> 15240.3 | ... BW44: =Quarterly!AT18 -> 33202.7
B45: sa | C45: Stock Adjustment
B46: poftp | C46: Purchase of finished/traded products
B47: opexp | C47: Operating Expenses | F47: =SUM(F48:F65) -> 0 | G47: =SUM(G48:G65) -> 0 | H47: =SUM(H48:H65) -> 0 | I47: =SUM(I48:I65) -> 0 | J47: =SUM(J48:J65) -> 0 | K47: =SUM(K48:K65) -> 0 | M47: =SUM(M48:M65) -> 8321.008 | N47: =SUM(N48:N65) -> 8647.569 | O47: =SUM(O48:O65) -> 9115.984 | P47: =SUM(P48:P65) -> 9870.3 | Q47: =SUM(Q48:Q65) -> 12024.3 | R47: =SUM(R48:R65) -> 11682 | S47: =SUM(S48:S65) -> 12289.3 | T47: =SUM(T48:T65) -> 12579.8 | ... AD47: =SUM(AD48:AD65) -> 42108.987 | AF47: =SUM(AF48:AF65) -> 2875.8 | AG47: =SUM(AG48:AG65) -> 3016 | AH47: =SUM(AH48:AH65) -> 3190.3 | AI47: =SUM(AI48:AI65) -> 2954 | AJ47: =SUM(AJ48:AJ65) -> 3077.3 | AK47: =SUM(AK48:AK65) -> 2771 | AL47: =SUM(AL48:AL65) -> 2706.2 | AM47: =SUM(AM48:AM65) -> 2888.5 | ... BW47: =SUM(BW48:BW65) -> 6710.7
B48: frt | C48: Freight
B49: pwr | C49: Power&Fuel
B50: emct | C50: Employee Cost | M50: =+'Inc Stmt'!C14 -> 2838.404 | N50: =+'Inc Stmt'!D14 -> 2405.356 | O50: =+'Inc Stmt'!E14 -> 2490.636 | P50: =+'Inc Stmt'!F14 -> 2741.3 | Q50: =+'Inc Stmt'!G14 -> 3015.2 | R50: =+'Inc Stmt'!H14 -> 3467.3 | S50: =+'Inc Stmt'!I14 -> 3600.9 | T50: =+'Inc Stmt'!J14 -> 3994.6 | ... AD50: =+'Inc Stmt'!T14 -> 15563.226 | AF50: =Quarterly!C27 -> 855.8 | AG50: =Quarterly!D27 -> 725.9 | AH50: =Quarterly!E27 -> 757.1 | AI50: =Quarterly!F27 -> 688.2 | AJ50: =Quarterly!G27 -> 986.7 | AK50: =Quarterly!H27 -> 735.2 | AL50: =Quarterly!I27 -> 845.9 | AM50: =Quarterly!J27 -> 863 | ... BW50: =Quarterly!AT27 -> 2273.2
B51: mnct | C51: Mining Cost
B52: exct | C52: Exploration costs
B53: scnexp | C53: Sub-contracting Expenses
B54: conexp | C54: Construction Expense
B55: mnlexp | C55: Masonry & Labour Expense
B56: ctexp | C56: Contract Expenses
B57: odexp | C57: Other Direct Expenses
B58: snscn | C58: Store & Spares Consumed
B59: accgs | C59: Access Charges
B60: nopexp | C60: Network Operating Expenses
B61: licfee | C61: License Fee
B62: rtmach | C62: Rentals To Machinery
... B64: enprexp | C64: Engineering Project Expenses
B65: oopexp | C65: Other Operating Expenses | M65: =+'Inc Stmt'!C15 -> 5482.604 | N65: =+'Inc Stmt'!D15 -> 6242.213 | O65: =+'Inc Stmt'!E15 -> 6625.348 | P65: =+'Inc Stmt'!F15 -> 7129 | Q65: =+'Inc Stmt'!G15 -> 9009.1 | R65: =+'Inc Stmt'!H15 -> 8214.7 | S65: =+'Inc Stmt'!I15 -> 8688.4 | T65: =+'Inc Stmt'!J15 -> 8585.2 | ... AD65: =+'Inc Stmt'!T15 -> 26545.761 | AF65: =Quarterly!C31 -> 2020 | AG65: =Quarterly!D31 -> 2290.1 | AH65: =Quarterly!E31 -> 2433.2 | AI65: =Quarterly!F31 -> 2265.8 | AJ65: =Quarterly!G31 -> 2090.6 | AK65: =Quarterly!H31 -> 2035.8 | AL65: =Quarterly!I31 -> 1860.3 | AM65: =Quarterly!J31 -> 2025.5 | ... BW65: =Quarterly!AT31 -> 4437.5
B66: sga | C66: Selling, General & Admin Expenses | F66: =SUM(F67:F68) -> 0 | G66: =SUM(G67:G68) -> 0 | H66: =SUM(H67:H68) -> 0 | I66: =SUM(I67:I68) -> 0 | J66: =SUM(J67:J68) -> 0 | K66: =SUM(K67:K68) -> 0 | M66: =SUM(M67:M68) -> 0 | N66: =SUM(N67:N68) -> 0 | O66: =SUM(O67:O68) -> 0 | P66: =SUM(P67:P68) -> 0 | Q66: =SUM(Q67:Q68) -> 0 | R66: =SUM(R67:R68) -> 0 | S66: =SUM(S67:S68) -> 0 | T66: =SUM(T67:T68) -> 0 | ... AD66: =SUM(AD67:AD68) -> 0 | AF66: =SUM(AF67:AF68) -> 0 | AG66: =SUM(AG67:AG68) -> 0 | AH66: =SUM(AH67:AH68) -> 0 | AI66: =SUM(AI67:AI68) -> 0 | AJ66: =SUM(AJ67:AJ68) -> 0 | AK66: =SUM(AK67:AK68) -> 0 | AL66: =SUM(AL67:AL68) -> 0 | AM66: =SUM(AM67:AM68) -> 0 | ... BW66: =SUM(BW67:BW68) -> 0
B67: mkt | C67: Selling & Marketing Expenses
B68: snaexp | C68: General & Administration Expenses
B69: other_exp | C69: Other Expenses | F69: =SUM(F70:F76) -> 0 | G69: =SUM(G70:G76) -> 0 | H69: =SUM(H70:H76) -> 0 | I69: =SUM(I70:I76) -> 0 | J69: =SUM(J70:J76) -> 0 | K69: =SUM(K70:K76) -> 0 | M69: =SUM(M70:M76) -> 0 | N69: =SUM(N70:N76) -> 0 | O69: =SUM(O70:O76) -> 0 | P69: =SUM(P70:P76) -> 0 | Q69: =SUM(Q70:Q76) -> 0 | R69: =SUM(R70:R76) -> 0 | S69: =SUM(S70:S76) -> 0 | T69: =SUM(T70:T76) -> 0 | ... AD69: =SUM(AD70:AD76) -> 0 | AF69: =SUM(AF70:AF76) -> 0 | AG69: =SUM(AG70:AG76) -> 0 | AH69: =SUM(AH70:AH76) -> 0 | AI69: =SUM(AI70:AI76) -> 0 | AJ69: =SUM(AJ70:AJ76) -> 0 | AK69: =SUM(AK70:AK76) -> 0 | AL69: =SUM(AL70:AL76) -> 0 | AM69: =SUM(AM70:AM76) -> 0 | ... BW69: =SUM(BW70:BW76) -> 0
B70: ins | C70: Insurance
B71: rnd | C71: R&D Expenes
B72: bdp | C72: Bad Debts Provision
B73: orp | C73: Other Provisions
B74: forex | C74: Forex Gains/(Losses)
B75: rlty | C75: Royalty
B76: expoth | C76: Interest capitalized
B77: ebitda | C77: EBITDA | F77: =F40-F42 -> 0 | G77: =G40-G42 -> 0 | H77: =H40-H42 -> 0 | I77: =I40-I42 -> 0 | J77: =J40-J42 -> 0 | K77: =K40-K42 -> 0 | M77: =M40-M42 -> 7965.089 | N77: =N40-N42 -> 9237.072 | O77: =O40-O42 -> 9348.487 | P77: =P40-P42 -> 14293.3 | Q77: =Q40-Q42 -> 14893.8 | R77: =R40-R42 -> 12294.6 | S77: =S40-S42 -> 11243.1 | T77: =T40-T42 -> 25580.5 | ... AD77: =AD40-AD42 -> 66737.086 | AF77: =AF40-AF42 -> 3606.9 | AG77: =AG40-AG42 -> 3651.9 | AH77: =AH40-AH42 -> 3636.2 | AI77: =AI40-AI42 -> 3262.9 | AJ77: =AJ40-AJ42 -> 2749 | AK77: =AK40-AK42 -> 3780.5 | AL77: =AL40-AL42 -> 3669.8 | AM77: =AM40-AM42 -> 2615.7 | ... BW77: =BW40-BW42 -> 9059.8
B78: tda | C78: Total depreciation & amortisation | F78: =F79+F80 -> 0 | G78: =G79+G80 -> 0 | H78: =H79+H80 -> 0 | I78: =I79+I80 -> 0 | J78: =J79+J80 -> 0 | K78: =K79+K80 -> 0 | M78: =M79+M80 -> 1711.565 | N78: =N79+N80 -> 1798.946 | O78: =O79+O80 -> 1853.663 | P78: =P79+P80 -> 1910 | Q78: =Q79+Q80 -> 1902.6 | R78: =R79+R80 -> 1746.1 | S78: =S79+S80 -> 1306.2 | T78: =T79+T80 -> 1364.5 | ... AD78: =AD79+AD80 -> 3983.175 | AF78: =AF79+AF80 -> 481.2 | AG78: =AG79+AG80 -> 491.7 | AH78: =AH79+AH80 -> 472.1 | AI78: =AI79+AI80 -> 457.6 | AJ78: =AJ79+AJ80 -> 490.2 | AK78: =AK79+AK80 -> 487.2 | AL78: =AL79+AL80 -> 418.3 | AM78: =AM79+AM80 -> 413.9 | ... BW78: =BW79+BW80 -> 757
B79: dep | C79: Depreciation | F79: =F355 -> 0 | G79: =G355 -> 0 | H79: =H355 -> 0 | I79: =I355 -> 0 | J79: =J355 -> 0 | K79: =K355 -> 0 | M79: =M355 -> 1711.565 | N79: =N355 -> 1798.946 | O79: =O355 -> 1853.663 | P79: =P355 -> 1910 | Q79: =Q355 -> 1902.6 | R79: =R355 -> 1746.1 | S79: =S355 -> 1306.2 | T79: =T355 -> 1364.5 | ... AD79: =AD355 -> 3983.175 | AF79: =Quarterly!C41 -> 481.2 | AG79: =Quarterly!D41 -> 491.7 | AH79: =Quarterly!E41 -> 472.1 | AI79: =Quarterly!F41 -> 457.6 | AJ79: =Quarterly!G41 -> 490.2 | AK79: =Quarterly!H41 -> 487.2 | AL79: =Quarterly!I41 -> 418.3 | AM79: =Quarterly!J41 -> 413.9 | ... BW79: =Quarterly!AT41 -> 757
B80: amort | C80: Amortisation | F80: =F358 -> 0 | G80: =G358 -> 0 | H80: =H358 -> 0 | I80: =I358 -> 0 | J80: =J358 -> 0 | K80: =K358 -> 0
B81: ebit | C81: EBIT | F81: =F77-F78 -> 0 | G81: =G77-G78 -> 0 | H81: =H77-H78 -> 0 | I81: =I77-I78 -> 0 | J81: =J77-J78 -> 0 | K81: =K77-K78 -> 0 | M81: =M77-M78 -> 6253.524 | N81: =N77-N78 -> 7438.126 | O81: =O77-O78 -> 7494.824 | P81: =P77-P78 -> 12383.3 | Q81: =Q77-Q78 -> 12991.2 | R81: =R77-R78 -> 10548.5 | S81: =S77-S78 -> 9936.9 | T81: =T77-T78 -> 24216 | ... AD81: =AD77-AD78 -> 62753.911 | AF81: =AF77-AF78 -> 3125.7 | AG81: =AG77-AG78 -> 3160.2 | AH81: =AH77-AH78 -> 3164.1 | AI81: =AI77-AI78 -> 2805.3 | AJ81: =AJ77-AJ78 -> 2258.8 | AK81: =AK77-AK78 -> 3293.3 | AL81: =AL77-AL78 -> 3251.5 | AM81: =AM77-AM78 -> 2201.8 | ... BW81: =BW77-BW78 -> 8302.8
B82: oti | C82: Other Income | M82: =+'Inc Stmt'!C28 -> 1643.854 | N82: =+'Inc Stmt'!D28 -> 2825.841 | O82: =+'Inc Stmt'!E28 -> 3866.472 | P82: =+'Inc Stmt'!F28 -> 3653.8 | Q82: =+'Inc Stmt'!G28 -> 4831.9 | R82: =+'Inc Stmt'!H28 -> 1470.5 | S82: =+'Inc Stmt'!I28 -> 1219 | T82: =+'Inc Stmt'!J28 -> 1570.1 | ... AD82: =+'Inc Stmt'!T28 -> 14193.775 | AF82: =Quarterly!C51 -> 945.6 | AG82: =Quarterly!D51 -> 1424.3 | AH82: =Quarterly!E51 -> 1609.5 | AI82: =Quarterly!F51 -> 1577 | AJ82: =Quarterly!G51 -> 1026.9 | AK82: =Quarterly!H51 -> 1472.3 | AL82: =Quarterly!I51 -> 429.5 | AM82: =Quarterly!J51 -> 204.4 | ... BW82: =Quarterly!AT51 -> 2936
B83: pbit | C83: PBIT | F83: =F81+F82 -> 0 | G83: =G81+G82 -> 0 | H83: =H81+H82 -> 0 | I83: =I81+I82 -> 0 | J83: =J81+J82 -> 0 | K83: =K81+K82 -> 0 | M83: =M81+M82 -> 7897.378 | N83: =N81+N82 -> 10263.967 | O83: =O81+O82 -> 11361.296 | P83: =P81+P82 -> 16037.1 | Q83: =Q81+Q82 -> 17823.1 | R83: =R81+R82 -> 12019 | S83: =S81+S82 -> 11155.9 | T83: =T81+T82 -> 25786.1 | ... AD83: =AD81+AD82 -> 76947.686 | AF83: =AF81+AF82 -> 4071.3 | AG83: =AG81+AG82 -> 4584.5 | AH83: =AH81+AH82 -> 4773.6 | AI83: =AI81+AI82 -> 4382.3 | AJ83: =AJ81+AJ82 -> 3285.7 | AK83: =AK81+AK82 -> 4765.6 | AL83: =AL81+AL82 -> 3681 | AM83: =AM81+AM82 -> 2406.2 | ... BW83: =BW81+BW82 -> 11238.8
B84: net_int | C84: Net Interest | F84: =+F86-F85 -> 0 | G84: =+G86-G85 -> 0 | H84: =+H86-H85 -> 0 | I84: =+I86-I85 -> 0 | J84: =+J86-J85 -> 0 | K84: =+K86-K85 -> 0 | M84: =+M86-M85 -> 11.177 | N84: =+N86-N85 -> 9.351 | O84: =+O86-O85 -> 6.681 | P84: =+P86-P85 -> 3.4 | Q84: =+Q86-Q85 -> 53.4 | R84: =+R86-R85 -> 51.6 | S84: =+S86-S85 -> 218.9 | T84: =+T86-T85 -> 59.8 | ... AD84: =+AD86-AD85 -> 10 | AF84: =+AF86-AF85 -> 7.3 | AG84: =+AG86-AG85 -> 20 | AH84: =+AH86-AH85 -> 2.2 | AI84: =+AI86-AI85 -> 23.9 | AJ84: =+AJ86-AJ85 -> 0.6 | AK84: =+AK86-AK85 -> 13.6 | AL84: =+AL86-AL85 -> 19.3 | AM84: =+AM86-AM85 -> 18.1 | ... BW84: =+BW86-BW85 -> 2.4
B85: int_recd | C85: Interest received
B86: interest_paid | C86: Interest paid | M86: =+'Inc Stmt'!C27 -> 11.177 | N86: =+'Inc Stmt'!D27 -> 9.351 | O86: =+'Inc Stmt'!E27 -> 6.681 | P86: =+'Inc Stmt'!F27 -> 3.4 | Q86: =+'Inc Stmt'!G27 -> 53.4 | R86: =+'Inc Stmt'!H27 -> 51.6 | S86: =+'Inc Stmt'!I27 -> 218.9 | T86: =+'Inc Stmt'!J27 -> 59.8 | ... AD86: =+'Inc Stmt'!T27 -> 10 | AF86: =Quarterly!C50 -> 7.3 | AG86: =Quarterly!D50 -> 20 | AH86: =Quarterly!E50 -> 2.2 | AI86: =Quarterly!F50 -> 23.9 | AJ86: =Quarterly!G50 -> 0.6 | AK86: =Quarterly!H50 -> 13.6 | AL86: =Quarterly!I50 -> 19.3 | AM86: =Quarterly!J50 -> 18.1 | ... BW86: =Quarterly!AT50 -> 2.4
B87: pre_tax_pft | C87: Pre-tax Profit | F87: =+F83-F84 -> 0 | G87: =+G83-G84 -> 0 | H87: =+H83-H84 -> 0 | I87: =+I83-I84 -> 0 | J87: =+J83-J84 -> 0 | K87: =+K83-K84 -> 0 | M87: =+M83-M84 -> 7886.201 | N87: =+N83-N84 -> 10254.616 | O87: =+O83-O84 -> 11354.615 | P87: =+P83-P84 -> 16033.7 | Q87: =+Q83-Q84 -> 17769.7 | R87: =+R83-R84 -> 11967.4 | S87: =+S83-S84 -> 10937 | T87: =+T83-T84 -> 25726.3 | ... AD87: =+AD83-AD84 -> 76937.686 | AF87: =+AF83-AF84 -> 4064 | AG87: =+AG83-AG84 -> 4564.5 | AH87: =+AH83-AH84 -> 4771.4 | AI87: =+AI83-AI84 -> 4358.4 | AJ87: =+AJ83-AJ84 -> 3285.1 | AK87: =+AK83-AK84 -> 4752 | AL87: =+AL83-AL84 -> 3661.7 | AM87: =+AM83-AM84 -> 2388.1 | ... BW87: =+BW83-BW84 -> 11236.4
B88: tax | C88: Tax provided | F88: =F104-F97 -> 0 | G88: =G104-G97 -> 0 | H88: =H104-H97 -> 0 | I88: =I104-I97 -> 0 | J88: =J104-J97 -> 0 | K88: =K104-K97 -> 0 | M88: =M104-M97 -> 2501.975 | N88: =N104-N97 -> 2289.129 | O88: =O104-O97 -> 3196.301 | P88: =P104-P97 -> 4791.1 | Q88: =Q104-Q97 -> 4900.9 | R88: =R104-R97 -> 3684.2 | S88: =S104-S97 -> 2888.8 | T88: =T104-T97 -> 7075 | ... AD88: =AD104-AD97 -> 22311.929 | AF88: =AF104-AF97 -> 1300 | AG88: =AG104-AG97 -> 1250 | AH88: =AH104-AH97 -> 1200 | AI88: =AI104-AI97 -> 1150.9 | AJ88: =AJ104-AJ97 -> 1025 | AK88: =AK104-AK97 -> 1315 | AL88: =AL104-AL97 -> 1013.1 | AM88: =AM104-AM97 -> 669.6 | ... BW88: =BW104-BW97 -> 3218.2
B89: emkay_pat | C89: Emkay PAT | F89: =F87-F88 -> 0 | G89: =G87-G88 -> 0 | H89: =H87-H88 -> 0 | I89: =I87-I88 -> 0 | J89: =J87-J88 -> 0 | K89: =K87-K88 -> 0 | M89: =M87-M88 -> 5384.226 | N89: =N87-N88 -> 7965.487 | O89: =O87-O88 -> 8158.314 | P89: =P87-P88 -> 11242.6 | Q89: =Q87-Q88 -> 12868.8 | R89: =R87-R88 -> 8283.2 | S89: =S87-S88 -> 8048.2 | T89: =T87-T88 -> 18651.3 | ... AD89: =AD87-AD88 -> 54625.757 | AF89: =AF87-AF88 -> 2764 | AG89: =AG87-AG88 -> 3314.5 | AH89: =AH87-AH88 -> 3571.4 | AI89: =AI87-AI88 -> 3207.5 | AJ89: =AJ87-AJ88 -> 2260.1 | AK89: =AK87-AK88 -> 3437 | AL89: =AL87-AL88 -> 2648.6 | AM89: =AM87-AM88 -> 1718.5 | ... BW89: =BW87-BW88 -> 8018.2
B90: asso | C90: Profit from Associates
B91: mini | C91: Minorities
B92: epat_am | C92: Emkay PAT after associates & minorities | F92: =F89+F90+F91 -> 0 | G92: =G89+G90+G91 -> 0 | H92: =H89+H90+H91 -> 0 | I92: =I89+I90+I91 -> 0 | J92: =J89+J90+J91 -> 0 | K92: =K89+K90+K91 -> 0 | M92: =M89+M90+M91 -> 5384.226 | N92: =N89+N90+N91 -> 7965.487 | O92: =O89+O90+O91 -> 8158.314 | P92: =P89+P90+P91 -> 11242.6 | Q92: =Q89+Q90+Q91 -> 12868.8 | R92: =R89+R90+R91 -> 8283.2 | S92: =S89+S90+S91 -> 8048.2 | T92: =T89+T90+T91 -> 18651.3 | ... AD92: =AD89+AD90+AD91 -> 54625.757 | AF92: =+AF89+AF90-AF91 -> 2764 | AG92: =+AG89+AG90-AG91 -> 3314.5 | AH92: =+AH89+AH90-AH91 -> 3571.4 | AI92: =+AI89+AI90-AI91 -> 3207.5 | AJ92: =+AJ89+AJ90-AJ91 -> 2260.1 | AK92: =+AK89+AK90-AK91 -> 3437 | AL92: =+AL89+AL90-AL91 -> 2648.6 | AM92: =+AM89+AM90-AM91 -> 1718.5 | ... BW92: =+BW89+BW90-BW91 -> 8018.2
B93: eo | C93: Net Extra-ordinary items | F93: =SUM(F94:F97) -> 0 | G93: =SUM(G94:G97) -> 0 | H93: =SUM(H94:H97) -> 0 | I93: =SUM(I94:I97) -> 0 | J93: =SUM(J94:J97) -> 0 | K93: =SUM(K94:K97) -> 0 | M93: =SUM(M94:M97) -> 0 | N93: =SUM(N94:N97) -> -581.507 | O93: =SUM(O94:O97) -> -508.694 | P93: =SUM(P94:P97) -> -226.4 | Q93: =SUM(Q94:Q97) -> -489.6 | R93: =SUM(R94:R97) -> -1023.6 | S93: =SUM(S94:S97) -> -2051 | T93: =SUM(T94:T97) -> -1615 | ... AD93: =SUM(AD94:AD97) -> 0 | AF93: =SUM(AF94:AF97) -> -103.9 | AG93: =SUM(AG94:AG97) -> -126 | AH93: =SUM(AH94:AH97) -> -123.2 | AI93: =SUM(AI94:AI97) -> -124.4 | AJ93: =SUM(AJ94:AJ97) -> 0 | AK93: =SUM(AK94:AK97) -> -77.4 | AL93: =SUM(AL94:AL97) -> -511.8 | AM93: =SUM(AM94:AM97) -> -510.6 | ... BW93: =SUM(BW94:BW97) -> 0
B94: forex_gains | C94: Forex gains/(losses)
B95: nci | C95: Non-recurring items
B96: other_eo | C96: Others | M96: =+'Inc Stmt'!C29+'Inc Stmt'!C33 -> 0 | N96: =+'Inc Stmt'!D29+'Inc Stmt'!D33 -> -581.507 | O96: =+'Inc Stmt'!E29+'Inc Stmt'!E33 -> -508.694 | P96: =+'Inc Stmt'!F29+'Inc Stmt'!F33 -> -226.4 | Q96: =+'Inc Stmt'!G29+'Inc Stmt'!G33 -> -489.6 | R96: =+'Inc Stmt'!H29+'Inc Stmt'!H33 -> -1023.6 | S96: =+'Inc Stmt'!I29+'Inc Stmt'!I33 -> -2051 | T96: =+'Inc Stmt'!J29+'Inc Stmt'!J33 -> -1615 | ... AD96: =+'Inc Stmt'!T29+'Inc Stmt'!T33 -> 0 | AF96: =Quarterly!C53+Quarterly!C56 -> -103.9 | AG96: =Quarterly!D53+Quarterly!D56 -> -126 | AH96: =Quarterly!E53+Quarterly!E56 -> -123.2 | AI96: =Quarterly!F53+Quarterly!F56 -> -124.4 | AJ96: =Quarterly!G53+Quarterly!G56 -> 0 | AK96: =Quarterly!H53+Quarterly!H56 -> -77.4 | AL96: =Quarterly!I53+Quarterly!I56 -> -511.8 | AM96: =Quarterly!J53+Quarterly!J56 -> -510.6 | ... BW96: =Quarterly!AT53+Quarterly!AT56 -> 0
B97: tax_eoi | C97: Tax on extraordinary items
B98: rep_pat | C98: Reported PAT After Minorities & Associates | F98: =F92+F93 -> 0 | G98: =G92+G93 -> 0 | H98: =H92+H93 -> 0 | I98: =I92+I93 -> 0 | J98: =J92+J93 -> 0 | K98: =K92+K93 -> 0 | M98: =M92+M93 -> 5384.226 | N98: =N92+N93 -> 7383.98 | O98: =O92+O93 -> 7649.62 | P98: =P92+P93 -> 11016.2 | Q98: =Q92+Q93 -> 12379.2 | R98: =R92+R93 -> 7259.6 | S98: =S92+S93 -> 5997.2 | T98: =T92+T93 -> 17036.3 | ... AD98: =AD92+AD93 -> 54625.757 | AF98: =AF92+AF93 -> 2660.1 | AG98: =AG92+AG93 -> 3188.5 | AH98: =AH92+AH93 -> 3448.2 | AI98: =AI92+AI93 -> 3083.1 | AJ98: =AJ92+AJ93 -> 2260.1 | AK98: =AK92+AK93 -> 3359.6 | AL98: =AL92+AL93 -> 2136.8 | AM98: =AM92+AM93 -> 1207.9 | ... BW98: =BW92+BW93 -> 8018.2
B99: pref_div | C99: Preference dividend
B100: net_pft | C100: Reported Net profit | F100: =F98-F99 -> 0 | G100: =G98-G99 -> 0 | H100: =H98-H99 -> 0 | I100: =I98-I99 -> 0 | J100: =J98-J99 -> 0 | K100: =K98-K99 -> 0 | M100: =M98-M99 -> 5384.226 | N100: =N98-N99 -> 7383.98 | O100: =O98-O99 -> 7649.62 | P100: =P98-P99 -> 11016.2 | Q100: =Q98-Q99 -> 12379.2 | R100: =R98-R99 -> 7259.6 | S100: =S98-S99 -> 5997.2 | T100: =T98-T99 -> 17036.3 | ... AD100: =AD98-AD99 -> 54625.757 | AF100: =AF98-AF99 -> 2660.1 | AG100: =AG98-AG99 -> 3188.5 | AH100: =AH98-AH99 -> 3448.2 | AI100: =AI98-AI99 -> 3083.1 | AJ100: =AJ98-AJ99 -> 2260.1 | AK100: =AK98-AK99 -> 3359.6 | AL100: =AL98-AL99 -> 2136.8 | AM100: =AM98-AM99 -> 1207.9 | ... BW100: =BW98-BW99 -> 8018.2
B101: emkay_net_profit | C101: Emkay Net profit | F101: =F92-F99 -> 0 | G101: =G92-G99 -> 0 | H101: =H92-H99 -> 0 | I101: =I92-I99 -> 0 | J101: =J92-J99 -> 0 | K101: =K92-K99 -> 0 | M101: =M92-M99+M96*0.3 -> 5384.226 | N101: =N92-N99+N96*0.3 -> 7791.0349 | O101: =O92-O99+O96*0.3 -> 8005.7058 | P101: =P92-P99+P96*0.3 -> 11174.68 | Q101: =Q92-Q99+Q96*0.3 -> 12721.92 | R101: =R92-R99+R96*0.3 -> 7976.12 | S101: =S92-S99+S96*0.3 -> 7432.9 | T101: =T92-T99+T96*0.3 -> 18166.8 | ... AB101: =AB92-AB99+AB96*0.3 -> 43986.38 | AC101: =AC92-AC99 -> 50946.966 | AD101: =AD92-AD99 -> 54625.757 | AF101: =AF92-AF99+AF96*0.3 -> 2732.83 | AG101: =AG92-AG99+AG96*0.3 -> 3276.7 | AH101: =AH92-AH99+AH96*0.3 -> 3534.44 | AI101: =AI92-AI99+AI96*0.3 -> 3170.18 | AJ101: =AJ92-AJ99+AJ96*0.3 -> 2260.1 | AK101: =AK92-AK99+AK96*0.3 -> 3413.78 | AL101: =AL92-AL99+AL96*0.3 -> 2495.06 | AM101: =AM92-AM99+0.3*AM96 -> 1565.32 | AN101: =AN92-AN99+0.3*AN96 -> 1751.2 | AO101: =AO92-AO99+0.3*AO96 -> 2276.4 | AP101: =AP92-AP99+0.3*AP96 -> 2083.98 | AQ101: =AQ92-AQ99+0.3*AQ96 -> 2001.68 | AR101: =AR92-AR99+0.3*AR96 -> 3103.04 | AS101: =AS92-AS99+0.3*AS96 -> 4349.11 | AT101: =AT92-AT99+0.3*AT96 -> 5072.32 | ... BW101: =BW92-BW99+0.3*BW96 -> 8018.2
B102: cap_int | C102: Capitalised Interest
B103: adj_cash_earn | C103: Adjusted Cash Earnings | F103: =F92+F78-F99 -> 0 | G103: =G92+G78-G99 -> 0 | H103: =H92+H78-H99 -> 0 | I103: =I92+I78-I99 -> 0 | J103: =J92+J78-J99 -> 0 | K103: =K92+K78-K99 -> 0 | M103: =M92+M78-M99 -> 7095.791 | N103: =N92+N78-N99 -> 9764.433 | O103: =O92+O78-O99 -> 10011.977 | P103: =P92+P78-P99 -> 13152.6 | Q103: =Q92+Q78-Q99 -> 14771.4 | R103: =R92+R78-R99 -> 10029.3 | S103: =S92+S78-S99 -> 9354.4 | T103: =T92+T78-T99 -> 20015.8 | ... AD103: =AD92+AD78-AD99 -> 58608.932 | AF103: =AF92+AF78-AF99 -> 3245.2 | AG103: =AG92+AG78-AG99 -> 3806.2 | AH103: =AH92+AH78-AH99 -> 4043.5 | AI103: =AI92+AI78-AI99 -> 3665.1 | AJ103: =AJ92+AJ78-AJ99 -> 2750.3 | AK103: =AK92+AK78-AK99 -> 3924.2 | AL103: =AL92+AL78-AL99 -> 3066.9 | AM103: =AM92+AM78-AM99 -> 2132.4 | ... BW103: =BW92+BW78-BW99 -> 8775.2
B104: total_tax | C104: Total Tax | F104: =SUM(F105:F108) -> 0 | G104: =SUM(G105:G108) -> 0 | H104: =SUM(H105:H108) -> 0 | I104: =SUM(I105:I108) -> 0 | J104: =SUM(J105:J108) -> 0 | K104: =SUM(K105:K108) -> 0 | M104: =SUM(M105:M108) -> 2501.975 | N104: =SUM(N105:N108) -> 2289.129 | O104: =SUM(O105:O108) -> 3196.301 | P104: =SUM(P105:P108) -> 4791.1 | Q104: =SUM(Q105:Q108) -> 4900.9 | R104: =SUM(R105:R108) -> 3684.2 | S104: =SUM(S105:S108) -> 2888.8 | T104: =SUM(T105:T108) -> 7075 | ... AD104: =SUM(AD105:AD108) -> 22311.929 | AF104: =SUM(AF105:AF108) -> 1300 | AG104: =SUM(AG105:AG108) -> 1250 | AH104: =SUM(AH105:AH108) -> 1200 | AI104: =SUM(AI105:AI108) -> 1150.9 | AJ104: =SUM(AJ105:AJ108) -> 1025 | AK104: =SUM(AK105:AK108) -> 1315 | AL104: =SUM(AL105:AL108) -> 1013.1 | AM104: =SUM(AM105:AM108) -> 669.6 | ... BW104: =SUM(BW105:BW108) -> 3218.2
B105: current_tax | C105: Current Tax | M105: =+'Inc Stmt'!C32 -> 2501.975 | N105: =+'Inc Stmt'!D32 -> 2289.129 | O105: =+'Inc Stmt'!E32 -> 3196.301 | P105: =+'Inc Stmt'!F32 -> 4791.1 | Q105: =+'Inc Stmt'!G32 -> 4900.9 | R105: =+'Inc Stmt'!H32 -> 3684.2 | S105: =+'Inc Stmt'!I32 -> 2888.8 | T105: =+'Inc Stmt'!J32 -> 7075 | ... AD105: =+'Inc Stmt'!T32 -> 22311.929 | AF105: =Quarterly!C57 -> 1300 | AG105: =Quarterly!D57 -> 1250 | AH105: =Quarterly!E57 -> 1200 | AI105: =Quarterly!F57 -> 1150.9 | AJ105: =Quarterly!G57 -> 1025 | AK105: =Quarterly!H57 -> 1315 | AL105: =Quarterly!I57 -> 1013.1 | AM105: =Quarterly!J57 -> 669.6 | ... BW105: =Quarterly!AT57 -> 3218.2
B106: deffered_tax | C106: Deffered Tax
B107: fbt | C107: FBT
B108: other_tax | C108: Others
C111: Balance Sheet (Rs mn)
B113: equity_capital | C113: Equity capital | M113: =+'Bal Sheet'!C177 -> 1011.8351 | N113: =+'Bal Sheet'!D177 -> 1011.8351 | O113: =+'Bal Sheet'!E177 -> 1011.8351 | P113: =+'Bal Sheet'!F177 -> 1011.8351 | Q113: =+'Bal Sheet'!G177 -> 1011.8351 | R113: =+'Bal Sheet'!H177 -> 2893.6702 | S113: =+'Bal Sheet'!I177 -> 2893.6702 | T113: =+'Bal Sheet'!J177 -> 2893.6702 | ... AD113: =+'Bal Sheet'!T177 -> 2893.6702
B114: reserves_and_surplus | C114: Reserves & Surplus | F114: =SUM(F115:F118) -> 0 | G114: =SUM(G115:G118) -> 0 | H114: =SUM(H115:H118) -> 0 | I114: =SUM(I115:I118) -> 0 | J114: =SUM(J115:J118) -> 0 | K114: =SUM(K115:K118) -> 0 | M114: =SUM(M115:M118) -> 31394.221 | N114: =SUM(N115:N118) -> 35924.42 | O114: =SUM(O115:O118) -> 40331.66 | P114: =SUM(P115:P118) -> 46695.5 | Q114: =SUM(Q115:Q118) -> 54331.4 | R114: =SUM(R115:R118) -> 13342.065 | S114: =SUM(S115:S118) -> 15234.265 | T114: =SUM(T115:T118) -> 26389.865 | ... AD114: =SUM(AD115:AD118) -> 235067.33 | AF114: =SUM(AF115:AF118) -> 0 | AG114: =SUM(AG115:AG118) -> 0 | AH114: =SUM(AH115:AH118) -> 0 | AI114: =SUM(AI115:AI118) -> 0 | AJ114: =SUM(AJ115:AJ118) -> 0 | AK114: =SUM(AK115:AK118) -> 0 | AL114: =SUM(AL115:AL118) -> 0 | AM114: =SUM(AM115:AM118) -> 0 | ... BK114: =SUM(BK115:BK118) -> 0
...

Sheet Ratio Sheet
A2: Bajaj Auto
A4: Financial Ratios Analysis
B5: FYE Mar, in Rs millions
C7: FY03 | D7: FY04 | E7: FY05 | F7: FY06 | G7: FY07 | H7: FY08 | I7: FY09E | J7: FY10E | K7: FY11E | L7: FY12E | M7: FY13E | N7: FY14E | O7: FY15E | P7: FY16E | Q7: FY17E | R7: FY18E | S7: FY19E | T7: FY20E
B9: Common-sized P&L
A11: % | B11: Net revenues | C11: =+'Inc Stmt'!C9/'Inc Stmt'!C$9 -> 1 | D11: =+'Inc Stmt'!D9/'Inc Stmt'!D$9 -> 1 | E11: =+'Inc Stmt'!E9/'Inc Stmt'!E$9 -> 1 | F11: =+'Inc Stmt'!F9/'Inc Stmt'!F$9 -> 1 | G11: =+'Inc Stmt'!G9/'Inc Stmt'!G$9 -> 1 | H11: =+'Inc Stmt'!H9/'Inc Stmt'!H$9 -> 1 | I11: =+'Inc Stmt'!I9/'Inc Stmt'!I$9 -> 1 | J11: =+'Inc Stmt'!J9/'Inc Stmt'!J$9 -> 1 | ... Q11: =+'Inc Stmt'!Q9/'Inc Stmt'!Q$9 -> 1
A12: % | B12: Cost of revenues | C12: =+'Inc Stmt'!C10/'Inc Stmt'!C$9 -> 0.62273785 | D12: =+'Inc Stmt'!D10/'Inc Stmt'!D$9 -> 0.64142408 | E12: =+'Inc Stmt'!E10/'Inc Stmt'!E$9 -> 0.68959616 | F12: =+'Inc Stmt'!F10/'Inc Stmt'!F$9 -> 0.6878475 | G12: =+'Inc Stmt'!G10/'Inc Stmt'!G$9 -> 0.71939325 | H12: =+'Inc Stmt'!H10/'Inc Stmt'!H$9 -> 0.73409412 | I12: =+'Inc Stmt'!I10/'Inc Stmt'!I$9 -> 0.73303565 | J12: =+'Inc Stmt'!J10/'Inc Stmt'!J$9 -> 0.6789602 | ... Q12: =+'Inc Stmt'!Q10/'Inc Stmt'!Q$9 -> 0.67185947
A13: % | B13: Other operating costs | C13: =+SUM('Inc Stmt'!C14:C20)/'Inc Stmt'!C$9 -> 0.19275345 | D13: =+SUM('Inc Stmt'!D14:D20)/'Inc Stmt'!D$9 -> 0.17337838 | E13: =+SUM('Inc Stmt'!E14:E20)/'Inc Stmt'!E$9 -> 0.15324763 | F13: =+SUM('Inc Stmt'!F14:F20)/'Inc Stmt'!F$9 -> 0.12750744 | G13: =+SUM('Inc Stmt'!G14:G20)/'Inc Stmt'!G$9 -> 0.12534687 | H13: =+SUM('Inc Stmt'!H14:H20)/'Inc Stmt'!H$9 -> 0.129556 | I13: =+SUM('Inc Stmt'!I14:I20)/'Inc Stmt'!I$9 -> 0.1394165 | J13: =+SUM('Inc Stmt'!J14:J20)/'Inc Stmt'!J$9 -> 0.10583293 | ... Q13: =+SUM('Inc Stmt'!Q14:Q20)/'Inc Stmt'!Q$9 -> 0.12496991
A14: % | B14: Depreciation | C14: =+'Inc Stmt'!C23/'Inc Stmt'!C$9 -> 0.039647848 | D14: =+'Inc Stmt'!D23/'Inc Stmt'!D$9 -> 0.036067748 | E14: =+'Inc Stmt'!E23/'Inc Stmt'!E$9 -> 0.031161689 | F14: =+'Inc Stmt'!F23/'Inc Stmt'!F$9 -> 0.024673942 | G14: =+'Inc Stmt'!G23/'Inc Stmt'!G$9 -> 0.019833584 | H14: =+'Inc Stmt'!H23/'Inc Stmt'!H$9 -> 0.019364641 | I14: =+'Inc Stmt'!I23/'Inc Stmt'!I$9 -> 0.014818243 | J14: =+'Inc Stmt'!J23/'Inc Stmt'!J$9 -> 0.011479438 | ... Q14: =+'Inc Stmt'!Q23/'Inc Stmt'!Q$9 -> 0.014117449
A15: % | B15: Amortisation | C15: =+'Inc Stmt'!C24/'Inc Stmt'!C$9 -> 0 | D15: =+'Inc Stmt'!D24/'Inc Stmt'!D$9 -> 0 | E15: =+'Inc Stmt'!E24/'Inc Stmt'!E$9 -> 0 | F15: =+'Inc Stmt'!F24/'Inc Stmt'!F$9 -> 0 | G15: =+'Inc Stmt'!G24/'Inc Stmt'!G$9 -> 0 | H15: =+'Inc Stmt'!H24/'Inc Stmt'!H$9 -> 0 | I15: =+'Inc Stmt'!I24/'Inc Stmt'!I$9 -> 0 | J15: =+'Inc Stmt'!J24/'Inc Stmt'!J$9 -> 0 | ... Q15: =+'Inc Stmt'!Q24/'Inc Stmt'!Q$9 -> 0
A16: % | B16: Interest expenses | C16: =+'Inc Stmt'!C27/'Inc Stmt'!C$9 -> 0.00025891158 | D16: =+'Inc Stmt'!D27/'Inc Stmt'!D$9 -> 0.00018748173 | E16: =+'Inc Stmt'!E27/'Inc Stmt'!E$9 -> 0.00011231343 | F16: =+'Inc Stmt'!F27/'Inc Stmt'!F$9 -> 4.3922201e-05 | G16: =+'Inc Stmt'!G27/'Inc Stmt'!G$9 -> 0.00055666634 | H16: =+'Inc Stmt'!H27/'Inc Stmt'!H$9 -> 0.00057225559 | I16: =+'Inc Stmt'!I27/'Inc Stmt'!I$9 -> 0.0024833207 | J16: =+'Inc Stmt'!J27/'Inc Stmt'!J$9 -> 0.00050309301 | ... Q16: =+'Inc Stmt'!Q27/'Inc Stmt'!Q$9 -> 6.431849e-05
A17: % | B17: Other income | C17: =+'Inc Stmt'!C28/'Inc Stmt'!C$9 -> 0.038079344 | D17: =+'Inc Stmt'!D28/'Inc Stmt'!D$9 -> 0.056656353 | E17: =+'Inc Stmt'!E28/'Inc Stmt'!E$9 -> 0.064998762 | F17: =+'Inc Stmt'!F28/'Inc Stmt'!F$9 -> 0.047200864 | G17: =+'Inc Stmt'!G28/'Inc Stmt'!G$9 -> 0.050369964 | H17: =+'Inc Stmt'!H28/'Inc Stmt'!H$9 -> 0.016308175 | I17: =+'Inc Stmt'!I28/'Inc Stmt'!I$9 -> 0.013828999 | J17: =+'Inc Stmt'!J28/'Inc Stmt'!J$9 -> 0.013209136 | ... Q17: =+'Inc Stmt'!Q28/'Inc Stmt'!Q$9 -> 0.056139476
A18: % | B18: Income taxes | C18: =+'Inc Stmt'!C32/'Inc Stmt'!C$9 -> 0.057957439 | D18: =+'Inc Stmt'!D32/'Inc Stmt'!D$9 -> 0.045895612 | E18: =+'Inc Stmt'!E32/'Inc Stmt'!E$9 -> 0.053732603 | F18: =+'Inc Stmt'!F32/'Inc Stmt'!F$9 -> 0.06189284 | G18: =+'Inc Stmt'!G32/'Inc Stmt'!G$9 -> 0.051089252 | H18: =+'Inc Stmt'!H32/'Inc Stmt'!H$9 -> 0.040858605 | I18: =+'Inc Stmt'!I32/'Inc Stmt'!I$9 -> 0.032772119 | J18: =+'Inc Stmt'!J32/'Inc Stmt'!J$9 -> 0.059521456 | ... Q18: =+'Inc Stmt'!Q32/'Inc Stmt'!Q$9 -> 0.069283419
B21: Common-sized Balance Sheet
A23: % | B23: Assets | C23: =+'Bal Sheet'!C21/'Bal Sheet'!C$21 -> 1 | D23: =+'Bal Sheet'!D21/'Bal Sheet'!D$21 -> 1 | E23: =+'Bal Sheet'!E21/'Bal Sheet'!E$21 -> 1 | F23: =+'Bal Sheet'!F21/'Bal Sheet'!F$21 -> 1 | G23: =+'Bal Sheet'!G21/'Bal Sheet'!G$21 -> 1 | H23: =+'Bal Sheet'!H21/'Bal Sheet'!H$21 -> 1 | I23: =+'Bal Sheet'!I21/'Bal Sheet'!I$21 -> 1 | J23: =+'Bal Sheet'!J21/'Bal Sheet'!J$21 -> 1 | ... Q23: =+'Bal Sheet'!Q21/'Bal Sheet'!Q$21 -> 1
A24: % | B24: Current assets | C24: =+'Bal Sheet'!C14/'Bal Sheet'!C$21 -> 0.35790425 | D24: =+'Bal Sheet'!D14/'Bal Sheet'!D$21 -> 0.29223118 | E24: =+'Bal Sheet'!E14/'Bal Sheet'!E$21 -> 0.31755288 | F24: =+'Bal Sheet'!F14/'Bal Sheet'!F$21 -> 0.29194663 | G24: =+'Bal Sheet'!G14/'Bal Sheet'!G$21 -> 0.33227148 | H24: =+'Bal Sheet'!H14/'Bal Sheet'!H$21 -> 0.34363238 | I24: =+'Bal Sheet'!I14/'Bal Sheet'!I$21 -> 0.3924006 | J24: =+'Bal Sheet'!J14/'Bal Sheet'!J$21 -> 0.35132155 | ... Q24: =+'Bal Sheet'!Q14/'Bal Sheet'!Q$21 -> 0.18797775
A25: % | B25: Current assets - Cash | C25: =+('Bal Sheet'!C14-'Bal Sheet'!C13)/'Bal Sheet'!C$21 -> 0.35291794 | D25: =+('Bal Sheet'!D14-'Bal Sheet'!D13)/'Bal Sheet'!D$21 -> 0.28093356 | E25: =+('Bal Sheet'!E14-'Bal Sheet'!E13)/'Bal Sheet'!E$21 -> 0.3042265 | F25: =+('Bal Sheet'!F14-'Bal Sheet'!F13)/'Bal Sheet'!F$21 -> 0.28356543 | G25: =+('Bal Sheet'!G14-'Bal Sheet'!G13)/'Bal Sheet'!G$21 -> 0.32500846 | H25: =+('Bal Sheet'!H14-'Bal Sheet'!H13)/'Bal Sheet'!H$21 -> 0.32895634 | I25: =+('Bal Sheet'!I14-'Bal Sheet'!I13)/'Bal Sheet'!I$21 -> 0.36808523 | J25: =+('Bal Sheet'!J14-'Bal Sheet'!J13)/'Bal Sheet'!J$21 -> 0.33944947 | ... Q25: =+('Bal Sheet'!Q14-'Bal Sheet'!Q13)/'Bal Sheet'!Q$21 -> 0.15861156
A26: % | B26: Net fixed assets | C26: =+'Bal Sheet'!C15/'Bal Sheet'!C$21 -> 0.21269206 | D26: =+'Bal Sheet'!D15/'Bal Sheet'!D$21 -> 0.17288341 | E26: =+'Bal Sheet'!E15/'Bal Sheet'!E$21 -> 0.13774198 | F26: =+'Bal Sheet'!F15/'Bal Sheet'!F$21 -> 0.11636363 | G26: =+'Bal Sheet'!G15/'Bal Sheet'!G$21 -> 0.11128156 | H26: =+'Bal Sheet'!H15/'Bal Sheet'!H$21 -> 0.26729595 | I26: =+'Bal Sheet'!I15/'Bal Sheet'!I$21 -> 0.26459493 | J26: =+'Bal Sheet'!J15/'Bal Sheet'!J$21 -> 0.17807651 | ... Q26: =+'Bal Sheet'!Q15/'Bal Sheet'!Q$21 -> 0.10921638
A27: % | B27: Net intangible assets | C27: =+'Bal Sheet'!C16/'Bal Sheet'!C$21 -> 0.0017739362 | D27: =+'Bal Sheet'!D16/'Bal Sheet'!D$21 -> 0.0010922208 | E27: =+'Bal Sheet'!E16/'Bal Sheet'!E$21 -> 0.00049728391 | F27: =+'Bal Sheet'!F16/'Bal Sheet'!F$21 -> 0.00013697776 | G27: =+'Bal Sheet'!G16/'Bal Sheet'!G$21 -> 0.00035936574 | H27: =+'Bal Sheet'!H16/'Bal Sheet'!H$21 -> 0.0021692689 | I27: =+'Bal Sheet'!I16/'Bal Sheet'!I$21 -> 0.0027717878 | J27: =+'Bal Sheet'!J16/'Bal Sheet'!J$21 -> 0 | ... Q27: =+'Bal Sheet'!Q16/'Bal Sheet'!Q$21 -> 0
A28: % | B28: Investments | C28: =+'Bal Sheet'!C17/'Bal Sheet'!C$21 -> 0.45335593 | D28: =+'Bal Sheet'!D17/'Bal Sheet'!D$21 -> 0.54878499 | E28: =+'Bal Sheet'!E17/'Bal Sheet'!E$21 -> 0.55921607 | F28: =+'Bal Sheet'!F17/'Bal Sheet'!F$21 -> 0.5987165 | G28: =+'Bal Sheet'!G17/'Bal Sheet'!G$21 -> 0.56101865 | H28: =+'Bal Sheet'!H17/'Bal Sheet'!H$21 -> 0.32204476 | I28: =+'Bal Sheet'!I17/'Bal Sheet'!I$21 -> 0.24260644 | J28: =+'Bal Sheet'!J17/'Bal Sheet'!J$21 -> 0.47079979 | ... Q28: =+'Bal Sheet'!Q17/'Bal Sheet'!Q$21 -> 0.71273525
A29: % | B29: Other assets | C29: =+('Bal Sheet'!C18+'Bal Sheet'!C19+'Bal Sheet'!C20)/'Bal Sheet'!C$21 -> -0.025726176 | D29: =+('Bal Sheet'!D18+'Bal Sheet'!D19+'Bal Sheet'!D20)/'Bal Sheet'!D$21 -> -0.014991807 | E29: =+('Bal Sheet'!E18+'Bal Sheet'!E19+'Bal Sheet'!E20)/'Bal Sheet'!E$21 -> -0.015008214 | F29: =+('Bal Sheet'!F18+'Bal Sheet'!F19+'Bal Sheet'!F20)/'Bal Sheet'!F$21 -> -0.0071637324 | G29: =+('Bal Sheet'!G18+'Bal Sheet'!G19+'Bal Sheet'!G20)/'Bal Sheet'!G$21 -> -0.0049310549 | H29: =+('Bal Sheet'!H18+'Bal Sheet'!H19+'Bal Sheet'!H20)/'Bal Sheet'!H$21 -> 0.064857638 | I29: =+('Bal Sheet'!I18+'Bal Sheet'!I19+'Bal Sheet'!I20)/'Bal Sheet'!I$21 -> 0.097626252 | J29: =+('Bal Sheet'!J18+'Bal Sheet'!J19+'Bal Sheet'!J20)/'Bal Sheet'!J$21 -> -0.00019784849 | ... Q29: =+('Bal Sheet'!Q18+'Bal Sheet'!Q19+'Bal Sheet'!Q20)/'Bal Sheet'!Q$21 -> -0.0099293856
A31: % | B31: Liabilities & equity | C31: =+'Bal Sheet'!C30/'Bal Sheet'!C$30 -> 1 | D31: =+'Bal Sheet'!D30/'Bal Sheet'!D$30 -> 1 | E31: =+'Bal Sheet'!E30/'Bal Sheet'!E$30 -> 1 | F31: =+'Bal Sheet'!F30/'Bal Sheet'!F$30 -> 1 | G31: =+'Bal Sheet'!G30/'Bal Sheet'!G$30 -> 1 | H31: =+'Bal Sheet'!H30/'Bal Sheet'!H$30 -> 1 | I31: =+'Bal Sheet'!I30/'Bal Sheet'!I$30 -> 1 | J31: =+'Bal Sheet'!J30/'Bal Sheet'!J$30 -> 1 | ... Q31: =+'Bal Sheet'!Q30/'Bal Sheet'!Q$30 -> 1
A32: % | B32: Current liabilities | C32: =+'Bal Sheet'!C23/'Bal Sheet'!C$30 -> 0.075546209 | D32: =+'Bal Sheet'!D23/'Bal Sheet'!D$30 -> 0.09573758 | E32: =+'Bal Sheet'!E23/'Bal Sheet'!E$30 -> 0.09626493 | F32: =+'Bal Sheet'!F23/'Bal Sheet'!F$30 -> 0.12561738 | G32: =+'Bal Sheet'!G23/'Bal Sheet'!G$30 -> 0.13043013 | H32: =+'Bal Sheet'!H23/'Bal Sheet'!H$30 -> 0.21624557 | I32: =+'Bal Sheet'!I23/'Bal Sheet'!I$30 -> 0.2103472 | J32: =+'Bal Sheet'!J23/'Bal Sheet'!J$30 -> 0.23721349 | ... Q32: =+'Bal Sheet'!Q23/'Bal Sheet'!Q$30 -> 0.130931
A33: % | B33: Provisions | C33: =+'Bal Sheet'!C24/'Bal Sheet'!C$30 -> 0.24674544 | D33: =+'Bal Sheet'!D24/'Bal Sheet'!D$30 -> 0.23535536 | E33: =+'Bal Sheet'!E24/'Bal Sheet'!E$30 -> 0.24632988 | F33: =+'Bal Sheet'!F24/'Bal Sheet'!F$30 -> 0.23673458 | G33: =+'Bal Sheet'!G24/'Bal Sheet'!G$30 -> 0.24657704 | H33: =+'Bal Sheet'!H24/'Bal Sheet'!H$30 -> 0.17183664 | I33: =+'Bal Sheet'!I24/'Bal Sheet'!I$30 -> 0.20867663 | J33: =+'Bal Sheet'!J24/'Bal Sheet'!J$30 -> 0.2632581 | ... Q33: =+'Bal Sheet'!Q24/'Bal Sheet'!Q$30 -> 0.12635369
A34: % | B34: Long-term debt | C34: =+'Bal Sheet'!C25/'Bal Sheet'!C$30 -> 0.13058396 | D34: =+'Bal Sheet'!D25/'Bal Sheet'!D$30 -> 0.14315511 | E34: =+'Bal Sheet'!E25/'Bal Sheet'!E$30 -> 0.15045323 | F34: =+'Bal Sheet'!F25/'Bal Sheet'!F$30 -> 0.14997276 | G34: =+'Bal Sheet'!G25/'Bal Sheet'!G$30 -> 0.1394795 | H34: =+'Bal Sheet'!H25/'Bal Sheet'!H$30 -> 0.27344136 | I34: =+'Bal Sheet'!I25/'Bal Sheet'!I$30 -> 0.22526643 | J34: =+'Bal Sheet'!J25/'Bal Sheet'!J$30 -> 0.15518591 | ... Q34: =+'Bal Sheet'!Q25/'Bal Sheet'!Q$30 -> 0.0085701202
A35: % | B35: Short-term debt | C35: =+'Bal Sheet'!C26/'Bal Sheet'!C$30 -> 0.00895416 | D35: =+'Bal Sheet'!D26/'Bal Sheet'!D$30 -> 0 | E35: =+'Bal Sheet'!E26/'Bal Sheet'!E$30 -> 0 | F35: =+'Bal Sheet'!F26/'Bal Sheet'!F$30 -> 2.0444372e-06 | G35: =+'Bal Sheet'!G26/'Bal Sheet'!G$30 -> 0.0019543157 | H35: =+'Bal Sheet'!H26/'Bal Sheet'!H$30 -> 0.0039223737 | I35: =+'Bal Sheet'!I26/'Bal Sheet'!I$30 -> 0.046689084 | J35: =+'Bal Sheet'!J26/'Bal Sheet'!J$30 -> 0.0015195712 | ... Q35: =+'Bal Sheet'!Q26/'Bal Sheet'!Q$30 -> 0
A36: % | B36: Other liabilities | C36: =+SUM('Bal Sheet'!C27+'Bal Sheet'!C28)/'Bal Sheet'!C$30 -> 0 | D36: =+SUM('Bal Sheet'!D27+'Bal Sheet'!D28)/'Bal Sheet'!D$30 -> 0 | E36: =+SUM('Bal Sheet'!E27+'Bal Sheet'!E28)/'Bal Sheet'!E$30 -> 0 | F36: =+SUM('Bal Sheet'!F27+'Bal Sheet'!F28)/'Bal Sheet'!F$30 -> 0 | G36: =+SUM('Bal Sheet'!G27+'Bal Sheet'!G28)/'Bal Sheet'!G$30 -> 0 | H36: =+SUM('Bal Sheet'!H27+'Bal Sheet'!H28)/'Bal Sheet'!H$30 -> 8.6522948e-05 | I36: =+SUM('Bal Sheet'!I27+'Bal Sheet'!I28)/'Bal Sheet'!I$30 -> 0 | J36: =+SUM('Bal Sheet'!J27+'Bal Sheet'!J28)/'Bal Sheet'!J$30 -> 0 | ... Q36: =+SUM('Bal Sheet'!Q27+'Bal Sheet'!Q28)/'Bal Sheet'!Q$30 -> 0
A37: % | B37: Shareholder's equity | C37: =+'Bal Sheet'!C29/'Bal Sheet'!C$30 -> 0.53817024 | D37: =+'Bal Sheet'!D29/'Bal Sheet'!D$30 -> 0.52575195 | E37: =+'Bal Sheet'!E29/'Bal Sheet'!E$30 -> 0.50695196 | F37: =+'Bal Sheet'!F29/'Bal Sheet'!F$30 -> 0.48767325 | G37: =+'Bal Sheet'!G29/'Bal Sheet'!G$30 -> 0.48155902 | H37: =+'Bal Sheet'!H29/'Bal Sheet'!H$30 -> 0.33446754 | I37: =+'Bal Sheet'!I29/'Bal Sheet'!I$30 -> 0.30902066 | J37: =+'Bal Sheet'!J29/'Bal Sheet'!J$30 -> 0.34282293 | ... Q37: =+'Bal Sheet'!Q29/'Bal Sheet'!Q$30 -> 0.73414519
B40: Common-sized Cashflow
A42: % | B42: Operating cashflow | C42: =+Cashflow!C68/Cashflow!C$83 -> 144.65905 | D42: =+Cashflow!D68/Cashflow!D$83 -> 20.14701 | E42: =+Cashflow!E68/Cashflow!E$83 -> 23.449674 | F42: =+Cashflow!F68/Cashflow!F$83 -> -52.046992 | G42: =+Cashflow!G68/Cashflow!G$83 -> 701.30216 | H42: =+Cashflow!H68/Cashflow!H$83 -> #DIV/0! | I42: =+Cashflow!I68/Cashflow!I$83 -> 5.3571829 | J42: =+Cashflow!J68/Cashflow!J$83 -> -78.703892 | ... T42: =+Cashflow!T68/Cashflow!T$83 -> 1.6476234
A43: % | B43: Investing cashflow | C43: =+Cashflow!C73/Cashflow!C$83 -> -158.76311 | D43: =+Cashflow!D73/Cashflow!D$83 -> -19.627466 | E43: =+Cashflow!E73/Cashflow!E$83 -> -21.407894 | F43: =+Cashflow!F73/Cashflow!F$83 -> 52.613534 | G43: =+Cashflow!G73/Cashflow!G$83 -> -523.43885 | H43: =+Cashflow!H73/Cashflow!H$83 -> #DIV/0! | I43: =+Cashflow!I73/Cashflow!I$83 -> -3.4837581 | J43: =+Cashflow!J73/Cashflow!J$83 -> 62.699662 | ... T43: =+Cashflow!T73/Cashflow!T$83 -> 0.43409051
A44: % | B44: Financing cashflow | C44: =+Cashflow!C81/Cashflow!C$83 -> 15.104059 | D44: =+Cashflow!D81/Cashflow!D$83 -> 0.48045597 | E44: =+Cashflow!E81/Cashflow!E$83 -> -1.0417808 | F44: =+Cashflow!F81/Cashflow!F$83 -> 0.43345865 | G44: =+Cashflow!G81/Cashflow!G$83 -> -176.86331 | H44: =+Cashflow!H81/Cashflow!H$83 -> #DIV/0! | I44: =+Cashflow!I81/Cashflow!I$83 -> -0.87342481 | J44: =+Cashflow!J81/Cashflow!J$83 -> 17.00423 | ... T44: =+Cashflow!T81/Cashflow!T$83 -> -1.0817139
A46: % | B46: Free cashflow to firm | C46: =+Cashflow!C75/Cashflow!C$83 -> 123.01528 | D46: =+Cashflow!D75/Cashflow!D$83 -> 17.759775 | E46: =+Cashflow!E75/Cashflow!E$83 -> 20.163336 | F46: =+Cashflow!F75/Cashflow!F$83 -> -44.3 | G46: =+Cashflow!G75/Cashflow!G$83 -> 469.82734 | H46: =+Cashflow!H75/Cashflow!H$83 -> #DIV/0! | I46: =+Cashflow!I75/Cashflow!I$83 -> -0.051526183 | J46: =+Cashflow!J75/Cashflow!J$83 -> -75.663283 | ... T46: =+Cashflow!T75/Cashflow!T$83 -> 2.0817139
B49: Growth Ratios
A51: % | B51: Net revenues | C51: 0 | D51: =+('Inc Stmt'!D9/'Inc Stmt'!C9-1) -> 0.15538128 | E51: =+('Inc Stmt'!E9/'Inc Stmt'!D9-1) -> 0.1926436 | F51: =+('Inc Stmt'!F9/'Inc Stmt'!E9-1) -> 0.30132279 | G51: =+('Inc Stmt'!G9/'Inc Stmt'!F9-1) -> 0.23922873 | H51: =+('Inc Stmt'!H9/'Inc Stmt'!G9-1) -> -0.060031357 | I51: =+('Inc Stmt'!I9/'Inc Stmt'!H9-1) -> -0.02241778 | J51: =+('Inc Stmt'!J9/'Inc Stmt'!I9-1) -> 0.34846582 | K51: =+('Inc Stmt'!K9/'Inc Stmt'!J9-1) -> 0.37957106 | ... Q51: =+('Inc Stmt'!Q9/'Inc Stmt'!P9-1) -> -0.036297756
A52: % | B52: Gross profit | C52: 0 | D52: =+('Inc Stmt'!D11/'Inc Stmt'!C11-1) -> 0.098153904 | E52: =+('Inc Stmt'!E11/'Inc Stmt'!D11-1) -> 0.032420556 | F52: =+('Inc Stmt'!F11/'Inc Stmt'!E11-1) -> 0.30865379 | G52: =+('Inc Stmt'!G11/'Inc Stmt'!F11-1) -> 0.11399378 | H52: =+('Inc Stmt'!H11/'Inc Stmt'!G11-1) -> -0.10927591 | I52: =+('Inc Stmt'!I11/'Inc Stmt'!H11-1) -> -0.018526397 | J52: =+('Inc Stmt'!J11/'Inc Stmt'!I11-1) -> 0.62160681 | K52: =+('Inc Stmt'!K11/'Inc Stmt'!J11-1) -> 0.20528927 | ... Q52: =+('Inc Stmt'!Q11/'Inc Stmt'!P11-1) -> -0.051414008
A53: % | B53: EBITDA | C53: 0 | D53: =+('Inc Stmt'!D21/'Inc Stmt'!C21-1) -> 0.15969476 | E53: =+('Inc Stmt'!E21/'Inc Stmt'!D21-1) -> 0.012061723 | F53: =+('Inc Stmt'!F21/'Inc Stmt'!E21-1) -> 0.5289426 | G53: =+('Inc Stmt'!G21/'Inc Stmt'!F21-1) -> 0.042012691 | H53: =+('Inc Stmt'!H21/'Inc Stmt'!G21-1) -> -0.17451557 | I53: =+('Inc Stmt'!I21/'Inc Stmt'!H21-1) -> -0.085525353 | J53: =+('Inc Stmt'!J21/'Inc Stmt'!I21-1) -> 1.2752177 | K53: =+('Inc Stmt'!K21/'Inc Stmt'!J21-1) -> 0.24087489 | ... Q53: =+('Inc Stmt'!Q21/'Inc Stmt'!P21-1) -> -0.075197514
A54: % | B54: EBIT | C54: 0 | D54: =+('Inc Stmt'!D25/'Inc Stmt'!C25-1) -> 0.18942951 | E54: =+('Inc Stmt'!E25/'Inc Stmt'!D25-1) -> 0.0076226189 | F54: =+('Inc Stmt'!F25/'Inc Stmt'!E25-1) -> 0.65224694 | G54: =+('Inc Stmt'!G25/'Inc Stmt'!F25-1) -> 0.049090307 | H54: =+('Inc Stmt'!H25/'Inc Stmt'!G25-1) -> -0.18802728 | I54: =+('Inc Stmt'!I25/'Inc Stmt'!H25-1) -> -0.057979808 | J54: =+('Inc Stmt'!J25/'Inc Stmt'!I25-1) -> 1.4369773 | K54: =+('Inc Stmt'!K25/'Inc Stmt'!J25-1) -> 0.26006772 | ... Q54: =+('Inc Stmt'!Q25/'Inc Stmt'!P25-1) -> -0.08038831
A55: % | B55: PBT | C55: 0 | D55: =+('Inc Stmt'!D30/'Inc Stmt'!C30-1) -> 0.21786016 | E55: =+('Inc Stmt'!E30/'Inc Stmt'!D30-1) -> 0.1312021 | F55: =+('Inc Stmt'!F30/'Inc Stmt'!E30-1) -> 0.45496394 | G55: =+('Inc Stmt'!G30/'Inc Stmt'!F30-1) -> 0.093172142 | H55: =+('Inc Stmt'!H30/'Inc Stmt'!G30-1) -> -0.36668191 | I55: =+('Inc Stmt'!I30/'Inc Stmt'!H30-1) -> -0.18803341 | J55: =+('Inc Stmt'!J30/'Inc Stmt'!I30-1) -> 1.7134031 | K55: =+('Inc Stmt'!K30/'Inc Stmt'!J30-1) -> 0.80444439 | ... Q55: =+('Inc Stmt'!Q30/'Inc Stmt'!P30-1) -> -0.03816077
A56: % | B56: Adjusted PAT | C56: 0 | D56: =+('Inc Stmt'!D40/'Inc Stmt'!C40-1) -> 0.48989143 | E56: =+('Inc Stmt'!E40/'Inc Stmt'!D40-1) -> 0.024207811 | F56: =+('Inc Stmt'!F40/'Inc Stmt'!E40-1) -> 0.37805434 | G56: =+('Inc Stmt'!G40/'Inc Stmt'!F40-1) -> 0.14464626 | H56: =+('Inc Stmt'!H40/'Inc Stmt'!G40-1) -> -0.38282193 | I56: =+('Inc Stmt'!I40/'Inc Stmt'!H40-1) -> -0.14713447 | J56: =+('Inc Stmt'!J40/'Inc Stmt'!I40-1) -> 1.6236584 | K56: =+('Inc Stmt'!K40/'Inc Stmt'!J40-1) -> 0.59382424 | ... Q56: =+('Inc Stmt'!Q40/'Inc Stmt'!P40-1) -> -0.02598437
A57: % | B57: Reported PAT | C57: 0 | D57: =+('Inc Stmt'!D36/'Inc Stmt'!C36-1) -> 0.37140974 | E57: =+('Inc Stmt'!E36/'Inc Stmt'!D36-1) -> 0.035975179 | F57: =+('Inc Stmt'!F36/'Inc Stmt'!E36-1) -> 0.44009768 | G57: =+('Inc Stmt'!G36/'Inc Stmt'!F36-1) -> 0.12372687 | H57: =+('Inc Stmt'!H36/'Inc Stmt'!G36-1) -> -0.39450045 | I57: =+('Inc Stmt'!I36/'Inc Stmt'!H36-1) -> -0.28233897 | J57: =+('Inc Stmt'!J36/'Inc Stmt'!I36-1) -> 2.1670106 | K57: =+('Inc Stmt'!K36/'Inc Stmt'!J36-1) -> 0.96036111 | ... Q57: =+('Inc Stmt'!Q36/'Inc Stmt'!P36-1) -> -0.02598437
B60: Book Value per Share
A62: Rs | B62: Nominal BVPS | C62: =+('Bal Sheet'!C188)/'Inc Stmt'!C45 -> 320.27014 | D62: =+('Bal Sheet'!D188)/'Inc Stmt'!D45 -> 365.04224 | E62: =+('Bal Sheet'!E188)/'Inc Stmt'!E45 -> 408.59914 | F62: =+('Bal Sheet'!F188)/'Inc Stmt'!F45 -> 471.49318 | G62: =+('Bal Sheet'!G188)/'Inc Stmt'!G45 -> 546.95904 | H62: =+('Bal Sheet'!H188)/'Inc Stmt'!H45 -> 56.107759 | I62: =+('Bal Sheet'!I188)/'Inc Stmt'!I45 -> 62.64686 | J62: =+('Bal Sheet'!J188)/'Inc Stmt'!J45 -> 101.19859 | ... Q62: =+('Bal Sheet'!Q188)/'Inc Stmt'!Q45 -> 481.00094
A63: Rs | B63: Tangible BVPS | C63: =+('Bal Sheet'!C188-'Bal Sheet'!C16)/'Inc Stmt'!C45 -> 319.21445 | D63: =+('Bal Sheet'!D188-'Bal Sheet'!D16)/'Inc Stmt'!D45 -> 364.28388 | E63: =+('Bal Sheet'!E188-'Bal Sheet'!E16)/'Inc Stmt'!E45 -> 408.19833 | F63: =+('Bal Sheet'!F188-'Bal Sheet'!F16)/'Inc Stmt'!F45 -> 471.36075 | G63: =+('Bal Sheet'!G188-'Bal Sheet'!G16)/'Inc Stmt'!G45 -> 546.55087 | H63: =+('Bal Sheet'!H188-'Bal Sheet'!H16)/'Inc Stmt'!H45 -> 55.743862 | I63: =+('Bal Sheet'!I188-'Bal Sheet'!I16)/'Inc Stmt'!I45 -> 62.084944 | J63: =+('Bal Sheet'!J188-'Bal Sheet'!J16)/'Inc Stmt'!J45 -> 101.19859 | ... Q63: =+('Bal Sheet'!Q188-'Bal Sheet'!Q16)/'Inc Stmt'!Q45 -> 481.00094
B66: Profit Margins
A68: % | B68: Gross profit | C68: =+'Inc Stmt'!C11/'Inc Stmt'!C$9 -> 0.37726215 | D68: =+'Inc Stmt'!D11/'Inc Stmt'!D$9 -> 0.35857592 | E68: =+'Inc Stmt'!E11/'Inc Stmt'!E$9 -> 0.31040384 | F68: =+'Inc Stmt'!F11/'Inc Stmt'!F$9 -> 0.3121525 | G68: =+'Inc Stmt'!G11/'Inc Stmt'!G$9 -> 0.28060675 | H68: =+'Inc Stmt'!H11/'Inc Stmt'!H$9 -> 0.26590588 | I68: =+'Inc Stmt'!I11/'Inc Stmt'!I$9 -> 0.26696435 | J68: =+'Inc Stmt'!J11/'Inc Stmt'!J$9 -> 0.3210398 | ... Q68: =+'Inc Stmt'!Q11/'Inc Stmt'!Q$9 -> 0.32814053
A69: % | B69: EBITDA | C69: =+'Inc Stmt'!C21/'Inc Stmt'!C$9 -> 0.1845087 | D69: =+'Inc Stmt'!D21/'Inc Stmt'!D$9 -> 0.18519754 | E69: =+'Inc Stmt'!E21/'Inc Stmt'!E$9 -> 0.15715621 | F69: =+'Inc Stmt'!F21/'Inc Stmt'!F$9 -> 0.18464506 | G69: =+'Inc Stmt'!G21/'Inc Stmt'!G$9 -> 0.15525987 | H69: =+'Inc Stmt'!H21/'Inc Stmt'!H$9 -> 0.13634987 | I69: =+'Inc Stmt'!I21/'Inc Stmt'!I$9 -> 0.12754784 | J69: =+'Inc Stmt'!J21/'Inc Stmt'!J$9 -> 0.21520687 | ... Q69: =+'Inc Stmt'!Q21/'Inc Stmt'!Q$9 -> 0.20317063
A70: % | B70: EBIT | C70: =+'Inc Stmt'!C25/'Inc Stmt'!C$9 -> 0.14486085 | D70: =+'Inc Stmt'!D25/'Inc Stmt'!D$9 -> 0.1491298 | E70: =+'Inc Stmt'!E25/'Inc Stmt'!E$9 -> 0.12599452 | F70: =+'Inc Stmt'!F25/'Inc Stmt'!F$9 -> 0.15997111 | G70: =+'Inc Stmt'!G25/'Inc Stmt'!G$9 -> 0.13542629 | H70: =+'Inc Stmt'!H25/'Inc Stmt'!H$9 -> 0.11698523 | I70: =+'Inc Stmt'!I25/'Inc Stmt'!I$9 -> 0.1127296 | J70: =+'Inc Stmt'!J25/'Inc Stmt'!J$9 -> 0.20372743 | ... Q70: =+'Inc Stmt'!Q25/'Inc Stmt'!Q$9 -> 0.18905318
A71: % | B71: PBT | C71: =+'Inc Stmt'!C30/'Inc Stmt'!C$9 -> 0.18268129 | D71: =+'Inc Stmt'!D30/'Inc Stmt'!D$9 -> 0.19256004 | E71: =+'Inc Stmt'!E30/'Inc Stmt'!E$9 -> 0.18263991 | F71: =+'Inc Stmt'!F30/'Inc Stmt'!F$9 -> 0.20420335 | G71: =+'Inc Stmt'!G30/'Inc Stmt'!G$9 -> 0.18013577 | H71: =+'Inc Stmt'!H30/'Inc Stmt'!H$9 -> 0.1213692 | I71: =+'Inc Stmt'!I30/'Inc Stmt'!I$9 -> 0.10080762 | J71: =+'Inc Stmt'!J30/'Inc Stmt'!J$9 -> 0.2028466 | ... Q71: =+'Inc Stmt'!Q30/'Inc Stmt'!Q$9 -> 0.24512833
A72: % | B72: Adjusted PAT | C72: =+'Inc Stmt'!C40/'Inc Stmt'!C$9 -> 0.12384656 | D72: =+'Inc Stmt'!D40/'Inc Stmt'!D$9 -> 0.15970306 | E72: =+'Inc Stmt'!E40/'Inc Stmt'!E$9 -> 0.13714836 | F72: =+'Inc Stmt'!F40/'Inc Stmt'!F$9 -> 0.14523522 | G72: =+'Inc Stmt'!G40/'Inc Stmt'!G$9 -> 0.13415033 | H72: =+'Inc Stmt'!H40/'Inc Stmt'!H$9 -> 0.088082347 | I72: =+'Inc Stmt'!I40/'Inc Stmt'!I$9 -> 0.076845094 | J72: =+'Inc Stmt'!J40/'Inc Stmt'!J$9 -> 0.14951456 | ... Q72: =+'Inc Stmt'!Q40/'Inc Stmt'!Q$9 -> 0.17584492
A73: % | B73: Reported PAT | C73: =+'Inc Stmt'!C36/'Inc Stmt'!C$9 -> 0.12472385 | D73: =+'Inc Stmt'!D36/'Inc Stmt'!D$9 -> 0.1480442 | E73: =+'Inc Stmt'!E36/'Inc Stmt'!E$9 -> 0.12859677 | F73: =+'Inc Stmt'!F36/'Inc Stmt'!F$9 -> 0.14231051 | G73: =+'Inc Stmt'!G36/'Inc Stmt'!G$9 -> 0.12904652 | H73: =+'Inc Stmt'!H36/'Inc Stmt'!H$9 -> 0.083127887 | I73: =+'Inc Stmt'!I36/'Inc Stmt'!I$9 -> 0.061025706 | J73: =+'Inc Stmt'!J36/'Inc Stmt'!J$9 -> 0.14332514 | ... Q73: =+'Inc Stmt'!Q36/'Inc Stmt'!Q$9 -> 0.17584492
B76: Return Ratios
A78: % | B78: Return on assets | C78: 0 | D78: =+('Inc Stmt'!D36+'Inc Stmt'!D27*(1-('Inc Stmt'!D167/'Inc Stmt'!D30)))/AVERAGE('Bal Sheet'!C21,'Bal Sheet'!D21) -> 0.1132928 | E78: =+('Inc Stmt'!E36+'Inc Stmt'!E27*(1-('Inc Stmt'!E167/'Inc Stmt'!E30)))/AVERAGE('Bal Sheet'!D21,'Bal Sheet'!E21) -> 0.10084139 | F78: =+('Inc Stmt'!F36+'Inc Stmt'!F27*(1-('Inc Stmt'!F167/'Inc Stmt'!F30)))/AVERAGE('Bal Sheet'!E21,'Bal Sheet'!F21) -> 0.12285149 | G78: =+('Inc Stmt'!G36+'Inc Stmt'!G27*(1-('Inc Stmt'!G167/'Inc Stmt'!G30)))/AVERAGE('Bal Sheet'!F21,'Bal Sheet'!G21) -> 0.11672937 | H78: =+('Inc Stmt'!H36+'Inc Stmt'!H27*(1-('Inc Stmt'!H167/'Inc Stmt'!H30)))/AVERAGE('Bal Sheet'!G21,'Bal Sheet'!H21) -> 0.092112897 | I78: =+('Inc Stmt'!I36+'Inc Stmt'!I27*(1-('Inc Stmt'!I167/'Inc Stmt'!I30)))/AVERAGE('Bal Sheet'!H21,'Bal Sheet'!I21) -> 0.10305707 | J78: =+('Inc Stmt'!J36+'Inc Stmt'!J27*(1-('Inc Stmt'!J167/'Inc Stmt'!J30)))/AVERAGE('Bal Sheet'!I21,'Bal Sheet'!J21) -> 0.23706635 | K78: =+('Inc Stmt'!K36+'Inc Stmt'!K27*(1-('Inc Stmt'!K167/'Inc Stmt'!K30)))/AVERAGE('Bal Sheet'!J21,'Bal Sheet'!K21) -> 0.37682567 | ... Q78: =+('Inc Stmt'!Q36+'Inc Stmt'!Q27*(1-('Inc Stmt'!Q167/'Inc Stmt'!Q30)))/AVERAGE('Bal Sheet'!P21,'Bal Sheet'!Q21) -> 0.22231069
A79: % | B79: Return on capital employed | C79: 0 | D79: =+('Inc Stmt'!D36+'Inc Stmt'!D27*(1-('Inc Stmt'!D167/'Inc Stmt'!D30)))/AVERAGE('Bal Sheet'!C25+'Bal Sheet'!C26+'Bal Sheet'!C138+'Bal Sheet'!C29,'Bal Sheet'!D25+'Bal Sheet'!D26+'Bal Sheet'!D138+'Bal Sheet'!D29) -> 0.16834765 | E79: =+('Inc Stmt'!E36+'Inc Stmt'!E27*(1-('Inc Stmt'!E167/'Inc Stmt'!E30)))/AVERAGE('Bal Sheet'!D25+'Bal Sheet'!D26+'Bal Sheet'!D138+'Bal Sheet'!D29,'Bal Sheet'!E25+'Bal Sheet'!E26+'Bal Sheet'!E138+'Bal Sheet'!E29) -> 0.15216092 | F79: =+('Inc Stmt'!F36+'Inc Stmt'!F27*(1-('Inc Stmt'!F167/'Inc Stmt'!F30)))/AVERAGE('Bal Sheet'!E25+'Bal Sheet'!E26+'Bal Sheet'!E138+'Bal Sheet'!E29,'Bal Sheet'!F25+'Bal Sheet'!F26+'Bal Sheet'!F138+'Bal Sheet'!F29) -> 0.18998674 | G79: =+('Inc Stmt'!G36+'Inc Stmt'!G27*(1-('Inc Stmt'!G167/'Inc Stmt'!G30)))/AVERAGE('Bal Sheet'!F25+'Bal Sheet'!F26+'Bal Sheet'!F138+'Bal Sheet'!F29,'Bal Sheet'!G25+'Bal Sheet'!G26+'Bal Sheet'!G138+'Bal Sheet'!G29) -> 0.18536303 | H79: =+('Inc Stmt'!H36+'Inc Stmt'!H27*(1-('Inc Stmt'!H167/'Inc Stmt'!H30)))/AVERAGE('Bal Sheet'!G25+'Bal Sheet'!G26+'Bal Sheet'!G138+'Bal Sheet'!G29,'Bal Sheet'!H25+'Bal Sheet'!H26+'Bal Sheet'!H138+'Bal Sheet'!H29) -> 0.1486456 | I79: =+('Inc Stmt'!I36+'Inc Stmt'!I27*(1-('Inc Stmt'!I167/'Inc Stmt'!I30)))/AVERAGE('Bal Sheet'!H25+'Bal Sheet'!H26+'Bal Sheet'!H138+'Bal Sheet'!H29,'Bal Sheet'!I25+'Bal Sheet'!I26+'Bal Sheet'!I138+'Bal Sheet'!I29) -> 0.17321991 | J79: =+('Inc Stmt'!J36+'Inc Stmt'!J27*(1-('Inc Stmt'!J167/'Inc Stmt'!J30)))/AVERAGE('Bal Sheet'!I25+'Bal Sheet'!I26+'Bal Sheet'!I138+'Bal Sheet'!I29,'Bal Sheet'!J25+'Bal Sheet'!J26+'Bal Sheet'!J138+'Bal Sheet'!J29) -> 0.44503653 | K79: =+('Inc Stmt'!K36+'Inc Stmt'!K27*(1-('Inc Stmt'!K167/'Inc Stmt'!K30)))/AVERAGE('Bal Sheet'!J25+'Bal Sheet'!J26+'Bal Sheet'!J138+'Bal Sheet'!J29,'Bal Sheet'!K25+'Bal Sheet'!K26+'Bal Sheet'!K138+'Bal Sheet'!K29) -> 0.70320765 | ... Q79: =+('Inc Stmt'!Q36+'Inc Stmt'!Q27*(1-('Inc Stmt'!Q167/'Inc Stmt'!Q30)))/AVERAGE('Bal Sheet'!P25+'Bal Sheet'!P26+'Bal Sheet'!P138+'Bal Sheet'!P29,'Bal Sheet'!Q25+'Bal Sheet'!Q26+'Bal Sheet'!Q138+'Bal Sheet'!Q29) -> 0.28856497
A80: % | B80: Return on equity | C80: 0 | D80: =+('Inc Stmt'!D36-'Inc Stmt'!D60)/AVERAGE('Bal Sheet'!C186,'Bal Sheet'!D186) -> 0.21297184 | E80: =+('Inc Stmt'!E36-'Inc Stmt'!E60)/AVERAGE('Bal Sheet'!D186,'Bal Sheet'!E186) -> 0.19544314 | F80: =+('Inc Stmt'!F36-'Inc Stmt'!F60)/AVERAGE('Bal Sheet'!E186,'Bal Sheet'!F186) -> 0.24741375 | G80: =+('Inc Stmt'!G36-'Inc Stmt'!G60)/AVERAGE('Bal Sheet'!F186,'Bal Sheet'!G186) -> 0.24025486 | H80: =+('Inc Stmt'!H36-'Inc Stmt'!H60)/AVERAGE('Bal Sheet'!G186,'Bal Sheet'!H186) -> 0.20943582 | I80: =+('Inc Stmt'!I36-'Inc Stmt'!I60)/AVERAGE('Bal Sheet'!H186,'Bal Sheet'!I186) -> 0.31308064 | J80: =+('Inc Stmt'!J36-'Inc Stmt'!J60)/AVERAGE('Bal Sheet'!I186,'Bal Sheet'!J186) -> 0.71865732 | K80: =+('Inc Stmt'!K36-'Inc Stmt'!K60)/AVERAGE('Bal Sheet'!J186,'Bal Sheet'!K186) -> 0.85212731 | ... Q80: =+('Inc Stmt'!Q36-'Inc Stmt'!Q60)/AVERAGE('Bal Sheet'!P186,'Bal Sheet'!Q186) -> 0.29206603
B82: On adjusted net profit
A83: % | B83: Return on assets | C83: 0 | D83: =+('Inc Stmt'!D40+'Inc Stmt'!D27*(1-('Inc Stmt'!D167/'Inc Stmt'!D30)))/AVERAGE('Bal Sheet'!C21,'Bal Sheet'!D21) -> 0.12220688 | E83: =+('Inc Stmt'!E40+'Inc Stmt'!E27*(1-('Inc Stmt'!E167/'Inc Stmt'!E30)))/AVERAGE('Bal Sheet'!D21,'Bal Sheet'!E21) -> 0.10754323 | F83: =+('Inc Stmt'!F40+'Inc Stmt'!F27*(1-('Inc Stmt'!F167/'Inc Stmt'!F30)))/AVERAGE('Bal Sheet'!E21,'Bal Sheet'!F21) -> 0.12537575 | G83: =+('Inc Stmt'!G40+'Inc Stmt'!G27*(1-('Inc Stmt'!G167/'Inc Stmt'!G30)))/AVERAGE('Bal Sheet'!F21,'Bal Sheet'!G21) -> 0.12133194 | H83: =+('Inc Stmt'!H40+'Inc Stmt'!H27*(1-('Inc Stmt'!H167/'Inc Stmt'!H30)))/AVERAGE('Bal Sheet'!G21,'Bal Sheet'!H21) -> 0.097578745 | I83: =+('Inc Stmt'!I40+'Inc Stmt'!I27*(1-('Inc Stmt'!I167/'Inc Stmt'!I30)))/AVERAGE('Bal Sheet'!H21,'Bal Sheet'!I21) -> 0.12907189 | J83: =+('Inc Stmt'!J40+'Inc Stmt'!J27*(1-('Inc Stmt'!J167/'Inc Stmt'!J30)))/AVERAGE('Bal Sheet'!I21,'Bal Sheet'!J21) -> 0.24727868 | K83: =+('Inc Stmt'!K40+'Inc Stmt'!K27*(1-('Inc Stmt'!K167/'Inc Stmt'!K30)))/AVERAGE('Bal Sheet'!J21,'Bal Sheet'!K21) -> 0.3196218 | ... Q83: =+('Inc Stmt'!Q40+'Inc Stmt'!Q27*(1-('Inc Stmt'!Q167/'Inc Stmt'!Q30)))/AVERAGE('Bal Sheet'!P21,'Bal Sheet'!Q21) -> 0.22231069
A84: % | B84: Return on capital employed | C84: 0 | D84: =+('Inc Stmt'!D40+'Inc Stmt'!D27*(1-('Inc Stmt'!D167/'Inc Stmt'!D30)))/AVERAGE('Bal Sheet'!C25+'Bal Sheet'!C26+'Bal Sheet'!C138+'Bal Sheet'!C29,'Bal Sheet'!D25+'Bal Sheet'!D26+'Bal Sheet'!D138+'Bal Sheet'!D29) -> 0.18159354 | E84: =+('Inc Stmt'!E40+'Inc Stmt'!E27*(1-('Inc Stmt'!E167/'Inc Stmt'!E30)))/AVERAGE('Bal Sheet'!D25+'Bal Sheet'!D26+'Bal Sheet'!D138+'Bal Sheet'!D29,'Bal Sheet'!E25+'Bal Sheet'!E26+'Bal Sheet'!E138+'Bal Sheet'!E29) -> 0.16227342 | F84: =+('Inc Stmt'!F40+'Inc Stmt'!F27*(1-('Inc Stmt'!F167/'Inc Stmt'!F30)))/AVERAGE('Bal Sheet'!E25+'Bal Sheet'!E26+'Bal Sheet'!E138+'Bal Sheet'!E29,'Bal Sheet'!F25+'Bal Sheet'!F26+'Bal Sheet'!F138+'Bal Sheet'!F29) -> 0.19389045 | G84: =+('Inc Stmt'!G40+'Inc Stmt'!G27*(1-('Inc Stmt'!G167/'Inc Stmt'!G30)))/AVERAGE('Bal Sheet'!F25+'Bal Sheet'!F26+'Bal Sheet'!F138+'Bal Sheet'!F29,'Bal Sheet'!G25+'Bal Sheet'!G26+'Bal Sheet'!G138+'Bal Sheet'!G29) -> 0.19267179 | H84: =+('Inc Stmt'!H40+'Inc Stmt'!H27*(1-('Inc Stmt'!H167/'Inc Stmt'!H30)))/AVERAGE('Bal Sheet'!G25+'Bal Sheet'!G26+'Bal Sheet'!G138+'Bal Sheet'!G29,'Bal Sheet'!H25+'Bal Sheet'!H26+'Bal Sheet'!H138+'Bal Sheet'!H29) -> 0.15746602 | I84: =+('Inc Stmt'!I40+'Inc Stmt'!I27*(1-('Inc Stmt'!I167/'Inc Stmt'!I30)))/AVERAGE('Bal Sheet'!H25+'Bal Sheet'!H26+'Bal Sheet'!H138+'Bal Sheet'!H29,'Bal Sheet'!I25+'Bal Sheet'!I26+'Bal Sheet'!I138+'Bal Sheet'!I29) -> 0.21694602 | J84: =+('Inc Stmt'!J40+'Inc Stmt'!J27*(1-('Inc Stmt'!J167/'Inc Stmt'!J30)))/AVERAGE('Bal Sheet'!I25+'Bal Sheet'!I26+'Bal Sheet'!I138+'Bal Sheet'!I29,'Bal Sheet'!J25+'Bal Sheet'!J26+'Bal Sheet'!J138+'Bal Sheet'!J29) -> 0.46420779 | K84: =+('Inc Stmt'!K40+'Inc Stmt'!K27*(1-('Inc Stmt'!K167/'Inc Stmt'!K30)))/AVERAGE('Bal Sheet'!J25+'Bal Sheet'!J26+'Bal Sheet'!J138+'Bal Sheet'!J29,'Bal Sheet'!K25+'Bal Sheet'!K26+'Bal Sheet'!K138+'Bal Sheet'!K29) -> 0.59645748 | ... Q84: =+('Inc Stmt'!Q40+'Inc Stmt'!Q27*(1-('Inc Stmt'!Q167/'Inc Stmt'!Q30)))/AVERAGE('Bal Sheet'!P25+'Bal Sheet'!P26+'Bal Sheet'!P138+'Bal Sheet'!P29,'Bal Sheet'!Q25+'Bal Sheet'!Q26+'Bal Sheet'!Q138+'Bal Sheet'!Q29) -> 0.28856497
A85: % | B85: Return on equity | C85: 0 | D85: =+('Inc Stmt'!D40-'Inc Stmt'!D60)/AVERAGE('Bal Sheet'!C186,'Bal Sheet'!D186) -> 0.22974391 | E85: =+('Inc Stmt'!E40-'Inc Stmt'!E60)/AVERAGE('Bal Sheet'!D186,'Bal Sheet'!E186) -> 0.20843996 | F85: =+('Inc Stmt'!F40-'Inc Stmt'!F60)/AVERAGE('Bal Sheet'!E186,'Bal Sheet'!F186) -> 0.25249849 | G85: =+('Inc Stmt'!G40-'Inc Stmt'!G60)/AVERAGE('Bal Sheet'!F186,'Bal Sheet'!G186) -> 0.24975699 | H85: =+('Inc Stmt'!H40-'Inc Stmt'!H60)/AVERAGE('Bal Sheet'!G186,'Bal Sheet'!H186) -> 0.22191829 | I85: =+('Inc Stmt'!I40-'Inc Stmt'!I60)/AVERAGE('Bal Sheet'!H186,'Bal Sheet'!I186) -> 0.39423897 | J85: =+('Inc Stmt'!J40-'Inc Stmt'!J60)/AVERAGE('Bal Sheet'!I186,'Bal Sheet'!J186) -> 0.74969215 | K85: =+('Inc Stmt'!K40-'Inc Stmt'!K60)/AVERAGE('Bal Sheet'!J186,'Bal Sheet'!K186) -> 0.72271978 | ... Q85: =+('Inc Stmt'!Q40-'Inc Stmt'!Q60)/AVERAGE('Bal Sheet'!P186,'Bal Sheet'!Q186) -> 0.29206603
A87: Rs mn | B87: NOPAT [EBIT*(1-T)] | C87: =+'Inc Stmt'!C25*(1-'Inc Stmt'!C176) -> 4269.5319 | D87: =+'Inc Stmt'!D25*(1-'Inc Stmt'!D176) -> 5665.2901 | E87: =+'Inc Stmt'!E25*(1-'Inc Stmt'!E176) -> 5289.8491 | F87: =+'Inc Stmt'!F25*(1-'Inc Stmt'!F176) -> 8629.9943 | G87: =+'Inc Stmt'!G25*(1-'Inc Stmt'!G176) -> 9306.6975 | H87: =+'Inc Stmt'!H25*(1-'Inc Stmt'!H176) -> 6997.3767 | I87: =+'Inc Stmt'!I25*(1-'Inc Stmt'!I176) -> 6706.457 | J87: =+'Inc Stmt'!J25*(1-'Inc Stmt'!J176) -> 17110.278 | ... Q87: =+'Inc Stmt'!Q25*(1-'Inc Stmt'!Q176) -> 29519.736
A88: Rs mn | B88: Invested capital | C88: =+'Bal Sheet'!C21-'Bal Sheet'!C13-SUM('Bal Sheet'!C109:C111)-('Bal Sheet'!C140-'Bal Sheet'!C138) -> 31782.057 | D88: =+'Bal Sheet'!D21-'Bal Sheet'!D13-SUM('Bal Sheet'!D109:D111)-('Bal Sheet'!D140-'Bal Sheet'!D138) -> 27040.92 | E88: =+'Bal Sheet'!E21-'Bal Sheet'!E13-SUM('Bal Sheet'!E109:E111)-('Bal Sheet'!E140-'Bal Sheet'!E138) -> 29178.546 | F88: =+'Bal Sheet'!F21-'Bal Sheet'!F13-SUM('Bal Sheet'!F109:F111)-('Bal Sheet'!F140-'Bal Sheet'!F138) -> 28886.9 | G88: =+'Bal Sheet'!G21-'Bal Sheet'!G13-SUM('Bal Sheet'!G109:G111)-('Bal Sheet'!G140-'Bal Sheet'!G138) -> 40164 | H88: =+'Bal Sheet'!H21-'Bal Sheet'!H13-SUM('Bal Sheet'!H109:H111)-('Bal Sheet'!H140-'Bal Sheet'!H138) -> 24131 | I88: =+'Bal Sheet'!I21-'Bal Sheet'!I13-SUM('Bal Sheet'!I109:I111)-('Bal Sheet'!I140-'Bal Sheet'!I138) -> 33935.3 | J88: =+'Bal Sheet'!J21-'Bal Sheet'!J13-SUM('Bal Sheet'!J109:J111)-('Bal Sheet'!J140-'Bal Sheet'!J138) -> 32274.7 | ... Q88: =+'Bal Sheet'!Q21-'Bal Sheet'!Q13-SUM('Bal Sheet'!Q109:Q111)-('Bal Sheet'!Q140-'Bal Sheet'!Q138) -> 34263.601
A89: % | B89: Return on invested capital | C89: 0 | D89: =+D87/AVERAGE(C88,D88) -> 0.19262167 | E89: =+E87/AVERAGE(D88,E88) -> 0.18818568 | F89: =+F87/AVERAGE(E88,F88) -> 0.2972506 | G89: =+G87/AVERAGE(F88,G88) -> 0.2695605 | H89: =+H87/AVERAGE(G88,H88) -> 0.21766472 | I89: =+I87/AVERAGE(H88,I88) -> 0.23099309 | J89: =+J87/AVERAGE(I88,J88) -> 0.51684875 | K89: =+K87/AVERAGE(J88,K88) -> 0.8387018 | ... Q89: =+Q87/AVERAGE(P88,Q88) -> 0.85607627
B91: Deferred tax adjustments
A92: % | B92: Return on equity | C92: 0 | D92: =+('Inc Stmt'!D36+'Inc Stmt'!D168-'Inc Stmt'!D60)/AVERAGE('Bal Sheet'!C186+'Bal Sheet'!C122,'Bal Sheet'!D186+'Bal Sheet'!D122) -> 0.20750451 | E92: =+('Inc Stmt'!E36+'Inc Stmt'!E168-'Inc Stmt'!E60)/AVERAGE('Bal Sheet'!D186+'Bal Sheet'!D122,'Bal Sheet'!E186+'Bal Sheet'!E122) -> 0.19727877 | F92: =+('Inc Stmt'!F36+'Inc Stmt'!F168-'Inc Stmt'!F60)/AVERAGE('Bal Sheet'!E186+'Bal Sheet'!E122,'Bal Sheet'!F186+'Bal Sheet'!F122) -> 0.24480944 | G92: =+('Inc Stmt'!G36+'Inc Stmt'!G168-'Inc Stmt'!G60)/AVERAGE('Bal Sheet'!F186+'Bal Sheet'!F122,'Bal Sheet'!G186+'Bal Sheet'!G122) -> 0.24144197 | H92: =+('Inc Stmt'!H36+'Inc Stmt'!H168-'Inc Stmt'!H60)/AVERAGE('Bal Sheet'!G186+'Bal Sheet'!G122,'Bal Sheet'!H186+'Bal Sheet'!H122) -> 0.20413002 | I92: =+('Inc Stmt'!I36+'Inc Stmt'!I168-'Inc Stmt'!I60)/AVERAGE('Bal Sheet'!H186+'Bal Sheet'!H122,'Bal Sheet'!I186+'Bal Sheet'!I122) -> 0.30074049 | J92: =+('Inc Stmt'!J36+'Inc Stmt'!J168-'Inc Stmt'!J60)/AVERAGE('Bal Sheet'!I186+'Bal Sheet'!I122,'Bal Sheet'!J186+'Bal Sheet'!J122) -> 0.71341581 | K92: =+('Inc Stmt'!K36+'Inc Stmt'!K168-'Inc Stmt'!K60)/AVERAGE('Bal Sheet'!J186+'Bal Sheet'!J122,'Bal Sheet'!K186+'Bal Sheet'!K122) -> 0.86273253 | ... Q92: =+('Inc Stmt'!Q36+'Inc Stmt'!Q168-'Inc Stmt'!Q60)/AVERAGE('Bal Sheet'!P186+'Bal Sheet'!P122,'Bal Sheet'!Q186+'Bal Sheet'!Q122) -> 0.29632259
B95: Leverage Ratios
A97: x | B97: Debt/Assets | C97: =+('Bal Sheet'!C25+'Bal Sheet'!C26+'Bal Sheet'!C138)/'Bal Sheet'!C21 -> 0.13953814 | D97: =+('Bal Sheet'!D25+'Bal Sheet'!D26+'Bal Sheet'!D138)/'Bal Sheet'!D21 -> 0.14315519 | E97: =+('Bal Sheet'!E25+'Bal Sheet'!E26+'Bal Sheet'!E138)/'Bal Sheet'!E21 -> 0.15045337 | F97: =+('Bal Sheet'!F25+'Bal Sheet'!F26+'Bal Sheet'!F138)/'Bal Sheet'!F21 -> 0.14997531 | G97: =+('Bal Sheet'!G25+'Bal Sheet'!G26+'Bal Sheet'!G138)/'Bal Sheet'!G21 -> 0.14143435 | H97: =+('Bal Sheet'!H25+'Bal Sheet'!H26+'Bal Sheet'!H138)/'Bal Sheet'!H21 -> 0.27736565 | I97: =+('Bal Sheet'!I25+'Bal Sheet'!I26+'Bal Sheet'!I138)/'Bal Sheet'!I21 -> 0.27195568 | J97: =+('Bal Sheet'!J25+'Bal Sheet'!J26+'Bal Sheet'!J138)/'Bal Sheet'!J21 -> 0.15670537 | ... Q97: =+('Bal Sheet'!Q25+'Bal Sheet'!Q26+'Bal Sheet'!Q138)/'Bal Sheet'!Q21 -> 0.0085701279
A98: x | B98: Long-term debt/Assets | C98: =+'Bal Sheet'!C25/'Bal Sheet'!C21 -> 0.13058398 | D98: =+'Bal Sheet'!D25/'Bal Sheet'!D21 -> 0.14315519 | E98: =+'Bal Sheet'!E25/'Bal Sheet'!E21 -> 0.15045337 | F98: =+'Bal Sheet'!F25/'Bal Sheet'!F21 -> 0.14997327 | G98: =+'Bal Sheet'!G25/'Bal Sheet'!G21 -> 0.13948002 | H98: =+'Bal Sheet'!H25/'Bal Sheet'!H21 -> 0.27344325 | I98: =+'Bal Sheet'!I25/'Bal Sheet'!I21 -> 0.22526657 | J98: =+'Bal Sheet'!J25/'Bal Sheet'!J21 -> 0.1551858 | ... Q98: =+'Bal Sheet'!Q25/'Bal Sheet'!Q21 -> 0.0085701279
A100: x | B100: Debt/Capital | C100: =+('Bal Sheet'!C25+'Bal Sheet'!C26+'Bal Sheet'!C138)/('Bal Sheet'!C25+'Bal Sheet'!C26+'Bal Sheet'!C138+'Bal Sheet'!C29) -> 0.205897 | D100: =+('Bal Sheet'!D25+'Bal Sheet'!D26+'Bal Sheet'!D138)/('Bal Sheet'!D25+'Bal Sheet'!D26+'Bal Sheet'!D138+'Bal Sheet'!D29) -> 0.21401345 | E100: =+('Bal Sheet'!E25+'Bal Sheet'!E26+'Bal Sheet'!E138)/('Bal Sheet'!E25+'Bal Sheet'!E26+'Bal Sheet'!E138+'Bal Sheet'!E29) -> 0.22885921 | F100: =+('Bal Sheet'!F25+'Bal Sheet'!F26+'Bal Sheet'!F138)/('Bal Sheet'!F25+'Bal Sheet'!F26+'Bal Sheet'!F138+'Bal Sheet'!F29) -> 0.23519997 | G100: =+('Bal Sheet'!G25+'Bal Sheet'!G26+'Bal Sheet'!G138)/('Bal Sheet'!G25+'Bal Sheet'!G26+'Bal Sheet'!G138+'Bal Sheet'!G29) -> 0.22702318 | H100: =+('Bal Sheet'!H25+'Bal Sheet'!H26+'Bal Sheet'!H138)/('Bal Sheet'!H25+'Bal Sheet'!H26+'Bal Sheet'!H138+'Bal Sheet'!H29) -> 0.4533337 | I100: =+('Bal Sheet'!I25+'Bal Sheet'!I26+'Bal Sheet'!I138)/('Bal Sheet'!I25+'Bal Sheet'!I26+'Bal Sheet'!I138+'Bal Sheet'!I29) -> 0.46810098 | J100: =+('Bal Sheet'!J25+'Bal Sheet'!J26+'Bal Sheet'!J138)/('Bal Sheet'!J25+'Bal Sheet'!J26+'Bal Sheet'!J138+'Bal Sheet'!J29) -> 0.31370685 | ... Q100: =+('Bal Sheet'!Q25+'Bal Sheet'!Q26+'Bal Sheet'!Q138)/('Bal Sheet'!Q25+'Bal Sheet'!Q26+'Bal Sheet'!Q138+'Bal Sheet'!Q29) -> 0.011538903
A101: x | B101: Long-term debt/Long-term funds | C101: =+'Bal Sheet'!C25/('Bal Sheet'!C25+'Bal Sheet'!C29) -> 0.19526451 | D101: =+'Bal Sheet'!D25/('Bal Sheet'!D25+'Bal Sheet'!D29) -> 0.21401345 | E101: =+'Bal Sheet'!E25/('Bal Sheet'!E25+'Bal Sheet'!E29) -> 0.22885921 | F101: =+'Bal Sheet'!F25/('Bal Sheet'!F25+'Bal Sheet'!F29) -> 0.23519752 | G101: =+'Bal Sheet'!G25/('Bal Sheet'!G25+'Bal Sheet'!G29) -> 0.22459074 | H101: =+'Bal Sheet'!H25/('Bal Sheet'!H25+'Bal Sheet'!H29) -> 0.44980647 | I101: =+'Bal Sheet'!I25/('Bal Sheet'!I25+'Bal Sheet'!I29) -> 0.42162058 | J101: =+'Bal Sheet'!J25/('Bal Sheet'!J25+'Bal Sheet'!J29) -> 0.31161277 | ... Q101: =+'Bal Sheet'!Q25/('Bal Sheet'!Q25+'Bal Sheet'!Q29) -> 0.011538903
A103: x | B103: Debt/Equity | C103: =+('Bal Sheet'!C25+'Bal Sheet'!C26+'Bal Sheet'!C138)/'Bal Sheet'!C29 -> 0.25928249 | D103: =+('Bal Sheet'!D25+'Bal Sheet'!D26+'Bal Sheet'!D138)/'Bal Sheet'!D29 -> 0.2722864 | E103: =+('Bal Sheet'!E25+'Bal Sheet'!E26+'Bal Sheet'!E138)/'Bal Sheet'!E29 -> 0.29678006 | F103: =+('Bal Sheet'!F25+'Bal Sheet'!F26+'Bal Sheet'!F138)/'Bal Sheet'!F29 -> 0.30753133 | G103: =+('Bal Sheet'!G25+'Bal Sheet'!G26+'Bal Sheet'!G138)/'Bal Sheet'!G29 -> 0.29369985 | H103: =+('Bal Sheet'!H25+'Bal Sheet'!H26+'Bal Sheet'!H138)/'Bal Sheet'!H29 -> 0.8292695 | I103: =+('Bal Sheet'!I25+'Bal Sheet'!I26+'Bal Sheet'!I138)/'Bal Sheet'!I29 -> 0.88005611 | J103: =+('Bal Sheet'!J25+'Bal Sheet'!J26+'Bal Sheet'!J138)/'Bal Sheet'!J29 -> 0.45710328 | ... Q103: =+('Bal Sheet'!Q25+'Bal Sheet'!Q26+'Bal Sheet'!Q138)/'Bal Sheet'!Q29 -> 0.011673604
A104: x | B104: Debt/Tangible equity | C104: =+('Bal Sheet'!C25+'Bal Sheet'!C26+'Bal Sheet'!C138)/('Bal Sheet'!C29-'Bal Sheet'!C16) -> 0.26013997 | D104: =+('Bal Sheet'!D25+'Bal Sheet'!D26+'Bal Sheet'!D138)/('Bal Sheet'!D29-'Bal Sheet'!D16) -> 0.27285324 | E104: =+('Bal Sheet'!E25+'Bal Sheet'!E26+'Bal Sheet'!E138)/('Bal Sheet'!E29-'Bal Sheet'!E16) -> 0.29707147 | F104: =+('Bal Sheet'!F25+'Bal Sheet'!F26+'Bal Sheet'!F138)/('Bal Sheet'!F29-'Bal Sheet'!F16) -> 0.30761773 | G104: =+('Bal Sheet'!G25+'Bal Sheet'!G26+'Bal Sheet'!G138)/('Bal Sheet'!G29-'Bal Sheet'!G16) -> 0.29391919 | H104: =+('Bal Sheet'!H25+'Bal Sheet'!H26+'Bal Sheet'!H138)/('Bal Sheet'!H29-'Bal Sheet'!H16) -> 0.834683 | I104: =+('Bal Sheet'!I25+'Bal Sheet'!I26+'Bal Sheet'!I138)/('Bal Sheet'!I29-'Bal Sheet'!I16) -> 0.88802129 | J104: =+('Bal Sheet'!J25+'Bal Sheet'!J26+'Bal Sheet'!J138)/('Bal Sheet'!J29-'Bal Sheet'!J16) -> 0.45710328 | ... Q104: =+('Bal Sheet'!Q25+'Bal Sheet'!Q26+'Bal Sheet'!Q138)/('Bal Sheet'!Q29-'Bal Sheet'!Q16) -> 0.011673604
A105: x | B105: Gross financial leverage | C105: 0 | D105: =+AVERAGE('Bal Sheet'!D21,'Bal Sheet'!C21)/AVERAGE('Bal Sheet'!D29,'Bal Sheet'!C29) -> 1.8815259 | E105: =+AVERAGE('Bal Sheet'!E21,'Bal Sheet'!D21)/AVERAGE('Bal Sheet'!E29,'Bal Sheet'!D29) -> 1.9392898 | F105: =+AVERAGE('Bal Sheet'!F21,'Bal Sheet'!E21)/AVERAGE('Bal Sheet'!F29,'Bal Sheet'!E29) -> 2.0143452 | G105: =+AVERAGE('Bal Sheet'!G21,'Bal Sheet'!F21)/AVERAGE('Bal Sheet'!G29,'Bal Sheet'!F29) -> 2.0645281 | H105: =+AVERAGE('Bal Sheet'!H21,'Bal Sheet'!G21)/AVERAGE('Bal Sheet'!H29,'Bal Sheet'!G29) -> 2.283721 | I105: =+AVERAGE('Bal Sheet'!I21,'Bal Sheet'!H21)/AVERAGE('Bal Sheet'!I29,'Bal Sheet'!H29) -> 3.1196959 | J105: =+AVERAGE('Bal Sheet'!J21,'Bal Sheet'!I21)/AVERAGE('Bal Sheet'!J29,'Bal Sheet'!I29) -> 3.0389566 | K105: =+AVERAGE('Bal Sheet'!K21,'Bal Sheet'!J21)/AVERAGE('Bal Sheet'!K29,'Bal Sheet'!J29) -> 2.262216 | ... Q105: =+AVERAGE('Bal Sheet'!Q21,'Bal Sheet'!P21)/AVERAGE('Bal Sheet'!Q29,'Bal Sheet'!P29) -> 1.3141188
A107: x | B107: Adjusted Debt/Equity | C107: =+('Bal Sheet'!C25+'Bal Sheet'!C26+'Bal Sheet'!C138-'Bal Sheet'!C155)/('Bal Sheet'!C29+'Bal Sheet'!C155) -> 0.25928249 | D107: =+('Bal Sheet'!D25+'Bal Sheet'!D26+'Bal Sheet'!D138-'Bal Sheet'!D155)/('Bal Sheet'!D29+'Bal Sheet'!D155) -> 0.2722864 | E107: =+('Bal Sheet'!E25+'Bal Sheet'!E26+'Bal Sheet'!E138-'Bal Sheet'!E155)/('Bal Sheet'!E29+'Bal Sheet'!E155) -> 0.29678006 | F107: =+('Bal Sheet'!F25+'Bal Sheet'!F26+'Bal Sheet'!F138-'Bal Sheet'!F155)/('Bal Sheet'!F29+'Bal Sheet'!F155) -> 0.30753133 | G107: =+('Bal Sheet'!G25+'Bal Sheet'!G26+'Bal Sheet'!G138-'Bal Sheet'!G155)/('Bal Sheet'!G29+'Bal Sheet'!G155) -> 0.29369985 | H107: =+('Bal Sheet'!H25+'Bal Sheet'!H26+'Bal Sheet'!H138-'Bal Sheet'!H155)/('Bal Sheet'!H29+'Bal Sheet'!H155) -> 0.8292695 | I107: =+('Bal Sheet'!I25+'Bal Sheet'!I26+'Bal Sheet'!I138-'Bal Sheet'!I155)/('Bal Sheet'!I29+'Bal Sheet'!I155) -> 0.88005611 | J107: =+('Bal Sheet'!J25+'Bal Sheet'!J26+'Bal Sheet'!J138-'Bal Sheet'!J155)/('Bal Sheet'!J29+'Bal Sheet'!J155) -> 0.45710328 | ... Q107: =+('Bal Sheet'!Q25+'Bal Sheet'!Q26+'Bal Sheet'!Q138-'Bal Sheet'!Q155)/('Bal Sheet'!Q29+'Bal Sheet'!Q155) -> 0.011673604
A108: x | B108: Adjusted Debt/Tangible equity | C108: =+('Bal Sheet'!C25+'Bal Sheet'!C26+'Bal Sheet'!C138-'Bal Sheet'!C155)/('Bal Sheet'!C29-'Bal Sheet'!C16+'Bal Sheet'!C155) -> 0.26013997 | D108: =+('Bal Sheet'!D25+'Bal Sheet'!D26+'Bal Sheet'!D138-'Bal Sheet'!D155)/('Bal Sheet'!D29-'Bal Sheet'!D16+'Bal Sheet'!D155) -> 0.27285324 | E108: =+('Bal Sheet'!E25+'Bal Sheet'!E26+'Bal Sheet'!E138-'Bal Sheet'!E155)/('Bal Sheet'!E29-'Bal Sheet'!E16+'Bal Sheet'!E155) -> 0.29707147 | F108: =+('Bal Sheet'!F25+'Bal Sheet'!F26+'Bal Sheet'!F138-'Bal Sheet'!F155)/('Bal Sheet'!F29-'Bal Sheet'!F16+'Bal Sheet'!F155) -> 0.30761773 | G108: =+('Bal Sheet'!G25+'Bal Sheet'!G26+'Bal Sheet'!G138-'Bal Sheet'!G155)/('Bal Sheet'!G29-'Bal Sheet'!G16+'Bal Sheet'!G155) -> 0.29391919 | H108: =+('Bal Sheet'!H25+'Bal Sheet'!H26+'Bal Sheet'!H138-'Bal Sheet'!H155)/('Bal Sheet'!H29-'Bal Sheet'!H16+'Bal Sheet'!H155) -> 0.834683 | I108: =+('Bal Sheet'!I25+'Bal Sheet'!I26+'Bal Sheet'!I138-'Bal Sheet'!I155)/('Bal Sheet'!I29-'Bal Sheet'!I16+'Bal Sheet'!I155) -> 0.88802129 | J108: =+('Bal Sheet'!J25+'Bal Sheet'!J26+'Bal Sheet'!J138-'Bal Sheet'!J155)/('Bal Sheet'!J29-'Bal Sheet'!J16+'Bal Sheet'!J155) -> 0.45710328 | ... Q108: =+('Bal Sheet'!Q25+'Bal Sheet'!Q26+'Bal Sheet'!Q138-'Bal Sheet'!Q155)/('Bal Sheet'!Q29-'Bal Sheet'!Q16+'Bal Sheet'!Q155) -> 0.011673604
A110: x | B110: Interest coverage ratio | C110: =+'Inc Stmt'!C25/'Inc Stmt'!C27 -> 559.49933 | D110: =+'Inc Stmt'!D25/'Inc Stmt'!D27 -> 795.43642 | E110: =+'Inc Stmt'!E25/'Inc Stmt'!E27 -> 1121.8117 | F110: =+'Inc Stmt'!F25/'Inc Stmt'!F27 -> 3642.1471 | G110: =+'Inc Stmt'!G25/'Inc Stmt'!G27 -> 243.2809 | H110: =+'Inc Stmt'!H25/'Inc Stmt'!H27 -> 204.42829 | I110: =+'Inc Stmt'!I25/'Inc Stmt'!I27 -> 45.394701 | J110: =+'Inc Stmt'!J25/'Inc Stmt'!J27 -> 404.94983 | ... Q110: =+'Inc Stmt'!Q25/'Inc Stmt'!Q27 -> 2939.3286
A111: x | B111: Debt service coverage ratio | C111: =+'Inc Stmt'!C25/('Inc Stmt'!C27+'Bal Sheet'!C138) -> 559.49933 | D111: =+'Inc Stmt'!D25/('Inc Stmt'!D27+'Bal Sheet'!D138) -> 795.43642 | E111: =+'Inc Stmt'!E25/('Inc Stmt'!E27+'Bal Sheet'!E138) -> 1121.8117 | F111: =+'Inc Stmt'!F25/('Inc Stmt'!F27+'Bal Sheet'!F138) -> 3642.1471 | G111: =+'Inc Stmt'!G25/('Inc Stmt'!G27+'Bal Sheet'!G138) -> 243.2809 | H111: =+'Inc Stmt'!H25/('Inc Stmt'!H27+'Bal Sheet'!H138) -> 204.42829 | I111: =+'Inc Stmt'!I25/('Inc Stmt'!I27+'Bal Sheet'!I138) -> 45.394701 | J111: =+'Inc Stmt'!J25/('Inc Stmt'!J27+'Bal Sheet'!J138) -> 404.94983 | ... Q111: =+'Inc Stmt'!Q25/('Inc Stmt'!Q27+'Bal Sheet'!Q138) -> 2939.3286
B114: Liquidity Ratios
A116: x | B116: Current ratio | C116: =+'Bal Sheet'!C14/'Bal Sheet'!C23 -> 4.7375535 | D116: =+'Bal Sheet'!D14/'Bal Sheet'!D23 -> 3.052417 | E116: =+'Bal Sheet'!E14/'Bal Sheet'!E23 -> 3.298736 | F116: =+'Bal Sheet'!F14/'Bal Sheet'!F23 -> 2.3240864 | G116: =+'Bal Sheet'!G14/'Bal Sheet'!G23 -> 2.5474959 | H116: =+'Bal Sheet'!H14/'Bal Sheet'!H23 -> 1.5890731 | I116: =+'Bal Sheet'!I14/'Bal Sheet'!I23 -> 1.8654889 | J116: =+'Bal Sheet'!J14/'Bal Sheet'!J23 -> 1.4810364 | ... Q116: =+'Bal Sheet'!Q14/'Bal Sheet'!Q23 -> 1.4356995
A117: x | B117: Quick ratio | C117: =+('Bal Sheet'!C75+'Bal Sheet'!C76+'Bal Sheet'!C77+'Bal Sheet'!C79+'Bal Sheet'!C10)/'Bal Sheet'!C23 -> 0.43263823 | D117: =+('Bal Sheet'!D75+'Bal Sheet'!D76+'Bal Sheet'!D77+'Bal Sheet'!D79+'Bal Sheet'!D10)/'Bal Sheet'!D23 -> 0.3156231 | E117: =+('Bal Sheet'!E75+'Bal Sheet'!E76+'Bal Sheet'!E77+'Bal Sheet'!E79+'Bal Sheet'!E10)/'Bal Sheet'!E23 -> 0.36159277 | F117: =+('Bal Sheet'!F75+'Bal Sheet'!F76+'Bal Sheet'!F77+'Bal Sheet'!F79+'Bal Sheet'!F10)/'Bal Sheet'!F23 -> 0.31129412 | G117: =+('Bal Sheet'!G75+'Bal Sheet'!G76+'Bal Sheet'!G77+'Bal Sheet'!G79+'Bal Sheet'!G10)/'Bal Sheet'!G23 -> 0.40848049 | H117: =+('Bal Sheet'!H75+'Bal Sheet'!H76+'Bal Sheet'!H77+'Bal Sheet'!H79+'Bal Sheet'!H10)/'Bal Sheet'!H23 -> 0.30778318 | I117: =+('Bal Sheet'!I75+'Bal Sheet'!I76+'Bal Sheet'!I77+'Bal Sheet'!I79+'Bal Sheet'!I10)/'Bal Sheet'!I23 -> 0.22767535 | J117: =+('Bal Sheet'!J75+'Bal Sheet'!J76+'Bal Sheet'!J77+'Bal Sheet'!J79+'Bal Sheet'!J10)/'Bal Sheet'!J23 -> 0.13465268 | ... Q117: =+('Bal Sheet'!Q75+'Bal Sheet'!Q76+'Bal Sheet'!Q77+'Bal Sheet'!Q79+'Bal Sheet'!Q10)/'Bal Sheet'!Q23 -> 0.2642631
A118: x | B118: Cash ratio | C118: =+('Bal Sheet'!C75+'Bal Sheet'!C76+'Bal Sheet'!C77+'Bal Sheet'!C79)/'Bal Sheet'!C23 -> 0.065439608 | D118: =+('Bal Sheet'!D75+'Bal Sheet'!D76+'Bal Sheet'!D77+'Bal Sheet'!D79)/'Bal Sheet'!D23 -> 0.11647241 | E118: =+('Bal Sheet'!E75+'Bal Sheet'!E76+'Bal Sheet'!E77+'Bal Sheet'!E79)/'Bal Sheet'!E23 -> 0.13696941 | F118: =+('Bal Sheet'!F75+'Bal Sheet'!F76+'Bal Sheet'!F77+'Bal Sheet'!F79)/'Bal Sheet'!F23 -> 0.065906076 | G118: =+('Bal Sheet'!G75+'Bal Sheet'!G76+'Bal Sheet'!G77+'Bal Sheet'!G79)/'Bal Sheet'!G23 -> 0.055017779 | H118: =+('Bal Sheet'!H75+'Bal Sheet'!H76+'Bal Sheet'!H77+'Bal Sheet'!H79)/'Bal Sheet'!H23 -> 0.06690483 | I118: =+('Bal Sheet'!I75+'Bal Sheet'!I76+'Bal Sheet'!I77+'Bal Sheet'!I79)/'Bal Sheet'!I23 -> 0 | J118: =+('Bal Sheet'!J75+'Bal Sheet'!J76+'Bal Sheet'!J77+'Bal Sheet'!J79)/'Bal Sheet'!J23 -> 0 | ... Q118: =+('Bal Sheet'!Q75+'Bal Sheet'!Q76+'Bal Sheet'!Q77+'Bal Sheet'!Q79)/'Bal Sheet'!Q23 -> 0
B121: Turnover Ratios
A123: x | B123: Fixed asset turnover, gross | C123: 0 | D123: =+'Inc Stmt'!D9/AVERAGE('Bal Sheet'!C86,'Bal Sheet'!D86) -> 1.8732478 | E123: =+'Inc Stmt'!E9/AVERAGE('Bal Sheet'!D86,'Bal Sheet'!E86) -> 2.1843106 | F123: =+'Inc Stmt'!F9/AVERAGE('Bal Sheet'!E86,'Bal Sheet'!F86) -> 2.7467297 | G123: =+'Inc Stmt'!G9/AVERAGE('Bal Sheet'!F86,'Bal Sheet'!G86) -> 3.1621432 | H123: =+'Inc Stmt'!H9/AVERAGE('Bal Sheet'!G86,'Bal Sheet'!H86) -> 2.9257004 | I123: =+'Inc Stmt'!I9/AVERAGE('Bal Sheet'!H86,'Bal Sheet'!I86) -> 2.7855037 | J123: =+'Inc Stmt'!J9/AVERAGE('Bal Sheet'!I86,'Bal Sheet'!J86) -> 3.5382928 | K123: =+'Inc Stmt'!K9/AVERAGE('Bal Sheet'!J86,'Bal Sheet'!K86) -> 4.8442881 | ... Q123: =+'Inc Stmt'!Q9/AVERAGE('Bal Sheet'!P86,'Bal Sheet'!Q86) -> 4.7941589
A124: x | B124: Fixed asset turnover, net | C124: 0 | D124: =+'Inc Stmt'!D9/AVERAGE('Bal Sheet'!C15,'Bal Sheet'!D15) -> 3.9976525 | E124: =+'Inc Stmt'!E9/AVERAGE('Bal Sheet'!D15,'Bal Sheet'!E15) -> 5.0887727 | F124: =+'Inc Stmt'!F9/AVERAGE('Bal Sheet'!E15,'Bal Sheet'!F15) -> 6.845357 | G124: =+'Inc Stmt'!G9/AVERAGE('Bal Sheet'!F15,'Bal Sheet'!G15) -> 7.9370025 | H124: =+'Inc Stmt'!H9/AVERAGE('Bal Sheet'!G15,'Bal Sheet'!H15) -> 6.9996507 | I124: =+'Inc Stmt'!I9/AVERAGE('Bal Sheet'!H15,'Bal Sheet'!I15) -> 6.1865262 | J124: =+'Inc Stmt'!J9/AVERAGE('Bal Sheet'!I15,'Bal Sheet'!J15) -> 7.735339 | K124: =+'Inc Stmt'!K9/AVERAGE('Bal Sheet'!J15,'Bal Sheet'!K15) -> 10.684974 | ... Q124: =+'Inc Stmt'!Q9/AVERAGE('Bal Sheet'!P15,'Bal Sheet'!Q15) -> 10.493683
A125: x | B125: Total asset turnover | C125: 0 | D125: =+'Inc Stmt'!D9/AVERAGE('Bal Sheet'!C21,'Bal Sheet'!D21) -> 0.76457588 | E125: =+'Inc Stmt'!E9/AVERAGE('Bal Sheet'!D21,'Bal Sheet'!E21) -> 0.78369603 | F125: =+'Inc Stmt'!F9/AVERAGE('Bal Sheet'!E21,'Bal Sheet'!F21) -> 0.86308378 | G125: =+'Inc Stmt'!G9/AVERAGE('Bal Sheet'!F21,'Bal Sheet'!G21) -> 0.90178932 | H125: =+'Inc Stmt'!H9/AVERAGE('Bal Sheet'!G21,'Bal Sheet'!H21) -> 1.1032175 | I125: =+'Inc Stmt'!I9/AVERAGE('Bal Sheet'!H21,'Bal Sheet'!I21) -> 1.6444897 | J125: =+'Inc Stmt'!J9/AVERAGE('Bal Sheet'!I21,'Bal Sheet'!J21) -> 1.6499659 | K125: =+'Inc Stmt'!K9/AVERAGE('Bal Sheet'!J21,'Bal Sheet'!K21) -> 1.8495072 | ... Q125: =+'Inc Stmt'!Q9/AVERAGE('Bal Sheet'!P21,'Bal Sheet'!Q21) -> 1.2639113
A126: x | B126: Sales/ROIC | C126: 0 | D126: =+'Inc Stmt'!D9/AVERAGE(C88,D88) -> 1.6958292 | E126: =+'Inc Stmt'!E9/AVERAGE(D88,E88) -> 2.1161822 | F126: =+'Inc Stmt'!F9/AVERAGE(E88,F88) -> 2.666288 | G126: =+'Inc Stmt'!G9/AVERAGE(F88,G88) -> 2.7784779 | H126: =+'Inc Stmt'!H9/AVERAGE(G88,H88) -> 2.8048682 | I126: =+'Inc Stmt'!I9/AVERAGE(H88,I88) -> 3.0361191 | J126: =+'Inc Stmt'!J9/AVERAGE(I88,J88) -> 3.5905362 | K126: =+'Inc Stmt'!K9/AVERAGE(J88,K88) -> 5.8716617 | ... Q126: =+'Inc Stmt'!Q9/AVERAGE(P88,Q88) -> 6.3123661
A128: Days | B128: Days of inventory on hand | C128: 0 | D128: =+AVERAGE('Bal Sheet'!C9,'Bal Sheet'!D9)*365/'Inc Stmt'!D10 -> 23.419389 | E128: =+AVERAGE('Bal Sheet'!D9,'Bal Sheet'!E9)*365/'Inc Stmt'!E10 -> 18.985192 | F128: =+AVERAGE('Bal Sheet'!E9,'Bal Sheet'!F9)*365/'Inc Stmt'!F10 -> 17.038143 | G128: =+AVERAGE('Bal Sheet'!F9,'Bal Sheet'!G9)*365/'Inc Stmt'!G10 -> 15.407886 | H128: =+AVERAGE('Bal Sheet'!G9,'Bal Sheet'!H9)*365/'Inc Stmt'!H10 -> 18.633264 | I128: =+AVERAGE('Bal Sheet'!H9,'Bal Sheet'!I9)*365/'Inc Stmt'!I10 -> 20.840899 | J128: =+AVERAGE('Bal Sheet'!I9,'Bal Sheet'!J9)*365/'Inc Stmt'!J10 -> 18.497074 | K128: =+AVERAGE('Bal Sheet'!J9,'Bal Sheet'!K9)*365/'Inc Stmt'!K10 -> 15.366967 | ... Q128: =+AVERAGE('Bal Sheet'!P9,'Bal Sheet'!Q9)*365/'Inc Stmt'!Q10 -> 17.473532
A129: Days | B129: Days of sales outstanding | C129: 0 | D129: =+AVERAGE('Bal Sheet'!C10,'Bal Sheet'!D10)*365/'Inc Stmt'!D9 -> 11.013182 | E129: =+AVERAGE('Bal Sheet'!D10,'Bal Sheet'!E10)*365/'Inc Stmt'!E9 -> 9.5197425 | F129: =+AVERAGE('Bal Sheet'!E10,'Bal Sheet'!F10)*365/'Inc Stmt'!F9 -> 11.266801 | G129: =+AVERAGE('Bal Sheet'!F10,'Bal Sheet'!G10)*365/'Inc Stmt'!G9 -> 15.81671 | H129: =+AVERAGE('Bal Sheet'!G10,'Bal Sheet'!H10)*365/'Inc Stmt'!H9 -> 15.841177 | I129: =+AVERAGE('Bal Sheet'!H10,'Bal Sheet'!I10)*365/'Inc Stmt'!I9 -> 11.051478 | J129: =+AVERAGE('Bal Sheet'!I10,'Bal Sheet'!J10)*365/'Inc Stmt'!J9 -> 8.5025117 | K129: =+AVERAGE('Bal Sheet'!J10,'Bal Sheet'!K10)*365/'Inc Stmt'!K9 -> 7.0737513 | ... Q129: =+AVERAGE('Bal Sheet'!P10,'Bal Sheet'!Q10)*365/'Inc Stmt'!Q9 -> 11.519394
A130: Days | B130: Number of days payable | C130: 0 | D130: =+AVERAGE('Bal Sheet'!C135,'Bal Sheet'!D135)*365/'Inc Stmt'!D10 -> 59.143012 | E130: =+AVERAGE('Bal Sheet'!D135,'Bal Sheet'!E135)*365/'Inc Stmt'!E10 -> 60.430815 | F130: =+AVERAGE('Bal Sheet'!E135,'Bal Sheet'!F135)*365/'Inc Stmt'!F10 -> 64.812558 | G130: =+AVERAGE('Bal Sheet'!F135,'Bal Sheet'!G135)*365/'Inc Stmt'!G10 -> 66.9156 | H130: =+AVERAGE('Bal Sheet'!G135,'Bal Sheet'!H135)*365/'Inc Stmt'!H10 -> 64.113999 | I130: =+AVERAGE('Bal Sheet'!H135,'Bal Sheet'!I135)*365/'Inc Stmt'!I10 -> 61.708989 | J130: =+AVERAGE('Bal Sheet'!I135,'Bal Sheet'!J135)*365/'Inc Stmt'!J10 -> 63.433948 | K130: =+AVERAGE('Bal Sheet'!J135,'Bal Sheet'!K135)*365/'Inc Stmt'!K10 -> 54.357694 | ... Q130: =+AVERAGE('Bal Sheet'!P135,'Bal Sheet'!Q135)*365/'Inc Stmt'!Q10 -> 47.566395
A131: Days | B131: Cash credit cycle | C131: 0 | D131: =+D128+D129-D130 -> -24.710441 | E131: =+E128+E129-E130 -> -31.925881 | F131: =+F128+F129-F130 -> -36.507614 | G131: =+G128+G129-G130 -> -35.691004 | H131: =+H128+H129-H130 -> -29.639558 | I131: =+I128+I129-I130 -> -29.816613 | J131: =+J128+J129-J130 -> -36.434363 | K131: =+K128+K129-K130 -> -31.916975 | ... Q131: =+Q128+Q129-Q130 -> -18.573469
A133: % | B133: Working capital/Sales | C133: =+('Bal Sheet'!C14-'Bal Sheet'!C81-'Bal Sheet'!C23)/'Inc Stmt'!C9 -> 0.38689655 | D133: =+('Bal Sheet'!D14-'Bal Sheet'!D81-'Bal Sheet'!D23)/'Inc Stmt'!D9 -> 0.26085794 | E133: =+('Bal Sheet'!E14-'Bal Sheet'!E81-'Bal Sheet'!E23)/'Inc Stmt'!E9 -> 0.28511044 | F133: =+('Bal Sheet'!F14-'Bal Sheet'!F81-'Bal Sheet'!F23)/'Inc Stmt'!F9 -> 0.19960573 | G133: =+('Bal Sheet'!G14-'Bal Sheet'!G81-'Bal Sheet'!G23)/'Inc Stmt'!G9 -> 0.23310976 | H133: =+('Bal Sheet'!H14-'Bal Sheet'!H81-'Bal Sheet'!H23)/'Inc Stmt'!H9 -> 0.060675727 | I133: =+('Bal Sheet'!I14-'Bal Sheet'!I81-'Bal Sheet'!I23)/'Inc Stmt'!I9 -> 0.10497447 | J133: =+('Bal Sheet'!J14-'Bal Sheet'!J81-'Bal Sheet'!J23)/'Inc Stmt'!J9 -> 0.073469247 | ... Q133: =+('Bal Sheet'!Q14-'Bal Sheet'!Q81-'Bal Sheet'!Q23)/'Inc Stmt'!Q9 -> 0.024109793
A134: % | B134: Short-term debt/Working capital | C134: =+'Bal Sheet'!C26/('Bal Sheet'!C14-'Bal Sheet'!C81-'Bal Sheet'!C23) -> 0.03228217 | D134: =+'Bal Sheet'!D26/('Bal Sheet'!D14-'Bal Sheet'!D81-'Bal Sheet'!D23) -> 0 | E134: =+'Bal Sheet'!E26/('Bal Sheet'!E14-'Bal Sheet'!E81-'Bal Sheet'!E23) -> 0 | F134: =+'Bal Sheet'!F26/('Bal Sheet'!F14-'Bal Sheet'!F81-'Bal Sheet'!F23) -> 1.2943811e-05 | G134: =+'Bal Sheet'!G26/('Bal Sheet'!G14-'Bal Sheet'!G81-'Bal Sheet'!G23) -> 0.010043914 | H134: =+'Bal Sheet'!H26/('Bal Sheet'!H14-'Bal Sheet'!H81-'Bal Sheet'!H23) -> 0.034801045 | I134: =+'Bal Sheet'!I26/('Bal Sheet'!I14-'Bal Sheet'!I81-'Bal Sheet'!I23) -> 0.2959917 | J134: =+'Bal Sheet'!J26/('Bal Sheet'!J14-'Bal Sheet'!J81-'Bal Sheet'!J23) -> 0.014863333 | ... Q134: =+'Bal Sheet'!Q26/('Bal Sheet'!Q14-'Bal Sheet'!Q81-'Bal Sheet'!Q23) -> 0
B137: Earnings Quality
A139: % | B139: Other income/PBT | C139: =+'Inc Stmt'!C28/'Inc Stmt'!C30 -> 0.20844688 | D139: =+'Inc Stmt'!D28/'Inc Stmt'!D30 -> 0.29422695 | E139: =+'Inc Stmt'!E28/'Inc Stmt'!E30 -> 0.35588477 | F139: =+'Inc Stmt'!F28/'Inc Stmt'!F30 -> 0.23114637 | G139: =+'Inc Stmt'!G28/'Inc Stmt'!G30 -> 0.27962222 | H139: =+'Inc Stmt'!H28/'Inc Stmt'!H30 -> 0.13436832 | I139: =+'Inc Stmt'!I28/'Inc Stmt'!I30 -> 0.13718208 | J139: =+'Inc Stmt'!J28/'Inc Stmt'!J30 -> 0.065118845 | ... Q139: =+'Inc Stmt'!Q28/'Inc Stmt'!Q30 -> 0.22902075
A140: % | B140: Other income/Reported PAT | C140: =+'Inc Stmt'!C28/'Inc Stmt'!C36 -> 0.30530925 | D140: =+'Inc Stmt'!D28/'Inc Stmt'!D36 -> 0.3826989 | E140: =+'Inc Stmt'!E28/'Inc Stmt'!E36 -> 0.50544628 | F140: =+'Inc Stmt'!F28/'Inc Stmt'!F36 -> 0.33167517 | G140: =+'Inc Stmt'!G28/'Inc Stmt'!G36 -> 0.39032409 | H140: =+'Inc Stmt'!H28/'Inc Stmt'!H36 -> 0.19618176 | I140: =+'Inc Stmt'!I28/'Inc Stmt'!I36 -> 0.22660941 | J140: =+'Inc Stmt'!J28/'Inc Stmt'!J36 -> 0.09216203 | ... Q140: =+'Inc Stmt'!Q28/'Inc Stmt'!Q36 -> 0.31925561
A141: % | B141: Operating cashflow/Sales | C141: =+Cashflow!C68/'Inc Stmt'!C9 -> 0.16165798 | D141: =+Cashflow!D68/'Inc Stmt'!D9 -> 0.19932173 | E141: =+Cashflow!E68/'Inc Stmt'!E9 -> 0.11554318 | F141: =+Cashflow!F68/'Inc Stmt'!F9 -> 0.17884733 | G141: =+Cashflow!G68/'Inc Stmt'!G9 -> 0.10161871 | H141: =+Cashflow!H68/'Inc Stmt'!H9 -> 0 | I141: =+Cashflow!I68/'Inc Stmt'!I9 -> 0.04340536 | J141: =+Cashflow!J68/'Inc Stmt'!J9 -> 0.23479132 | ... Q141: =+Cashflow!Q68/'Inc Stmt'!Q9 -> 0.22866583
A142: % | B142: Excess cash margin | C142: =+(Cashflow!C68-('Inc Stmt'!C40+Cashflow!C64+Cashflow!C65+Cashflow!C67))/'Inc Stmt'!C9 -> -0.0041976014 | D142: =+(Cashflow!D68-('Inc Stmt'!D40+Cashflow!D64+Cashflow!D65+Cashflow!D67))/'Inc Stmt'!D9 -> 0.034439558 | E142: =+(Cashflow!E68-('Inc Stmt'!E40+Cashflow!E64+Cashflow!E65+Cashflow!E67))/'Inc Stmt'!E9 -> -0.0060931842 | F142: =+(Cashflow!F68-('Inc Stmt'!F40+Cashflow!F64+Cashflow!F65+Cashflow!F67))/'Inc Stmt'!F9 -> 0.023273599 | G142: =+(Cashflow!G68-('Inc Stmt'!G40+Cashflow!G64+Cashflow!G65+Cashflow!G67))/'Inc Stmt'!G9 -> -0.019290469 | H142: =+(Cashflow!H68-('Inc Stmt'!H40+Cashflow!H64+Cashflow!H65+Cashflow!H67))/'Inc Stmt'!H9 -> -0.0049544602 | I142: =+(Cashflow!I68-('Inc Stmt'!I40+Cashflow!I64+Cashflow!I65+Cashflow!I67))/'Inc Stmt'!I9 -> -0.040345158 | J142: =+(Cashflow!J68-('Inc Stmt'!J40+Cashflow!J64+Cashflow!J65+Cashflow!J67))/'Inc Stmt'!J9 -> 0.066827212 | ... Q142: =+(Cashflow!Q68-('Inc Stmt'!Q40+Cashflow!Q64+Cashflow!Q65+Cashflow!Q67))/'Inc Stmt'!Q9 -> 0.038639151
A143: % | B143: Impairmnt/(fixed+intangible assets) | C143: =+('Bal Sheet'!C92+'Bal Sheet'!C102)/('Bal Sheet'!C90+'Bal Sheet'!C100) -> 0 | D143: =+('Bal Sheet'!D92+'Bal Sheet'!D102)/('Bal Sheet'!D90+'Bal Sheet'!D100) -> 0 | E143: =+('Bal Sheet'!E92+'Bal Sheet'!E102)/('Bal Sheet'!E90+'Bal Sheet'!E100) -> 0 | F143: =+('Bal Sheet'!F92+'Bal Sheet'!F102)/('Bal Sheet'!F90+'Bal Sheet'!F100) -> 0 | G143: =+('Bal Sheet'!G92+'Bal Sheet'!G102)/('Bal Sheet'!G90+'Bal Sheet'!G100) -> 0 | H143: =+('Bal Sheet'!H92+'Bal Sheet'!H102)/('Bal Sheet'!H90+'Bal Sheet'!H100) -> 0 | I143: =+('Bal Sheet'!I92+'Bal Sheet'!I102)/('Bal Sheet'!I90+'Bal Sheet'!I100) -> 0 | J143: =+('Bal Sheet'!J92+'Bal Sheet'!J102)/('Bal Sheet'!J90+'Bal Sheet'!J100) -> 0 | ... Q143: =+('Bal Sheet'!Q92+'Bal Sheet'!Q102)/('Bal Sheet'!Q90+'Bal Sheet'!Q100) -> 0
A144: % | B144: Deferred taxes/Reported PAT | C144: =-'Inc Stmt'!C168/'Inc Stmt'!C36 -> 0.033732797 | D144: =-'Inc Stmt'!D168/'Inc Stmt'!D36 -> 0.067154976 | E144: =-'Inc Stmt'!E168/'Inc Stmt'!E36 -> 0.024484746 | F144: =-'Inc Stmt'!F168/'Inc Stmt'!F36 -> 0.035801819 | G144: =-'Inc Stmt'!G168/'Inc Stmt'!G36 -> 0.010832687 | H144: =-'Inc Stmt'!H168/'Inc Stmt'!H36 -> 0.036928331 | I144: =-'Inc Stmt'!I168/'Inc Stmt'!I36 -> 0.036287249 | J144: =-'Inc Stmt'!J168/'Inc Stmt'!J36 -> 0.0030053474 | ... Q144: =-'Inc Stmt'!Q168/'Inc Stmt'!Q36 -> 0
B147: Du Pont Analysis
A149: % | B149: Tax burden (Net income/PBT) | C149: 0 | D149: =+('Inc Stmt'!D40-'Inc Stmt'!D60)/'Inc Stmt'!D30 -> 0.82936761 | E149: =+('Inc Stmt'!E40-'Inc Stmt'!E60)/'Inc Stmt'!E30 -> 0.75092221 | F149: =+('Inc Stmt'!F40-'Inc Stmt'!F60)/'Inc Stmt'!F30 -> 0.71122836 | G149: =+('Inc Stmt'!G40-'Inc Stmt'!G60)/'Inc Stmt'!G30 -> 0.74471791 | H149: =+('Inc Stmt'!H40-'Inc Stmt'!H60)/'Inc Stmt'!H30 -> 0.72573888 | I149: =+('Inc Stmt'!I40-'Inc Stmt'!I60)/'Inc Stmt'!I30 -> 0.76229451 | J149: =+('Inc Stmt'!J40-'Inc Stmt'!J60)/'Inc Stmt'!J30 -> 0.73708193 | K149: =+('Inc Stmt'!K40-'Inc Stmt'!K60)/'Inc Stmt'!K30 -> 0.65104752 | ... Q149: =+('Inc Stmt'!Q40-'Inc Stmt'!Q60)/'Inc Stmt'!Q30 -> 0.71735859
...

Sheet Quarterly
O1: =66.7-66.2 -> 0.5 | AE1: =+AE95 -> 979275 | AF1: =+AF95 -> 961330 | AG1: =+AG95 -> 993690 | AH1: =+AH95 -> 935782 | AI1: =+AI95 -> 988430 | AJ1: =+AJ95 -> 1055582 | AK1: =+AK95 -> 984520 | AL1: =+AL95 -> 782669 | ... AU1: =+AU95 -> 869735 | AW1: 787627
A2: Bajaj Auto | AR2: =+AR1/AQ1-1 -> 0.037409033 | AS2: =+AS1/AR1-1 -> -0.17471861 | AT2: =+AT1/AS1-1 -> -0.075169818 | AU2: =+AU1/AT1-1 -> 0.10424732 | AW2: -0.075169818
A3: Quarterly Financial Statements | AR3: =+AR1/AN1-1 -> -0.023330582 | AS3: =+AS1/AO1-1 -> -0.10494294 | AT3: =+AT1/AP1-1 -> -0.097245639 | AU3: =+AU1/AQ1-1 -> -0.12565985 | AW3: -0.097245639
O5: =O95/3 -> 182685.01 | P5: =P95/3 -> 228687.14 | Q5: =Q95/3 -> 269294.52
B6: FYE Mar, in Rs millions
C7: Q1FY07 | D7: Q2FY07 | E7: Q3FY07 | F7: Q4FY07 | G7: Q1FY08 | H7: Q2FY08 | I7: Q3FY08 | J7: Q4FY08 | K7: Q1FY09 | L7: Q2FY09 | M7: Q3FY09 | N7: Q4FY09 | O7: Q1FY10 | P7: Q2FY10 | Q7: Q3FY10 | R7: Q4FY10 | S7: Q1FY11 | T7: Q2FY11 | U7: Q3FY11 | V7: Q4FY11 | W7: Q1FY12 | X7: Q2FY12 | Y7: Q3FY12 | Z7: Q4FY12 | AA7: Q1FY13 | AB7: Q2FY13 | AC7: Q3FY13 | AD7: Q4FY13 | AE7: Q1FY14 | AF7: Q2FY14 | AG7: Q3FY14 | AH7: Q4FY14 | AI7: Q1FY15 | AJ7: Q2FY15 | AK7: Q3FY15 | AL7: Q4FY15 | AM7: Q1FY16 | AN7: Q2FY16 | AO7: Q3FY16 | AP7: Q4FY16 | AQ7: Q1FY17 | AR7: Q2FY17 | AS7: Q3FY17 | AT7: Q4FY17 | AU7: Q1FY18 | AW7: Q4FY17
AO10: =+AO12/AO11*100 -> 5.8178485
A11: + | B11: Gross revenues | C11: 25053.6 | D11: 27751.4 | E11: 29267 | F11: 26270.7 | G11: 22885.9 | H11: 25197.3 | I11: 26957.3 | J11: 21859 | K11: 23850.8 | L11: 26478.1 | M11: 21382.3 | N11: 18981.4 | O11: 23750.6 | P11: 29449.1 | Q11: 33228.1 | R11: 34753 | S11: 39421 | T11: 44284.6 | U11: 42617 | V11: 42777.9 | W11: 47418.8 | X11: 52950.2 | Y11: 50836.5 | Z11: 47635.7 | AA11: 49714.1 | AB11: 51005.7 | AC11: 56232.7 | AD11: 49226.2 | AE11: 50581.4 | AF11: 53342.5 | AG11: 52945.5 | AH11: 50401 | AI11: 53347.1 | AJ11: 60543.2 | AK11: 57335.7 | AL11: 48906.1 | AM11: 57728.1 | AN11: 62903.9 | AO11: 57825.5 | AP11: 56026.4 | AQ11: =59844.1 -> 59844.1 | AR11: 63271.2 | AS11: 52628 | AT11: 51205.4 | AU11: =(AU144)*(AU153)/10^6 -> 56549.08 | AW11: 48676.83
A12: - | B12: Excise duty | C12: 3027 | D12: 3391.7 | E12: 3584.7 | F12: 3135.2 | G12: 2524.9 | H12: 2756 | I12: 2971.3 | J12: 2014.4 | K12: 1715.6 | L12: 1970.8 | M12: 1334.8 | N12: 1106 | O12: 1160.7 | P12: 1516.9 | Q12: 1569.7 | R12: 1848.5 | S12: 2048.1 | T12: 2475.5 | U12: 2335.2 | V12: 2475.3 | W12: 2065 | X12: 2485.4 | Y12: 2437 | Z12: 2480.2 | AA12: 2577.7 | AB12: 2835 | AC12: 3160.7 | AD12: 2715.7 | AE12: 2494.1 | AF12: 2727.6 | AG12: 2697.9 | AH12: 2174.4 | AI12: 2013.4 | AJ12: 2274.7 | AK12: 2135.6 | AL12: 2669.1 | AM12: 2819.6 | AN12: 3276 | AO12: 3364.2 | AP12: 3506.8 | AQ12: 3408 | AR12: 3778 | AS12: 2872.4 | AT12: 3155.1 | AU12: =+AU11*0.058 -> 3279.8466 | AW12: 2823.2561
B13: Other op income | G13: 725.5 | H13: 1176.9 | I13: 1026.5 | J13: 899.9 | K13: 972.5 | L13: 977 | M13: 983.5 | N13: 958.7 | O13: 794.8 | P13: 942.9 | Q13: 1297.1 | R13: 1090 | S13: 1527.7 | T13: 1609.1 | U13: 1489 | V13: 1145.3 | W13: 1709.1 | X13: 2207.8 | Y13: 1459.4 | Z13: 1358.9 | AA13: 1520.2 | AB13: 1553.3 | AC13: 1055.1 | AD13: 954.3 | AE13: 1023.6 | AF13: 1134 | AG13: 1064.8 | AH13: 1096.3 | AI13: 1190.4 | AJ13: 1362.4 | AK13: 1371.6 | AL13: 1156.4 | AM13: 1084.3 | AN13: 1171.5 | AO13: 1017 | AP13: 1075.3 | AQ13: 1043.4 | AR13: 1052 | AS13: 913.3 | AT13: 922.9 | AU13: 900 | AW13: 900
A14: + | B14: Net revenues | C14: =+C11-C12+C13 -> 22026.6 | D14: =+D11-D12+D13 -> 24359.7 | E14: =+E11-E12+E13 -> 25682.3 | F14: =+F11-F12+F13 -> 23135.5 | G14: =+G11-G12+G13 -> 21086.5 | H14: =+H11-H12+H13 -> 23618.2 | I14: =+I11-I12+I13 -> 25012.5 | J14: =+J11-J12+J13 -> 20744.5 | ... AU14: =+AU11-AU12+AU13 -> 54169.233 | AW14: 46753.574 | AY14: =(AP14/AW14-1)*100 -> 14.632734
A15: % | B15: YoY growth | G15: =+(G14/C14-1) -> -0.042680214 | H15: =+(H14/D14-1) -> -0.03043962 | I15: =+(I14/E14-1) -> -0.026080219 | J15: =+(J14/F14-1) -> -0.10334767 | K15: =+(K14/G14-1) -> 0.095852797 | L15: =+(L14/H14-1) -> 0.079011102 | M15: =+(M14/I14-1) -> -0.15918041 | N15: =+(N14/J14-1) -> -0.09209188 | ... AU15: =+(AU14/AQ14-1) -> -0.05759039 | AW15: -0.12817262
A16: % | B16: QoQ growth | D16: =+(D14/C14-1) -> 0.10592193 | E16: =+(E14/D14-1) -> 0.054294593 | F16: =+(F14/E14-1) -> -0.099165573 | G16: =+(G14/F14-1) -> -0.088565192 | H16: =+(H14/G14-1) -> 0.1200626 | I16: =+(I14/H14-1) -> 0.059034981 | J16: =+(J14/I14-1) -> -0.17063468 | K16: =+(K14/J14-1) -> 0.11391935 | ... AU16: =+(AU14/AT14-1) -> 0.10609952 | AW16: -0.077272768
A18: - | B18: Cost of revenues | C18: =+C19 -> 15543.9 | D18: =+D19 -> 17691.8 | E18: =+E19 -> 18855.8 | F18: =+F19 -> 16918.6 | G18: =+G19 -> 15260.2 | H18: =+H19 -> 17066.7 | I18: =+I19 -> 18636.5 | J18: =+J19 -> 15240.3 | ... AU18: =+AU19 -> 36293.386 | AW18: 31324.894
B19: Adj. RMC | C19: =+C23+C24 -> 15543.9 | D19: =+D23+D24 -> 17691.8 | E19: =+E23+E24 -> 18855.8 | F19: =+F23+F24 -> 16918.6 | G19: =+G23+G24 -> 15260.2 | H19: =+H23+H24 -> 17066.7 | I19: =+I23+I24 -> 18636.5 | J19: =+J23+J24 -> 15240.3 | ... AU19: =+AU23+AU24 -> 36293.386 | AW19: 31324.894
A20: % | B20: YoY growth | G20: =+(G19/C19-1) -> -0.018251533 | H20: =+(H19/D19-1) -> -0.035332753 | I20: =+(I19/E19-1) -> -0.011630374 | J20: =+(J19/F19-1) -> -0.099198515 | K20: =+(K19/G19-1) -> 0.14377924 | L20: =+(L19/H19-1) -> 0.11417556 | M20: =+(M19/I19-1) -> -0.18642986 | N20: =+(N19/J19-1) -> -0.15018077 | ... AU20: =+(AU19/AQ19-1) -> -0.060431084 | AW20: -0.11342798
A21: % | B21: QoQ growth | D21: =+(D19/C19-1) -> 0.13818282 | E21: =+(E19/D19-1) -> 0.065793192 | F21: =+(F19/E19-1) -> -0.10273762 | G21: =+(G19/F19-1) -> -0.098022295 | H21: =+(H19/G19-1) -> 0.11837984 | I21: =+(I19/H19-1) -> 0.091980289 | J21: =+(J19/I19-1) -> -0.18223379 | K21: =+(K19/J19-1) -> 0.14527273 | ... AU21: =+(AU19/AT19-1) -> 0.093085389 | AV21: 0.332 | AW21: -0.074337126
A22: % | B22: Sales | C22: =ROUND(C19/C14,3) -> 0.706 | D22: =ROUND(D19/D14,3) -> 0.726 | E22: =ROUND(E19/E14,3) -> 0.734 | F22: =ROUND(F19/F14,3) -> 0.731 | G22: =ROUND(G19/G14,3) -> 0.724 | H22: =ROUND(H19/H14,3) -> 0.723 | I22: =ROUND(I19/I14,3) -> 0.745 | J22: =ROUND(J19/J14,3) -> 0.735 | ... AT22: =ROUND(AT19/AT14,3) -> 0.678 | AU22: 0.67 | AV22: 32.2 | AW22: 0.67 | AX22: 0.653
B23: Raw Material Consumed | C23: 15319.9 | D23: 17623.4 | E23: 18902.6 | F23: 17155.2 | G23: 15233.2 | H23: 17315.5 | I23: 18704.2 | J23: =(148718+7575)/10 -> 15629.3 | K23: =16191+916.8 -> 17107.8 | L23: =19072.8+940.9 -> 20013.7 | M23: =12981.1-51.9+1351.7 -> 14280.9 | N23: =(124013+5346)/10 -> 12935.9 | O23: =14172+821.4 -> 14993.4 | P23: =(184353+10540)/10 -> 19489.3 | Q23: =21002.2+1145.6 -> 22147.8 | R23: =23372.8+1177.1 -> 24549.9 | S23: =1251+25561.9 -> 26812.9 | T23: =29427.4+1604.5 -> 31031.9 | U23: =1601.8+27844.9 -> 29446.7 | V23: =30297.7+1226.8 -> 31524.5 | W23: =31748.3+1762.8 -> 33511.1 | X23: =(360365+19944)/10 -> 38030.9 | Y23: =2039.9+33562.4 -> 35602.3 | Z23: =33119.8+1714 -> 34833.8 | AA23: =32007.6+1917.3 -> 33924.9 | AB23: =34462.3+2126.4 -> 36588.7 | AC23: =35828.6+1328.8 -> 37157.4 | AD23: =2491.3+32938.9 -> 35430.2 | AE23: =2030.7+31414.3 -> 33445 | AF23: =2322.9+32540 -> 34862.9 | AG23: =2345.4+33354 -> 35699.4 | AH23: =2892+32056.4 -> 34948.4 | AI23: =2448.2+722.9+33631.1 -> 36802.2 | AJ23: =2903.3+38379 -> 41282.3 | AK23: =3177.4+35372.4 -> 38549.8 | AL23: =3016.8+30145.4 -> 33162.2 | AM23: =974.9+34045.8 -> 35020.7 | AN23: =37584+3191.8 -> 40775.8 | AO23: =33834.3+3452.6 -> 37286.9 | AP23: =31706+3412.8 -> 35118.8 | AQ23: =3382.7+35230.4 -> 38613.1 | AR23: =37504.7-339.8 -> 37164.9 | AS23: =29923.2+680.2 -> 30603.4 | AT23: =30195.3+3799.2 -> 33994.5 | AU23: =+AU14*AU22 -> 36293.386 | AW23: 31324.894
B24: Stock Adjustment | C24: 224 | D24: 68.4 | E24: -46.8 | F24: -236.6 | G24: 27 | H24: -248.8 | I24: -67.7 | J24: -389 | K24: 346.5 | L24: -998.4 | M24: 881.2 | N24: 15.6 | O24: 476.8 | P24: -365.3 | Q24: 418.8 | R24: -1006.3 | S24: 868.9 | T24: -320 | U24: 379.3 | V24: -1756.1 | W24: 1147.7 | X24: -415.3 | Y24: 33.8 | Z24: -1707.7 | AA24: 1155.5 | AB24: -902.4 | AC24: 2053.3 | AD24: -1341.9 | AE24: 621.6 | AF24: -177.2 | AG24: -36.7 | AH24: -596.7 | AI24: 0 | AJ24: -181.8 | AK24: 70 | AL24: -1186.7 | AM24: 2706.8 | AN24: -225 | AO24: -329.2 | AP24: 213.8 | AQ24: 14.6 | AR24: 3405.7 | AS24: 3237.1 | AT24: -791.8
B25: Gross profit | C25: =+C14-C18 -> 6482.7 | D25: =+D14-D18 -> 6667.9 | E25: =+E14-E18 -> 6826.5 | F25: =+F14-F18 -> 6216.9 | G25: =+G14-G18 -> 5826.3 | H25: =+H14-H18 -> 6551.5 | I25: =+I14-I18 -> 6376 | J25: =+J14-J18 -> 5504.2 | ... AU25: =+AU14-AU18 -> 17875.847 | AW25: 15428.679
A26: - | B26: Other operating expenses | C26: =+C27+C31 -> 2875.8 | D26: =+D27+D31 -> 3016 | E26: =+E27+E31 -> 3190.3 | F26: =+F27+F31 -> 2954 | G26: =+G27+G31 -> 3077.3 | H26: =+H27+H31 -> 2771 | I26: =+I27+I31 -> 2706.2 | J26: =+J27+J31 -> 2888.5 | ... AU26: =+AU27+AU31 -> 7475.3542 | AW26: 6451.9932
B27: Employee Expenses | C27: 855.8 | D27: 725.9 | E27: 757.1 | F27: 688.2 | G27: 986.7 | H27: 735.2 | I27: 845.9 | J27: 863 | K27: 1081.1 | L27: 754.6 | M27: 761.5 | N27: 946.4 | O27: 1129.1 | P27: 1073.8 | Q27: 929.8 | R27: 861.9 | S27: 1263.9 | T27: 1141.5 | U27: 1066 | V27: 1338.4 | W27: 1430.9 | X27: 1310.8 | Y27: 1320.4 | Z27: 1195.6 | AA27: 1604 | AB27: 1532.2 | AC27: 1592.3 | AD27: 1666.3 | AE27: 1836.5 | AF27: 1833.8 | AG27: 1847.9 | AH27: 1747.6 | AI27: 2145.7 | AJ27: 2102.4 | AK27: 2139.2 | AL27: 2585.7 | AM27: 2434.1 | AN27: 2414 | AO27: 2299.1 | AP27: 2024 | AQ27: 2683.1 | AR27: 2587.2 | AS27: 2427.2 | AT27: 2273.2 | AU27: =+AU14*AU28% -> 2870.9694 | AW27: 2477.9394
B28: % Sales | C28: =C27/C14*100 -> 3.8853023 | D28: =D27/D14*100 -> 2.9799218 | E28: =E27/E14*100 -> 2.9479447 | F28: =F27/F14*100 -> 2.9746493 | G28: =G27/G14*100 -> 4.6792972 | H28: =H27/H14*100 -> 3.1128536 | I28: =I27/I14*100 -> 3.381909 | J28: =J27/J14*100 -> 4.1601388 | ... AT28: =AT27/AT14*100 -> 4.6417224 | AU28: 5.3 | AW28: 5.3 | AX28: 3.7
A29: % | B29: YoY growth | G29: =+(G27/C27-1) -> 0.1529563 | H29: =+(H27/D27-1) -> 0.012811682 | I29: =+(I27/E27-1) -> 0.11728966 | J29: =+(J27/F27-1) -> 0.25399593 | K29: =+(K27/G27-1) -> 0.095672443 | L29: =+(L27/H27-1) -> 0.026387378 | M29: =+(M27/I27-1) -> -0.099775387 | N29: =+(N27/J27-1) -> 0.096639629 | ... AU29: =+(AU27/AQ27-1) -> 0.070019514 | AW29: 0.22427837
A30: % | B30: QoQ growth | D30: =+(D27/C27-1) -> -0.1517878 | E30: =+(E27/D27-1) -> 0.042981127 | F30: =+(F27/E27-1) -> -0.091005151 | G30: =+(G27/F27-1) -> 0.43374019 | H30: =+(H27/G27-1) -> -0.25489004 | I30: =+(I27/H27-1) -> 0.15057127 | J30: =+(J27/I27-1) -> 0.020215155 | K30: =+(K27/J27-1) -> 0.25272306 | ... AU30: =+(AU27/AT27-1) -> 0.26296382 | AW30: 0.020904505
B31: Other Expenses | C31: 2020 | D31: 2290.1 | E31: 2433.2 | F31: 2265.8 | G31: 2090.6 | H31: 2035.8 | I31: 1860.3 | J31: =(20884-629)/10 -> 2025.5 | K31: 1904.4 | L31: =2321.1-44.9 -> 2276.2 | M31: 2049 | N31: =((20944-166))/10-170 -> 1907.8 | O31: =2244.1-12.9 -> 2231.2 | P31: =(23460-338)/10 -> 2312.2 | Q31: =2275-51.2 -> 2223.8 | R31: =1876.8-58.8 -> 1818 | S31: =2194.6-9 -> 2185.6 | T31: =2617.8-24.7 -> 2593.1 | U31: =2427-41.4 -> 2385.6 | V31: =2398.5-91.5 -> 2307 | W31: =2588.8-14 -> 2574.8 | X31: =(32849-1124)/10 -> 3172.5 | Y31: =3225.6-164.5 -> 3061.1 | Z31: 2986.8 | AA31: =3361.8-106.6 -> 3255.2 | AB31: =3478.7-125.3 -> 3353.4 | AC31: =-153.4+3360 -> 3206.6 | AD31: =3587.5-243.2 -> 3344.3 | AE31: =4322.2-181.5-960 -> 3180.7 | AF31: =4049-139.2-393.6 -> 3516.2 | AG31: =2647.9-197.9+955.2 -> 3405.2 | AH31: =4040.1-130.4-369.7 -> 3540 | AI31: =4451.1-126.2-672.3 -> 3652.6 | AJ31: =5319.9-159.7-674.1 -> 4486.1 | AK31: =3678.3-133.9+789.9 -> 4334.3 | AL31: =4634.8-180.7+54.3 -> 4508.4 | AM31: =4467.9-39.1 -> 4428.8 | AN31: =4709.8-42.5 -> 4667.3 | AO31: =4541.8-36.6 -> 4505.2 | AP31: =4756.7-52 -> 4704.7 | AQ31: =4448.7-43.3 -> 4405.4 | AR31: =4482.3-56.2 -> 4426.1 | AS31: =4008.8-46.7 -> 3962.1 | AT31: =4514-76.5 -> 4437.5 | AU31: =+AU14*AU32% -> 4604.3848 | AW31: 3974.0538
B32: % Sales | C32: =C31/C14*100 -> 9.1707299 | D32: =D31/D14*100 -> 9.4011831 | E32: =E31/E14*100 -> 9.4742293 | F32: =F31/F14*100 -> 9.7936072 | G32: =G31/G14*100 -> 9.9144002 | H32: =H31/H14*100 -> 8.6196238 | I32: =I31/I14*100 -> 7.4374813 | J32: =J31/J14*100 -> 9.7640338 | ... AT32: =AT31/AT14*100 -> 9.0610783 | AU32: 8.5 | AW32: 8.5 | AX32: 9.7
A33: % | B33: YoY growth | G33: =+(G31/C31-1) -> 0.034950495 | H33: =+(H31/D31-1) -> -0.11104319 | I33: =+(I31/E31-1) -> -0.23545126 | J33: =+(J31/F31-1) -> -0.10605526 | K33: =+(K31/G31-1) -> -0.08906534 | L33: =+(L31/H31-1) -> 0.11808626 | M33: =+(M31/I31-1) -> 0.10143525 | N33: =+(N31/J31-1) -> -0.058109109 | ... AU33: =+(AU31/AQ31-1) -> 0.045168389 | AW33: -0.16104335
A34: % | B34: QoQ growth | G34: =+(G31/F31-1) -> -0.077323683 | H34: =+(H31/G31-1) -> -0.026212571 | I34: =+(I31/H31-1) -> -0.086206897 | J34: =+(J31/I31-1) -> 0.088802881 | K34: =+(K31/J31-1) -> -0.059787707 | L34: =+(L31/K31-1) -> 0.19523209 | M34: =+(M31/L31-1) -> -0.099815482 | N34: =+(N31/M31-1) -> -0.068911664 | ... AU34: =+(AU31/AT31-1) -> 0.037607847 | AW34: 0.0030170308
G35: 2823 | AY35: =(AP36/AV35-1)*100 -> #DIV/0!
B36: EBITDA | C36: =+C25-C26 -> 3606.9 | D36: =+D25-D26 -> 3651.9 | E36: =+E25-E26 -> 3636.2 | F36: =+F25-F26 -> 3262.9 | G36: =+G25-G26 -> 2749 | H36: =+H25-H26 -> 3780.5 | I36: =+I25-I26 -> 3669.8 | J36: =+J25-J26 -> 2615.7 | ... AU36: =+AU25-AU26 -> 10400.493 | AW36: 8976.6862
A37: % | B37: YoY growth | G37: =+(G36/C36-1) -> -0.23784968 | H37: =+(H36/D36-1) -> 0.035214546 | I37: =+(I36/E36-1) -> 0.0092404158 | J37: =+(J36/F36-1) -> -0.19835116 | K37: =+(K36/G36-1) -> -0.029501637 | L37: =+(L36/H36-1) -> -0.090543579 | M37: =+(M36/I36-1) -> -0.16660308 | N37: =+(N36/J36-1) -> 0.15777803 | ... AU37: =+(AU36/AQ36-1) -> -0.11585246 | AW37: -0.2216926
A38: % | B38: QoQ growth | D38: =+(D36/C36-1) -> 0.012476087 | E38: =+(E36/D36-1) -> -0.004299132 | F38: =+(F36/E36-1) -> -0.10266212 | G38: =+(G36/F36-1) -> -0.15749793 | H38: =+(H36/G36-1) -> 0.37522736 | I38: =+(I36/H36-1) -> -0.029281841 | J38: =+(J36/I36-1) -> -0.28723636 | K38: =+(K36/J36-1) -> 0.019956417 | ... AU38: =+(AU36/AT36-1) -> 0.1479826 | AW38: -0.14009003
B39: EBITDA margin | C39: =ROUND(C87,3) -> 0.164 | D39: =ROUND(D87,3) -> 0.15 | E39: =ROUND(E87,3) -> 0.142 | F39: =ROUND(F87,3) -> 0.141 | G39: =ROUND(G87,3) -> 0.13 | H39: =ROUND(H87,3) -> 0.16 | I39: =ROUND(I87,3) -> 0.147 | J39: =ROUND(J87,3) -> 0.126 | ... AU39: =ROUND(AU87,3) -> 0.192 | AW39: 0.192
AZ40: Actual | BA40: Estimate
A41: - | B41: Depreciation | C41: 481.2 | D41: 491.7 | E41: 472.1 | F41: 457.6 | G41: 490.2 | H41: 487.2 | I41: 418.3 | J41: 413.9 | K41: 335.3 | L41: 330.8 | M41: 318.9 | N41: 312.9 | O41: 330.8 | P41: 335.8 | Q41: 356.8 | R41: 341.1 | S41: 318.2 | T41: 299.5 | U41: 310.2 | V41: 300.5 | W41: 306.4 | X41: 394.2 | Y41: 321.4 | Z41: =434.2-140 -> 294.2 | AA41: 352.4 | AB41: 410.4 | AC41: 410.8 | AD41: 466.1 | AE41: 443.9 | AF41: 442.9 | AG41: 459.5 | AH41: 444.8 | AI41: 692 | AJ41: 686.2 | AK41: 657.7 | AL41: 638.1 | AM41: 784.1 | AN41: 780.1 | AO41: 746.4 | AP41: 761 | AQ41: 774.7 | AR41: 769.5 | AS41: 771.7 | AT41: 757 | AU41: 780 | AW41: 780 | AY41: Net Sales | BA41: =+AW14 -> 46753.574 | BB41: =+AZ41/BA41-1 -> -1
B42: % Sales | C42: =C41/C14*100 -> 2.1846313 | D42: =D41/D14*100 -> 2.0184978 | E42: =E41/E14*100 -> 1.838231 | F42: =F41/F14*100 -> 1.9779127 | G42: =G41/G14*100 -> 2.3247101 | H42: =H41/H14*100 -> 2.062816 | I42: =I41/I14*100 -> 1.6723638 | J42: =J41/J14*100 -> 1.9952277 | ... AU42: =AU41/AU14*100 -> 1.4399318 | AW42: 1.6683217 | AY42: PBIT | BA42: =+AW47 -> 8196.6862 | BB42: =+AZ42/BA42-1 -> -1
A43: % | B43: YoY growth | G43: =+(G41/C41-1) -> 0.018703242 | H43: =+(H41/D41-1) -> -0.0091519219 | I43: =+(I41/E41-1) -> -0.11395891 | J43: =+(J41/F41-1) -> -0.095498252 | K43: =+(K41/G41-1) -> -0.31599347 | L43: =+(L41/H41-1) -> -0.32101806 | M43: =+(M41/I41-1) -> -0.2376285 | N43: =+(N41/J41-1) -> -0.24402029 | ... AU43: =+(AU41/AQ41-1) -> 0.0068413579 | AW43: 0.024967148 | AY43: Depreciation | BA43: =+AW41 -> 780 | BB43: =+AZ43/BA43-1 -> -1
A44: % | B44: QoQ growth | D44: =+(D41/C41-1) -> 0.021820449 | E44: =+(E41/D41-1) -> -0.039861704 | F44: =+(F41/E41-1) -> -0.030713832 | G44: =+(G41/F41-1) -> 0.071241259 | H44: =+(H41/G41-1) -> -0.006119951 | I44: =+(I41/H41-1) -> -0.14142036 | J44: =+(J41/I41-1) -> -0.010518766 | K44: =+(K41/J41-1) -> -0.18990094 | ... AU44: =+(AU41/AT41-1) -> 0.030383091 | AW44: 0.010755475 | AY44: EBITDA | AZ44: =AZ42+AZ43 -> 0 | BA44: =BA42+BA43 -> 8976.6862
A45: - | B45: Amortisation | AY45: Margin % | AZ45: =AZ44/AZ41*100 -> #DIV/0! | BA45: =BA44/BA41*100 -> 19.2
AY46: PAT | BA46: =+AW67 -> 8011.2803
B47: EBIT | C47: =+C36-C41-C45 -> 3125.7 | D47: =+D36-D41-D45 -> 3160.2 | E47: =+E36-E41-E45 -> 3164.1 | F47: =+F36-F41-F45 -> 2805.3 | G47: =+G36-G41-G45 -> 2258.8 | H47: =+H36-H41-H45 -> 3293.3 | I47: =+I36-I41-I45 -> 3251.5 | J47: =+J36-J41-J45 -> 2201.8 | ... AU47: =+AU36-AU41-AU45 -> 9620.4928 | AW47: 8196.6862
A48: % | B48: YoY growth | G48: =+(G47/C47-1) -> -0.27734587 | H48: =+(H47/D47-1) -> 0.042117587 | I48: =+(I47/E47-1) -> 0.027622389 | J48: =+(J47/F47-1) -> -0.21512851 | K48: =+(K47/G47-1) -> 0.032672215 | L48: =+(L47/H47-1) -> -0.05644794 | M48: =+(M47/I47-1) -> -0.15746579 | N48: =+(N47/J47-1) -> 0.23330911 | ... AU48: =+(AU47/AQ47-1) -> -0.12450241 | AW48: -0.23911719
A49: % | B49: QoQ growth | D49: =+(D47/C47-1) -> 0.011037528 | E49: =+(E47/D47-1) -> 0.0012340991 | F49: =+(F47/E47-1) -> -0.11339717 | G49: =+(G47/F47-1) -> -0.19480982 | H49: =+(H47/G47-1) -> 0.45798654 | I49: =+(I47/H47-1) -> -0.012692436 | J49: =+(J47/I47-1) -> -0.32283561 | K49: =+(K47/J47-1) -> 0.059405941 | ... AU49: =+(AU47/AT47-1) -> 0.15870463 | AW49: -0.15213127
A50: - | B50: Interest expenses, gross | C50: 7.3 | D50: 20 | E50: 2.2 | F50: 23.9 | G50: 0.6 | H50: 13.6 | I50: 19.3 | J50: 18.1 | K50: 9.2 | L50: 58.7 | M50: 90.2 | N50: 52 | O50: 59.7 | P50: 0 | Q50: 0.02 | R50: -0.1 | S50: 6.3 | T50: 6.5 | U50: 3.6 | V50: 0.5 | W50: 2.3 | X50: 202.2 | Y50: 0.2 | Z50: 17.7 | AA50: 0.4 | AB50: 2.2 | AC50: 1 | AD50: 1.8 | AE50: 0.9 | AF50: 0.4 | AG50: 1.9 | AH50: 1.7 | AI50: 1.1 | AJ50: 0.5 | AK50: 0.7 | AL50: 61.6 | AM50: 1.1 | AN50: 3.4 | AO50: 2.1 | AP50: 3.9 | AQ50: 2.2 | AR50: 6.8 | AS50: 2.6 | AT50: 2.4 | AU50: 2 | AW50: 2
A51: + | B51: Other income | C51: 945.6 | D51: 1424.3 | E51: 1609.5 | F51: 1577 | G51: 1026.9 | H51: 1472.3 | I51: 429.5 | J51: 204.4 | K51: 287.8 | L51: 221 | M51: =378.8 -> 378.8 | N51: =(3314-1023)/10 -> 229.1 | O51: 231.4 | P51: 217.3 | Q51: 351.3 | R51: 425 | S51: 816.7 | T51: 837.1 | U51: 994.6 | V51: 1561.5 | W51: 1440.9 | X51: 744.8 | Y51: 1680.8 | Z51: 1394.9 | AA51: 1819.7 | AB51: 1667.2 | AC51: 2031.9 | AD51: 2436.1 | AE51: 1756 | AF51: 1241.6 | AG51: 2218.4 | AH51: 1848.1 | AI51: 2192.7 | AJ51: 1136.1 | AK51: 952.7 | AL51: 1542.7 | AM51: 3062.6 | AN51: 2679.8 | AO51: 2424.6 | AP51: 2568.9 | AQ51: 2670.6 | AR51: 3420.2 | AS51: 3192.9 | AT51: 2936 | AU51: 3250 | AW51: 3250
B52: % of Sales | C52: =C51/C14*100 -> 4.2929912 | D52: =D51/D14*100 -> 5.8469521 | E52: =E51/E14*100 -> 6.2669621 | F52: =F51/F14*100 -> 6.8163645 | G52: =G51/G14*100 -> 4.8699405 | H52: =H51/H14*100 -> 6.2337519 | I52: =I51/I14*100 -> 1.7171414 | J52: =J51/J14*100 -> 0.98532141 | ... AU52: =AU51/AU14*100 -> 5.9997157 | AW52: 6.9513403
A53: + | B53: Exceptional items | I53: -511.8 | J53: -511.8 | L53: -611 | M53: -611 | N53: =((-(6110+2180))/10)-170 -> -999 | O53: =-458.2+218 -> -240.2 | P53: -458.3 | Q53: =-458.2 -> -458.2 | R53: -458.3 | V53: =8268.2-1022.7 -> 7245.5 | X53: -954.1 | Y53: -588.6 | Z53: =202.7-140 -> 62.7 | AE53: -960 | AF53: -393.6 | AG53: 955.2 | AH53: =13.7-369.7 -> -356 | AI53: -672.3 | AJ53: =-3402.9-674.1 -> -4077 | AK53: 789.9 | AL53: 54.3
B55: PBT | C55: =+C47-C50+C51+C53 -> 4064 | D55: =+D47-D50+D51+D53 -> 4564.5 | E55: =+E47-E50+E51+E53 -> 4771.4 | F55: =+F47-F50+F51+F53 -> 4358.4 | G55: =+G47-G50+G51+G53 -> 3285.1 | H55: =+H47-H50+H51+H53 -> 4752 | I55: =+I47-I50+I51+I53 -> 3149.9 | J55: =+J47-J50+J51+J53 -> 1876.3 | ... AU55: =+AU47-AU50+AU51+AU53 -> 12868.493 | AW55: 11444.686
A56: + | B56: Extraordinary items | C56: -103.9 | D56: -126 | E56: -123.2 | F56: -124.4 | G56: 0 | H56: -77.4 | I56: 0 | J56: 1.2 | K56: 0 | M56: -19.4 | N56: -0.4
A57: - | B57: Income taxes | C57: 1300 | D57: 1250 | E57: 1200 | F57: 1150.9 | G57: 1025 | H57: 1315 | I57: 1013.1 | J57: 669.6 | K57: 860 | L57: 810 | M57: 755 | N57: 591.1 | O57: 1220 | P57: 1760 | Q57: 2020 | R57: 2075 | S57: 2360 | T57: 2682 | U57: 2502.9 | V57: 2535.3 | W57: 2420 | X57: 2510 | Y57: 2660 | Z57: 2631.2 | AA57: 3000 | AB57: 3000 | AC57: 3550.2 | AD57: 2676.4 | AE57: 3001.5 | AF57: 3746.3 | AG57: 4063.3 | AH57: 3089.9 | AI57: 3351.1 | AJ57: 2405.3 | AK57: 3950.2 | AL57: 3003.9 | AM57: 4106.2 | AN57: 4539.7 | AO57: 3686.3 | AP57: =3151.7+692.6 -> 3844.3 | AQ57: 3873.3 | AR57: 4377.7 | AS57: 3611.5 | AT57: =3139.7+78.5 -> 3218.2 | AU57: =+AU55*AU58% -> 3860.5478 | AW57: 3433.4059
B58: % of PBT | C58: =C57/C55*100 -> 31.988189 | D58: =D57/D55*100 -> 27.385256 | E58: =E57/E55*100 -> 25.149851 | F58: =F57/F55*100 -> 26.406479 | G58: =G57/G55*100 -> 31.201485 | H58: =H57/H55*100 -> 27.672559 | I58: =I57/I55*100 -> 32.162926 | J58: =J57/J55*100 -> 35.687257 | ... AT58: =AT57/AT55*100 -> 28.640846 | AU58: 30 | AW58: 30
A59: - | B59: Minority interests
A60: + | B60: Income from JV/associates
B62: Reported net profit | C62: =+C55+C56-C57-C59+C60 -> 2660.1 | D62: =+D55+D56-D57-D59+D60 -> 3188.5 | E62: =+E55+E56-E57-E59+E60 -> 3448.2 | F62: =+F55+F56-F57-F59+F60 -> 3083.1 | G62: =+G55+G56-G57-G59+G60 -> 2260.1 | H62: =+H55+H56-H57-H59+H60 -> 3359.6 | I62: =+I55+I56-I57-I59+I60 -> 2136.8 | J62: =+J55+J56-J57-J59+J60 -> 1207.9 | ... AU62: =+AU55+AU56-AU57-AU59+AU60 -> 9007.9449 | AW62: 8011.2803
A63: % | B63: YoY growth | G63: =+(G62/C62-1) -> -0.15037029 | H63: =+(H62/D62-1) -> 0.053661596 | I63: =+(I62/E62-1) -> -0.38031437 | J63: =+(J62/F62-1) -> -0.608219 | K63: =+(K62/G62-1) -> -0.22516703 | L63: =+(L62/H62-1) -> -0.44972616 | M63: =+(M62/I62-1) -> -0.23123362 | N63: =+(N62/J62-1) -> 0.077986588 | ... AU63: =+(AU62/AQ62-1) -> -0.079290561 | AW63: -0.15611217
A64: % | B64: QoQ growth | D64: =+(D62/C62-1) -> 0.19863915 | E64: =+(E62/D62-1) -> 0.081448957 | F64: =+(F62/E62-1) -> -0.10588133 | G64: =+(G62/F62-1) -> -0.26693912 | H64: =+(H62/G62-1) -> 0.4864829 | I64: =+(I62/H62-1) -> -0.3639719 | J64: =+(J62/I62-1) -> -0.43471546 | K64: =+(K62/J62-1) -> 0.44978889 | ... AU64: =+(AU62/AT62-1) -> 0.1234373 | AW64: -0.1335597
A66: + | B66: Adjustments | I66: =(-I53*0.67)-2.9 -> 340.006 | J66: =-J56*0.67 -> -0.804 | L66: =-L53*0.67 -> 409.37 | M66: =-M53*0.67 -> 409.37 | N66: =-N53*0.67 -> 669.33 | O66: =458.2*0.67-218 -> 88.994 | P66: =-P53*0.67 -> 307.061 | Q66: =-Q53*0.67 -> 306.994 | R66: =-26.2-9-R53*0.67 -> 271.861 | V66: =-V53 -> -7245.5 | W66: =-W53 -> 0 | X66: =-X53*0.7 -> 667.87 | Y66: =-Y53*0.7 -> 412.02 | Z66: =-Z53 -> -62.7 | AA66: =-AA53 -> 0 | AB66: =-AB53 -> 0 | AC66: =-AC53 -> 0 | AD66: =-AD53 -> 0 | AE66: =-AE53*0.7 -> 672 | AF66: =-AF53*0.7 -> 275.52 | AG66: =-AG53*0.7 -> -668.64 | AH66: =-AH53*0.7 -> 249.2 | AI66: =-AI53*0.7 -> 470.61 | AJ66: =-AJ53*0.7 -> 2853.9 | AK66: =-AK53*0.7 -> -552.93 | AL66: =-AL53*0.7 -> -38.01 | ... AU66: =-AU53*0.7 -> 0 | AV66: 10240 | AW66: 0
B67: Adjusted net profit | C67: =+C62+C66 -> 2660.1 | D67: =+D62+D66 -> 3188.5 | E67: =+E62+E66 -> 3448.2 | F67: =+F62+F66 -> 3083.1 | G67: =+G62+G66 -> 2260.1 | H67: =+H62+H66 -> 3359.6 | I67: =+I62+I66 -> 2476.806 | J67: =+J62+J66 -> 1207.096 | ... AU67: =+AU62+AU66 -> 9007.9449 | AV67: =+AR67/AW67-1 -> 0.40146138 | AW67: 8011.2803
A68: % | B68: YoY growth | G68: =+(G67/C67-1) -> -0.15037029 | H68: =+(H67/D67-1) -> 0.053661596 | I68: =+(I67/E67-1) -> -0.28171046 | J68: =+(J67/F67-1) -> -0.60847978 | K68: =+(K67/G67-1) -> -0.22516703 | L68: =+(L67/H67-1) -> -0.32787534 | M68: =+(M67/I67-1) -> -0.17148537 | N68: =+(N67/J67-1) -> 0.63320067 | ... AU68: =+(AU67/AQ67-1) -> -0.079290561 | AV68: =+AR67/AV66-1 -> 0.096435547 | AW68: -0.15611217
A69: % | B69: QoQ growth | D69: =+(D67/C67-1) -> 0.19863915 | E69: =+(E67/D67-1) -> 0.081448957 | F69: =+(F67/E67-1) -> -0.10588133 | G69: =+(G67/F67-1) -> -0.26693912 | H69: =+(H67/G67-1) -> 0.4864829 | I69: =+(I67/H67-1) -> -0.26276759 | J69: =+(J67/I67-1) -> -0.51264007 | K69: =+(K67/J67-1) -> 0.45075454 | ... AU69: =+(AU67/AT67-1) -> 0.1234373 | AW69: -0.1335597
B71: Earnings per share (Rs) (Reported)
B72: Basic | C72: =+C$62/C$80 -> 26.290769 | D72: =+D$62/D$80 -> 31.513145 | E72: =+E$62/E$80 -> 34.079858 | F72: =+F$62/F$80 -> 30.471437 | G72: =+G$62/G$80 -> 22.337418 | H72: =+H$62/H$80 -> 33.204191 | I72: =+I$62/I$80 -> 15.506531 | J72: =+J$62/J$80 -> 4.1743848 | ... AU72: =+AU$62/AU$80 -> 31.130581 | AW72: 27.686205
B73: Diluted | C73: =+C$62/C$80 -> 26.290769 | D73: =+D$62/D$80 -> 31.513145 | E73: =+E$62/E$80 -> 34.079858 | F73: =+F$62/F$80 -> 30.471437 | G73: =+G$62/G$80 -> 22.337418 | H73: =+H$62/H$80 -> 33.204191 | I73: =+I$62/I$80 -> 15.506531 | J73: =+J$62/J$80 -> 4.1743848 | ... AU73: =+AU$62/AU$80 -> 31.130581 | AW73: 27.686205
B75: Earnings per share (Rs) (Adjusted)
B76: Basic | C76: =+C$67/C$80 -> 26.290769 | D76: =+D$67/D$80 -> 31.513145 | E76: =+E$67/E$80 -> 34.079858 | F76: =+F$67/F$80 -> 30.471437 | G76: =+G$67/G$80 -> 22.337418 | H76: =+H$67/H$80 -> 33.204191 | I76: =+I$67/I$80 -> 17.973919 | J76: =+J$67/J$80 -> 4.1716063 | ... AU76: =+AU$67/AU$80 -> 31.130581 | AW76: 27.686205
B77: Diluted | C77: =+C$67/C$80 -> 26.290769 | D77: =+D$67/D$80 -> 31.513145 | E77: =+E$67/E$80 -> 34.079858 | F77: =+F$67/F$80 -> 30.471437 | G77: =+G$67/G$80 -> 22.337418 | H77: =+H$67/H$80 -> 33.204191 | I77: =+I$67/I$80 -> 17.973919 | J77: =+J$67/J$80 -> 4.1716063 | ... AU77: =+AU$67/AU$80 -> 31.130581 | AW77: 27.686205
J78: 2 | S78: 2 | T78: 2 | U78: 2 | V78: 2 | W78: 2 | X78: 2 | Y78: 2 | Z78: 2 | AA78: 2 | AB78: 2 | AC78: 2 | AD78: 2 | AE78: 2 | AF78: 2 | AG78: 2 | AH78: 2 | AI78: 2 | AJ78: 2 | AK78: 2 | AL78: 2 | AM78: 2 | AN78: 2 | AO78: 2 | AP78: 2 | AQ78: 2 | AR78: 2 | AS78: 2 | AT78: 2 | AU78: 2 | AW78: 2
B79: Paid up equity capital (Rs mn) | C79: 1011.8 | D79: 1011.8 | E79: 1011.8 | F79: 1011.8 | G79: 1011.8 | H79: 1011.8 | I79: =I80*I81 -> 1378 | J79: 2893.6 | K79: 2893.6 | L79: 2893.6 | M79: 2893.6 | N79: 2893.6 | O79: 2893.6 | P79: 2893.6 | Q79: 2893.6 | R79: 2893.6 | S79: 2893.6 | T79: 2893.6 | U79: 2893.6 | V79: 2893.6 | W79: 2893.6 | X79: 2893.6 | Y79: 2893.6 | Z79: 2893.6 | AA79: 2893.6 | AB79: 2893.6 | AC79: 2893.6 | AD79: 2893.6 | AE79: 2893.6 | AF79: 2893.6 | AG79: 2893.6 | AH79: 2893.6 | AI79: 2893.6 | AJ79: 2893.6 | AK79: 2893.6 | AL79: 2893.6 | AM79: 2893.6 | AN79: 2893.6 | AO79: 2893.6 | AP79: 2893.6 | AQ79: 2893.6 | AR79: 2893.6 | AS79: 2893.6 | AT79: 2893.6 | AU79: 2893.6 | AW79: 2893.6
B80: No. of shares (mn) | C80: =+C79/C81 -> 101.18 | D80: =+D79/D81 -> 101.18 | E80: =+E79/E81 -> 101.18 | F80: =+F79/F81 -> 101.18 | G80: =+G79/G81 -> 101.18 | H80: =+H79/H81 -> 101.18 | I80: 137.8 | J80: =(+J79/J81) -> 289.36 | K80: =(+K79/K81) -> 289.36 | L80: =(+L79/L81) -> 289.36 | M80: =(+M79/M81) -> 289.36 | N80: =(+N79/N81) -> 289.36 | O80: =(+O79/O81) -> 289.36 | P80: =(+P79/P81) -> 289.36 | Q80: =(+Q79/Q81) -> 289.36 | ... AU80: =(+AU79/AU81) -> 289.36 | AW80: 289.36
B81: FV | C81: 10 | D81: 10 | E81: 10 | F81: 10 | G81: 10 | H81: 10 | I81: 10 | J81: 10 | K81: 10 | L81: 10 | M81: 10 | N81: 10 | O81: 10 | P81: 10 | Q81: 10 | R81: 10 | S81: 10 | T81: 10 | U81: 10 | V81: 10 | W81: 10 | X81: 10 | Y81: 10 | Z81: 10 | AA81: 10 | AB81: 10 | AC81: 10 | AD81: 10 | AE81: 10 | AF81: 10 | AG81: 10 | AH81: 10 | AI81: =AH81 -> 10 | AJ81: =AI81 -> 10 | AK81: =AJ81 -> 10 | AL81: 10 | AM81: 10 | AN81: 10 | AO81: 10 | AP81: 10 | AQ81: 10 | AR81: 10 | AS81: 10 | AT81: 10 | AU81: 10 | AW81: 10
B84: Profit Margin Trend
A86: % | B86: Gross profit | C86: =+C25/C14 -> 0.29431233 | D86: =+D25/D14 -> 0.27372669 | E86: =+E25/E14 -> 0.26580563 | F86: =+F25/F14 -> 0.26871691 | G86: =+G25/G14 -> 0.27630474 | H86: =+H25/H14 -> 0.27739201 | I86: =+I25/I14 -> 0.25491254 | J86: =+J25/J14 -> 0.26533298 | ... AU86: =+AU25/AU14 -> 0.33 | AW86: 0.33
A87: % | B87: EBITDA | C87: =+C36/C14 -> 0.16375201 | D87: =+D36/D14 -> 0.14991564 | E87: =+E36/E14 -> 0.14158389 | F87: =+F36/F14 -> 0.14103434 | G87: =+G36/G14 -> 0.13036777 | H87: =+H36/H14 -> 0.16006724 | I87: =+I36/I14 -> 0.14671864 | J87: =+J36/J14 -> 0.12609125 | ... AU87: =+AU36/AU14 -> 0.192 | AW87: 0.192
A88: % | B88: EBIT | C88: =+C47/C14 -> 0.1419057 | D88: =+D47/D14 -> 0.12973066 | E88: =+E47/E14 -> 0.12320158 | F88: =+F47/F14 -> 0.12125521 | G88: =+G47/G14 -> 0.10712067 | H88: =+H47/H14 -> 0.13943908 | I88: =+I47/I14 -> 0.129995 | J88: =+J47/J14 -> 0.10613898 | ... AU88: =+AU47/AU14 -> 0.17760068 | AW88: 0.17531678
A89: % | B89: PBT | C89: =+C55/C14 -> 0.18450419 | D89: =+D55/D14 -> 0.18737915 | E89: =+E55/E14 -> 0.18578554 | F89: =+F55/F14 -> 0.18838581 | G89: =+G55/G14 -> 0.15579162 | H89: =+H55/H14 -> 0.20120077 | I89: =+I55/I14 -> 0.12593303 | J89: =+J55/J14 -> 0.090448071 | ... AU89: =+AU55/AU14 -> 0.23756092 | AW89: 0.24478741
A90: % | B90: Reported net profit | C90: =+C62/C14 -> 0.12076762 | D90: =+D62/D14 -> 0.13089242 | E90: =+E62/E14 -> 0.13426368 | F90: =+F62/F14 -> 0.13326273 | G90: =+G62/G14 -> 0.10718232 | H90: =+H62/H14 -> 0.14224623 | I90: =+I62/I14 -> 0.085429285 | J90: =+J62/J14 -> 0.058227482 | ... AU90: =+AU62/AU14 -> 0.16629264 | AW90: 0.17135119
A91: % | B91: Adjusted net profit | C91: =+C67/C14 -> 0.12076762 | D91: =+D67/D14 -> 0.13089242 | E91: =+E67/E14 -> 0.13426368 | F91: =+F67/F14 -> 0.13326273 | G91: =+G67/G14 -> 0.10718232 | H91: =+H67/H14 -> 0.14224623 | I91: =+I67/I14 -> 0.099022729 | J91: =+J67/J14 -> 0.058188725 | ... AU91: =+AU67/AU14 -> 0.16629264 | AW91: 0.17135119
B93: Per unit Realizations
AE94: =AE95/3 -> 326425 | AF94: =AF95/3 -> 320443.33 | AG94: =AG95/3 -> 331230 | AH94: =AH95/3 -> 311927.33 | AI94: =AI95/3 -> 329476.67 | AJ94: =AJ95/3 -> 351860.67 | AK94: =AK95/3 -> 328173.33 | AL94: =AL95/3 -> 260889.67 | ... AU94: =AU95/3 -> 289911.67 | AW94: 262542.33
B95: Volumes (units) | C95: =C192 -> 647094 | D95: =D192 -> 708125 | E95: =E192 -> 738219 | F95: =F192 -> 625357 | G95: =G192 -> 571112.61 | H95: =H192 -> 614092.61 | I95: =I192 -> 713442.91 | J95: =J192 -> 552100.71 | ... T95: =T192 -> 1001296.9 | U95: 946850 | V95: =313583+326874+307738 -> 948195 | W95: =367309+358849+366657 -> 1092815 | X95: =363712+382739+417686 -> 1164137 | Y95: =395274+374477+305690 -> 1075441 | Z95: 1017224 | AA95: =982623+96348 -> 1078971 | AB95: 1049208 | AC95: =+AC192 -> 1127761 | AD95: =+AD192 -> 981231 | AE95: =+AE192 -> 979275 | AF95: =+AF192 -> 961330 | AG95: =+AG192 -> 993690 | AH95: =+AH192 -> 935782 | AI95: =+AI192 -> 988430 | AJ95: =+AJ192 -> 1055582 | ... AU95: =+AU192 -> 869735 | AW95: 787627 | AY95: =+AS95+AQ95+AR95 -> 2878323
A96: % | B96: YoY growth | G96: =+(G95/C95-1) -> -0.11741941 | H96: =+(H95/D95-1) -> -0.13279066 | I96: =+(I95/E95-1) -> -0.033561976 | J96: =+(J95/F95-1) -> -0.11714316 | K96: =+(K95/G95-1) -> 0.085767304 | L96: =+(L95/H95-1) -> 0.042253485 | M96: =+(M95/I95-1) -> -0.30793487 | N96: =+(N95/J95-1) -> -0.20264122 | ... AU96: =+(AU95/AQ95-1) -> -0.12565985 | AW96: -0.097245639
A97: % | B97: QoQ growth | G97: =+(G95/F95-1) -> -0.086741482 | H97: =+(H95/G95-1) -> 0.075256625 | I97: =+(I95/H95-1) -> 0.1617839 | J97: =+(J95/I95-1) -> -0.22614592 | K97: =+(K95/J95-1) -> 0.12315632 | L97: =+(L95/K95-1) -> 0.032164037 | M97: =+(M95/L95-1) -> -0.22856567 | N97: =+(N95/M95-1) -> -0.10840856 | ... AU97: =+(AU95/AT95-1) -> 0.10424732 | AW97: -0.075169818
B98: Net Realisation (Rs/vehicle) | C98: =C14*10^6/C95 -> 34039.259 | D98: =D14*10^6/D95 -> 34400.282 | E98: =E14*10^6/E95 -> 34789.541 | F98: =F14*10^6/F95 -> 36995.668 | G98: =G14*10^6/G95 -> 36921.79 | H98: =H14*10^6/H95 -> 38460.323 | I98: =I14*10^6/I95 -> 35058.867 | J98: =J14*10^6/J95 -> 37573.761 | ... AU98: =AU14*10^6/AU95 -> 62282.458 | AV98: =+AR98/AW98-1 -> -0.011608622 | AW98: 59360.045
A99: % | B99: YoY growth | G99: =+(G98/C98-1) -> 0.084682569 | H99: =+(H98/D98-1) -> 0.11802345 | I99: =+(I98/E98-1) -> 0.00774158 | J99: =+(J98/F98-1) -> 0.015625962 | K99: =+(K98/G98-1) -> 0.0092888159 | L99: =+(L98/H98-1) -> 0.035267444 | M99: =+(M98/I98-1) -> 0.21494287 | N99: =+(N98/J98-1) -> 0.13864441 | ... AU99: =+(AU98/AQ98-1) -> 0.077852379 | AW99: -0.034258472
A100: % | B100: QoQ growth | G100: =+(G98/F98-1) -> -0.0019969265 | H100: =+(H98/G98-1) -> 0.041670029 | I100: =+(I98/H98-1) -> -0.088440645 | J100: =+(J98/I98-1) -> 0.07173347 | K100: =+(K98/J98-1) -> -0.0082241117 | L100: =+(L98/K98-1) -> 0.068482135 | M100: =+(M98/L98-1) -> 0.069764672 | N100: =+(N98/M98-1) -> 0.0044285705 | ... AU100: =+(AU98/AT98-1) -> 0.0016773492 | AW100: -0.0022738763
B101: RMC/vehicle (Rs/vehicle) | C101: =C19*10^6/C95 -> 24021.085 | D101: =D19*10^6/D95 -> 24984.007 | E101: =E19*10^6/E95 -> 25542.285 | F101: =F19*10^6/F95 -> 27054.307 | G101: =G19*10^6/G95 -> 26720.125 | H101: =H19*10^6/H95 -> 27791.736 | I101: =I19*10^6/I95 -> 26121.922 | J101: =J19*10^6/J95 -> 27604.203 | ... AU101: =AU19*10^6/AU95 -> 41729.247 | AW101: 39771.23
A102: % | B102: YoY growth | G102: =+(G101/C101-1) -> 0.11236127 | H102: =+(H101/D101-1) -> 0.11238106 | I102: =+(I101/E101-1) -> 0.022693232 | J102: =+(J101/F101-1) -> 0.020325652 | K102: =+(K101/G101-1) -> 0.053429439 | L102: =+(L101/H101-1) -> 0.069006316 | M102: =+(M101/I101-1) -> 0.17556876 | N102: =+(N101/J101-1) -> 0.065792778 | ... AU102: =+(AU101/AQ101-1) -> 0.074603422 | AW102: -0.017925522
A103: % | B103: QoQ growth | G103: =+(G101/F101-1) -> -0.012352267 | H103: =+(H101/G101-1) -> 0.040105043 | I103: =+(I101/H101-1) -> -0.060083127 | J103: =+(J101/I101-1) -> 0.05674472 | K103: =+(K101/J101-1) -> 0.019691307 | L103: =+(L101/K101-1) -> 0.055484894 | M103: =+(M101/L101-1) -> 0.033611213 | N103: =+(N101/M101-1) -> -0.041935337 | ... AU103: =+(AU101/AT101-1) -> -0.010108176 | AW103: 0.00090037312
B104: Employee cost/Vehicle | C104: =C27*10^6/C95 -> 1322.5281 | D104: =D27*10^6/D95 -> 1025.1015 | E104: =E27*10^6/E95 -> 1025.5764 | F104: =F27*10^6/F95 -> 1100.4914 | G104: =G27*10^6/G95 -> 1727.6803 | H104: =H27*10^6/H95 -> 1197.2136 | I104: =I27*10^6/I95 -> 1185.659 | J104: =J27*10^6/J95 -> 1563.1206 | ... AU104: =AU27*10^6/AU95 -> 3300.9702 | AW104: 3146.0824
A105: % | B105: YoY growth | G105: =+(G104/C104-1) -> 0.30634676 | H105: =+(H104/D104-1) -> 0.16789757 | I105: =+(I104/E104-1) -> 0.15609033 | J105: =+(J104/F104-1) -> 0.42038422 | K105: =+(K104/G104-1) -> 0.0091227091 | L105: =+(L104/H104-1) -> -0.015222887 | M105: =+(M104/I104-1) -> 0.3007802 | N105: =+(N104/J104-1) -> 0.37534026 | ... AU105: =+(AU104/AQ104-1) -> 0.22380233 | AW105: 0.35615891
A106: % | B106: QoQ growth | G106: =+(G104/F104-1) -> 0.56991713 | H106: =+(H104/G104-1) -> -0.30703988 | I106: =+(I104/H104-1) -> -0.0096512148 | J106: =+(J104/I104-1) -> 0.31835598 | K106: =+(K104/J104-1) -> 0.11535949 | L106: =+(L104/K104-1) -> -0.32375789 | M106: =+(M104/L104-1) -> 0.30813975 | N106: =+(N104/M104-1) -> 0.39392348 | ... AU106: =+(AU104/AT104-1) -> 0.14373275 | AW106: 0.1038832
B107: Other expenditure/Vehicle | C107: =C31*10^6/C95 -> 3121.6485 | D107: =D31*10^6/D95 -> 3234.0335 | E107: =E31*10^6/E95 -> 3296.0409 | F107: =F31*10^6/F95 -> 3623.2104 | G107: =G31*10^6/G95 -> 3660.5741 | H107: =H31*10^6/H95 -> 3315.1351 | I107: =I31*10^6/I95 -> 2607.4966 | J107: =J31*10^6/J95 -> 3668.7147 | ... AU107: =AU31*10^6/AU95 -> 5294.0089 | AW107: 5045.6038
A108: % | B108: YoY growth | G108: =+(G107/C107-1) -> 0.17264134 | H108: =+(H107/D107-1) -> 0.025077536 | I108: =+(I107/E107-1) -> -0.20890039 | J108: =+(J107/F107-1) -> 0.012559114 | K108: =+(K107/G107-1) -> -0.1610222 | L108: =+(L107/H107-1) -> 0.072758472 | M108: =+(M107/I107-1) -> 0.59151966 | N108: =+(N107/J107-1) -> 0.18126359 | ... AU108: =+(AU107/AQ107-1) -> 0.19537961 | AW108: -0.070670062
A109: % | B109: QoQ growth | G109: =+(G107/F107-1) -> 0.010312304 | H109: =+(H107/G107-1) -> -0.094367422 | I109: =+(I107/H107-1) -> -0.21345691 | J109: =+(J107/I107-1) -> 0.40698733 | K109: =+(K107/J107-1) -> -0.16288385 | L109: =+(L107/K107-1) -> 0.15798657 | M109: =+(M107/L107-1) -> 0.16689714 | N109: =+(N107/M107-1) -> 0.044299319 | ... AU109: =+(AU107/AT107-1) -> -0.060348318 | AW109: 0.084541844
B110: EBITDA/vehicle (Rs/vehicle) | C110: =C36*10^6/C95 -> 5573.997 | D110: =D36*10^6/D95 -> 5157.1403 | E110: =E36*10^6/E95 -> 4925.6386 | F110: =F36*10^6/F95 -> 5217.6597 | G110: =G36*10^6/G95 -> 4813.4115 | H110: =H36*10^6/H95 -> 6156.2375 | I110: =I36*10^6/I95 -> 5143.7893 | J110: =J36*10^6/J95 -> 4737.7226 | ... AU110: =AU36*10^6/AU95 -> 11958.232 | AW110: 11397.129
A111: % | B111: YoY growth | G111: =+(G110/C110-1) -> -0.13645244 | H111: =+(H110/D110-1) -> 0.19373085 | I111: =+(I110/E110-1) -> 0.044288812 | J111: =+(J110/F110-1) -> -0.091983207 | K111: =+(K110/G110-1) -> -0.10616358 | L111: =+(L110/H110-1) -> -0.1274134 | M111: =+(M110/I110-1) -> 0.20421747 | N111: =+(N110/J110-1) -> 0.45201641 | ... AU111: =+(AU110/AQ110-1) -> 0.011216906 | AW111: -0.13785252
A112: % | B112: QoQ growth | G112: =+(G110/F110-1) -> -0.077476911 | H112: =+(H110/G110-1) -> 0.27897594 | I112: =+(I110/H110-1) -> -0.16445893 | J112: =+(J110/I110-1) -> -0.078943101 | K112: =+(K110/J110-1) -> -0.091883825 | L112: =+(L110/K110-1) -> 0.24856991 | M112: =+(M110/L110-1) -> 0.1530926 | N112: =+(N110/M110-1) -> 0.11058822 | ... AU112: =+(AU110/AT110-1) -> 0.039606423 | AW112: -0.070196899
B113: Depericiation/Vehicle (Rs/vehicle) | C113: =C41*10^6/C95 -> 743.6323 | D113: =D41*10^6/D95 -> 694.36893 | E113: =E41*10^6/E95 -> 639.51212 | F113: =F41*10^6/F95 -> 731.74203 | G113: =G41*10^6/G95 -> 858.3246 | H113: =H41*10^6/H95 -> 793.36567 | I113: =I41*10^6/I95 -> 586.3118 | J113: =J41*10^6/J95 -> 749.68207 | ... AU113: =AU41*10^6/AU95 -> 896.82489 | AW113: 990.31648
...

Sheet Qtrly Tables
A2: Rs mn | B2: =+Quarterly!AE7 -> Q1FY14 | C2: =+Quarterly!AF7 -> Q2FY14 | D2: =+Quarterly!AG7 -> Q3FY14 | E2: =+Quarterly!AH7 -> Q4FY14 | F2: =+Quarterly!AI7 -> Q1FY15 | G2: =+Quarterly!AJ7 -> Q2FY15 | H2: =+Quarterly!AK7 -> Q3FY15 | I2: =+Quarterly!AL7 -> Q4FY15 | ... Q2: =+Quarterly!AT7 -> Q4FY17 | R2: YoY (%) | S2: QoQ(%) | T2: FY17 | U2: FY16 | V2: YoY(%)
A3: Revenue | B3: =+Quarterly!AE14 -> 49110.9 | C3: =+Quarterly!AF14 -> 51748.9 | D3: =+Quarterly!AG14 -> 51312.4 | E3: =+Quarterly!AH14 -> 49322.9 | F3: =+Quarterly!AI14 -> 52524.1 | G3: =+Quarterly!AJ14 -> 59630.9 | H3: =+Quarterly!AK14 -> 56571.7 | I3: =+Quarterly!AL14 -> 47393.4 | ... Q3: =+Quarterly!AT14 -> 48973.2 | R3: =+(Q3/M3-1)*100 -> -8.6233951 | S3: =+(Q3/P3-1)*100 -> -3.3466288 | T3: =SUM(N3:Q3) -> 217666.8 | U3: =+SUM(J3:M3) -> 225865.4 | V3: =+(T3/U3-1)*100 -> -3.629861
A4: Expenditure | B4: =+B6+B8+B10 -> 39083.8 | C4: =+C6+C8+C10 -> 40035.7 | D4: =+D6+D8+D10 -> 40915.8 | E4: =+E6+E8+E10 -> 39639.3 | F4: =+F6+F8+F10 -> 42600.5 | G4: =+G6+G8+G10 -> 47689 | H4: =+H6+H8+H10 -> 45093.3 | I4: =+I6+I8+I10 -> 39069.6 | ... Q4: =+Q6+Q8+Q10 -> 39913.4 | R4: =+(Q4/M4-1)*100 -> -5.1065944 | S4: =+(Q4/P4-1)*100 -> -0.78648166 | T4: =+T6+T8+T10 -> 173443.3 | U4: =+U6+U8+U10 -> 178045.8 | V4: =+(T4/U4-1)*100 -> -2.585009
A5: as % of sales | B5: =+B4/B$3*100 -> 79.58274 | C5: =+C4/C$3*100 -> 77.365316 | D5: =+D4/D$3*100 -> 79.738621 | E5: =+E4/E$3*100 -> 80.366929 | F5: =+F4/F$3*100 -> 81.106578 | G5: =+G4/G$3*100 -> 79.973638 | H5: =+H4/H$3*100 -> 79.709996 | I5: =+I4/I$3*100 -> 82.436795 | ... Q5: =+Q4/Q$3*100 -> 81.500494 | T5: =+T4/T$3*100 -> 79.682937 | U5: =+U4/U$3*100 -> 78.828276
A6: Consumption of RM | B6: =+Quarterly!AE19 -> 34066.6 | C6: =+Quarterly!AF19 -> 34685.7 | D6: =+Quarterly!AG19 -> 35662.7 | E6: =+Quarterly!AH19 -> 34351.7 | F6: =+Quarterly!AI19 -> 36802.2 | G6: =+Quarterly!AJ19 -> 41100.5 | H6: =+Quarterly!AK19 -> 38619.8 | I6: =+Quarterly!AL19 -> 31975.5 | ... Q6: =+Quarterly!AT19 -> 33202.7 | R6: =+(Q6/M6-1)*100 -> -6.028144 | S6: =+(Q6/P6-1)*100 -> -1.8847239 | T6: =SUM(N6:Q6) -> 146241.5 | U6: =+SUM(J6:M6) -> 150568.6 | V6: =+(T6/U6-1)*100 -> -2.8738396
A7: as % of sales | B7: =+B6/B$3*100 -> 69.366678 | C7: =+C6/C$3*100 -> 67.026932 | D7: =+D6/D$3*100 -> 69.501134 | E7: =+E6/E$3*100 -> 69.646554 | F7: =+F6/F$3*100 -> 70.067264 | G7: =+G6/G$3*100 -> 68.924836 | H7: =+H6/H$3*100 -> 68.266996 | I7: =+I6/I$3*100 -> 67.468255 | ... Q7: =+Q6/Q$3*100 -> 67.797693 | T7: =+T6/T$3*100 -> 67.185947 | U7: =+U6/U$3*100 -> 66.662977
A8: Employee Cost | B8: =+Quarterly!AE27 -> 1836.5 | C8: =+Quarterly!AF27 -> 1833.8 | D8: =+Quarterly!AG27 -> 1847.9 | E8: =+Quarterly!AH27 -> 1747.6 | F8: =+Quarterly!AI27 -> 2145.7 | G8: =+Quarterly!AJ27 -> 2102.4 | H8: =+Quarterly!AK27 -> 2139.2 | I8: =+Quarterly!AL27 -> 2585.7 | ... Q8: =+Quarterly!AT27 -> 2273.2 | R8: =+(Q8/M8-1)*100 -> 12.312253 | S8: =+(Q8/P8-1)*100 -> -6.3447594 | T8: =SUM(N8:Q8) -> 9970.7 | U8: =+SUM(J8:M8) -> 9171.2 | V8: =+(T8/U8-1)*100 -> 8.717507
A9: as % of sales | B9: =+B8/B$3*100 -> 3.7394957 | C9: =+C8/C$3*100 -> 3.5436502 | D9: =+D8/D$3*100 -> 3.6012738 | E9: =+E8/E$3*100 -> 3.5431818 | F9: =+F8/F$3*100 -> 4.0851723 | G9: =+G8/G$3*100 -> 3.5256889 | H9: =+H8/H$3*100 -> 3.781396 | I9: =+I8/I$3*100 -> 5.455823 | ... Q9: =+Q8/Q$3*100 -> 4.6417224 | T9: =+T8/T$3*100 -> 4.5807169 | U9: =+U8/U$3*100 -> 4.0604714
A10: Other expenditure | B10: =+Quarterly!AE31 -> 3180.7 | C10: =+Quarterly!AF31 -> 3516.2 | D10: =+Quarterly!AG31 -> 3405.2 | E10: =+Quarterly!AH31 -> 3540 | F10: =+Quarterly!AI31 -> 3652.6 | G10: =+Quarterly!AJ31 -> 4486.1 | H10: =+Quarterly!AK31 -> 4334.3 | I10: =+Quarterly!AL31 -> 4508.4 | ... Q10: =+Quarterly!AT31 -> 4437.5 | R10: =+(Q10/M10-1)*100 -> -5.679427 | S10: =+(Q10/P10-1)*100 -> 11.998688 | T10: =SUM(N10:Q10) -> 17231.1 | U10: =+SUM(J10:M10) -> 18306 | V10: =+(T10/U10-1)*100 -> -5.8718453
A11: as % of sales | B11: =+B10/B$3*100 -> 6.4765663 | C11: =+C10/C$3*100 -> 6.7947338 | D11: =+D10/D$3*100 -> 6.6362127 | E11: =+E10/E$3*100 -> 7.1771936 | F11: =+F10/F$3*100 -> 6.9541411 | G11: =+G10/G$3*100 -> 7.523113 | H11: =+H10/H$3*100 -> 7.6616047 | I11: =+I10/I$3*100 -> 9.512717 | ... Q11: =+Q10/Q$3*100 -> 9.0610783 | T11: =+T10/T$3*100 -> 7.9162739 | U11: =+U10/U$3*100 -> 8.104827
A12: EBITDA | B12: =+B3-B4 -> 10027.1 | C12: =+C3-C4 -> 11713.2 | D12: =+D3-D4 -> 10396.6 | E12: =+E3-E4 -> 9683.6 | F12: =+F3-F4 -> 9923.6 | G12: =+G3-G4 -> 11941.9 | H12: =+H3-H4 -> 11478.4 | I12: =+I3-I4 -> 8323.8 | ... Q12: =+Q3-Q4 -> 9059.8 | R12: =+(Q12/M12-1)*100 -> -21.448637 | S12: =+(Q12/P12-1)*100 -> -13.212825 | T12: =+T3-T4 -> 44223.5 | U12: =+U3-U4 -> 47819.6 | V12: =+(T12/U12-1)*100 -> -7.5201382
A13: Depreciation | B13: =+Quarterly!AE41 -> 443.9 | C13: =+Quarterly!AF41 -> 442.9 | D13: =+Quarterly!AG41 -> 459.5 | E13: =+Quarterly!AH41 -> 444.8 | F13: =+Quarterly!AI41 -> 692 | G13: =+Quarterly!AJ41 -> 686.2 | H13: =+Quarterly!AK41 -> 657.7 | I13: =+Quarterly!AL41 -> 638.1 | ... Q13: =+Quarterly!AT41 -> 757 | R13: =+(Q13/M13-1)*100 -> -0.52562418 | S13: =+(Q13/P13-1)*100 -> -1.9048853 | T13: =SUM(N13:Q13) -> 3072.9 | U13: =+SUM(J13:M13) -> 3071.6 | V13: =+(T13/U13-1)*100 -> 0.042323219
A14: EBIT | B14: =+B12-B13 -> 9583.2 | C14: =+C12-C13 -> 11270.3 | D14: =+D12-D13 -> 9937.1 | E14: =+E12-E13 -> 9238.8 | F14: =+F12-F13 -> 9231.6 | G14: =+G12-G13 -> 11255.7 | H14: =+H12-H13 -> 10820.7 | I14: =+I12-I13 -> 7685.7 | ... Q14: =+Q12-Q13 -> 8302.8 | R14: =+(Q14/M14-1)*100 -> -22.926684 | S14: =+(Q14/P14-1)*100 -> -14.115481 | T14: =+T12-T13 -> 41150.6 | U14: =+U12-U13 -> 44748 | V14: =+(T14/U14-1)*100 -> -8.039242
A15: Other Income | B15: =+Quarterly!AE51 -> 1756 | C15: =+Quarterly!AF51 -> 1241.6 | D15: =+Quarterly!AG51 -> 2218.4 | E15: =+Quarterly!AH51 -> 1848.1 | F15: =+Quarterly!AI51 -> 2192.7 | G15: =+Quarterly!AJ51 -> 1136.1 | H15: =+Quarterly!AK51 -> 952.7 | I15: =+Quarterly!AL51 -> 1542.7 | ... Q15: =+Quarterly!AT51 -> 2936 | R15: =+(Q15/M15-1)*100 -> 14.290163 | S15: =+(Q15/P15-1)*100 -> -8.045977 | T15: =SUM(N15:Q15) -> 12219.7 | U15: =+SUM(J15:M15) -> 10735.9 | V15: =+(T15/U15-1)*100 -> 13.820919
A16: Interest | B16: =+Quarterly!AE50 -> 0.9 | C16: =+Quarterly!AF50 -> 0.4 | D16: =+Quarterly!AG50 -> 1.9 | E16: =+Quarterly!AH50 -> 1.7 | F16: =+Quarterly!AI50 -> 1.1 | G16: =+Quarterly!AJ50 -> 0.5 | H16: =+Quarterly!AK50 -> 0.7 | I16: =+Quarterly!AL50 -> 61.6 | ... Q16: =+Quarterly!AT50 -> 2.4 | R16: =+(Q16/M16-1)*100 -> -38.461538 | S16: =+(Q16/P16-1)*100 -> -7.6923077 | T16: =SUM(N16:Q16) -> 14 | U16: =+SUM(J16:M16) -> 10.5 | V16: =+(T16/U16-1)*100 -> 33.333333
